Workbook

Sheet 仕入れ値一覧（宅配便） (2)
A1: 仕入れ値一覧 | J1: 宅配便に入力すると自動的に業務便にも同じ内容が入る。業務便無しの場合はグレーになる | Q1: サンプル半額の場合は半額の数値が自動で入る
E2: 宅配便 | J2: 業務便 | O2: サンプル
A3: Bカート商品ID | B3: JANコード | C3: 商品名 | D3: 特記事項 | E3: ケース入数 | F3: ケース単価 | G3: １個単価 | H3: 混載グループ | I3: 混載条件 | J3: ケース入数 | K3: ケース単価 | L3: １個単価 | M3: 混載グループ | N3: 混載条件 | O3: 入数 | P3: 1個単価 | Q3: 切上げ単価 | R3: セット詳細・備考

Sheet 見積り概要入力
A1: 見積り概要入力
A2: メーカー番号 | D2: メーカー名 | L2: は入力または選択が必要な項目です（埋まっていなくてもエラーなどにはならない）
A3: メーカーカテゴリ番号
A4: 更新日 | D4: 更新内容詳細
A6: 宅配便 見積り概要 | K6: 選択肢項目 | L6: 備考 | M6: 他のセル・シートに反映
A7: 項目 | B7: プルダウン選択 | E7: 備考 | R7: 宅配便、業務便で同じ内容を入れる項目はまとめたい、または同じ内容が入る
A8: 宅配便有無 | K8: あり,なし | L8: 「なし」を選択すると以後の宅配便の項目がすべてグレーになる | M8: 中部・下部フリースペースのB2
A9: 見積もり種類 | K9: 送料込み見積もり,送料別見積もり,その他 | R9: 例えば
A10: 仕入値種類 | K10: 全国一律,地域別金額 | M10: 「地域別金額」を選択すると仕入れ値一覧（宅配便）の地域別仕入単価のセルの色が緑に変わる | R10: 見積もり種類
A11: 追加送料 | K11: あり,なし,一部地域のみあり | R11: 仕入値種類
A12: 送料の追加単位 | K12: １ケースごと,１ロットごと,一律(数量無関係),その他,ロット割れ不足分1ケースごと,ロット割れ不足分1ロットごと | R12: 追加送料
A13: 送料無料ラインの有無 | K13: あり,なし,一部地域のみあり | R13: 送料の追加単位
A14: リードタイム | K14: 自由記入欄 | M14: 中部・下部フリースペースのD6 | R14: 送料無料ラインの有無
A15: 土日祝の扱い | K15: (土日祝を除く),(土日祝を含む) | M15: 中部・下部フリースペースのD7
A16: 納品不可曜日 複数ある場合は、で区切る | K16: 自由記入欄。複数ある場合は、で区切る | M16: 中部・下部フリースペースのD8 | R16: 宅配便とサンプルで同じ項目はまとめたい、または同じ内容が入る
A17: 納品不可地域 複数ある場合は、で区切る | K17: 自由記入欄。複数ある場合は、で区切る | M17: 中部・下部フリースペースのD9 このシート＞サンプル＞納品不可地域（B46）
A18: 特記事項など | K18: 自由記入欄
A20: 業務便 見積り概要
A21: 項目 | B21: プルダウン選択 | E21: 備考
A22: 業務便有無 | K22: あり,なし | L22: 「なし」を選択すると以後の宅配便の項目がすべてグレーになる | M22: 中部・下部フリースペースのD2
A23: 業務便単価 | K23: 宅配便と同じ,宅配便と異なる | M23: 「宅配便と異なる」を選択した場合、仕入れ値一覧(業務便）の「仕入単価」のセルがクリーム色になる
A24: 業務便入数 | K24: 宅配便と同じ,宅配便と異なる | M24: 「宅配便と異なる」を選択した場合、仕入れ値一覧(業務便）の「ケース入数 (合計数計算)」のセルがクリーム色になる
A25: 見積もり種類 | K25: 送料込み見積もり,送料別見積もり,その他
A26: 仕入値種類 | K26: 全国一律,地域別金額
A27: 追加送料 | K27: あり,なし,一部地域のみあり
A28: 送料の追加単位 | K28: １ケースごと,１ロットごと,一律(数量無関係),その他,ロット割れ不足分1ケースごと,ロット割れ不足分1ロットごと
A29: 送料無料ラインの有無 | K29: あり,なし,一部地域のみあり
A30: リードタイム | K30: 自由記入欄 | M30: 中部・下部フリースペースのD12
A31: 土日祝の扱い | K31: (土日祝を除く),(土日祝を含む) | M31: 中部・下部フリースペースのD13
A32: 納品不可曜日 複数ある場合は、で区切る | K32: 自由記入欄。複数ある場合は、で区切る | M32: 中部・下部フリースペースのD14
A33: 納品不可地域 複数ある場合は、で区切る | K33: 自由記入欄。複数ある場合は、で区切る | M33: 中部・下部フリースペースのD15
A34: 特記事項など | K34: 自由記入欄
A36: サンプル 見積り概要
A37: 項目 | B37: プルダウン選択 | E37: 備考
A38: サンプル有無 | K38: あり,なし | L38: 「なし」を選択すると以後のサンプルの項目がすべてグレーになる | M38: 中部・下部フリースペースのF2
A39: 商品代 | K39: 無料,有償 | L39: 「無料」を選択すると以後の宅配便の項目がすべてグレーになる | M39: 中部・下部フリースペースのD18に選択内容がそのまま入る
A40: 送料種類 | K40: 無料,有料 | L40: 「無料」を選択すると送料詳細欄はグレーになる | M40: 中部・下部フリースペースのD19に「無料」と入る
A41: 送料詳細 | K41: 自由記入欄 | M41: 中部・下部フリースペースのD19に記載内容がそのまま入る
A42: サンプル規格 | K42: 現品１個単位,現品ひとまとめ単位,別規格,サンプルセット提供
A43: サンプル規定 | K43: 自由記入欄 | M43: 中部・下部フリースペースのD18の「有償※」または「無料※」の後に記載内容がそのまま入る
A44: サンプル仕入値 | K44: 商品同額,商品半額,特別価格 | M44: 仕入れ値一覧（サンプル）のJ2に選択した内容がそのまま入る
A45: 見積もり種類 | K45: 送料込み見積もり,送料別見積もり,その他 | L45: サンプル仕入値で「特別価格」を選択した場合のみ入力必須にする
A46: 追加送料 | K46: あり,なし,一部地域のみあり | L46: サンプル仕入値で「特別価格」を選択した場合のみ入力必須にする
A47: 納品不可地域 | B47: =B17&"" | K47: 自由記入欄
A48: 特記事項など | K48: 自由記入欄

Sheet 見積り貼り付けシート
A1: 商品代・送料の見積りを貼り付ける

Sheet 基本仕入値入力
A1: 基本仕入値入力
D2: 入数情報 | F2: 適用単価
A3: 番号 | B3: JANコード | C3: 商品名 | D3: 入数 （内訳詳細） | E3: 入数 (合計数計算) | F3: 仕入単価 | G3: 仕入ケース単価 | H3: 基本単価
A4: 1 | D4: 12×2 | E4: 24 | G4: =E4*H4 -> 0
A5: 2 | D5: 20 | E5: 20 | G5: =E5*H5 -> 0
A6: 3 | G6: =E6*H6 -> 0
A7: 4 | G7: =E7*H7 -> 0
A8: 5 | G8: =E8*H8 -> 0
A9: 6 | G9: =E9*H9 -> 0
A10: 7 | G10: =E10*H10 -> 0
A11: 8 | G11: =E11*H11 -> 0
A12: 9 | G12: =E12*H12 -> 0
A13: 10 | G13: =E13*H13 -> 0
A14: 11 | G14: =E14*H14 -> 0
A15: 12 | G15: =E15*H15 -> 0
A16: 13 | G16: =E16*H16 -> 0
A17: 14 | G17: =E17*H17 -> 0
... A63: 60 | G63: =E63*H63 -> 0
A64: 61 | E64: =D64&"" | G64: =E64*H64 -> #VALUE!
A65: 62 | E65: =D65&"" | G65: =E65*H65 -> #VALUE!
A66: 63 | E66: =D66&"" | G66: =E66*H66 -> #VALUE!
A67: 64 | E67: =D67&"" | G67: =E67*H67 -> #VALUE!
A68: 65 | E68: =D68&"" | G68: =E68*H68 -> #VALUE!
A69: 66 | E69: =D69&"" | G69: =E69*H69 -> #VALUE!
A70: 67 | E70: =D70&"" | G70: =E70*H70 -> #VALUE!
A71: 68 | E71: =D71&"" | G71: =E71*H71 -> #VALUE!
A72: 69 | E72: =D72&"" | G72: =E72*H72 -> #VALUE!
A73: 70 | E73: =D73&"" | G73: =E73*H73 -> #VALUE!
A74: 71 | E74: =D74&"" | G74: =E74*H74 -> #VALUE!
A75: 72 | E75: =D75&"" | G75: =E75*H75 -> #VALUE!
... A150: 147 | E150: =D150&"" | G150: =E150*H150 -> #VALUE!

Sheet 設定（宅配便1）
A1: 設定（宅配便1）
D2: 入数情報 | H2: 混載情報 | M2: セット名詳細 | O2: 適用単価 | R2: 地域別仕入単価
A3: 番号 | B3: JANコード | C3: 商品名 | D3: 入数 （内訳詳細） | E3: 入数 (合計数計算) | F3: 単位 | G3: 注文単位 | H3: グループ番号 | I3: 種類選択 | J3: 数 | K3: 単位 | L3: 選択 | M3: セット名種類 | N3: セット名追加情報 | O3: 仕入単価 | P3: 仕入ケース単価 | Q3: 基本単価 | R3: 関東 | S3: 北海道 | T3: 北東北 | U3: 南東北 | V3: 信越 | W3: 北陸 | X3: 中部 | Y3: 関西 | Z3: 中国 | AA3: 四国 | AB3: 九州 | AC3: 沖縄
A4: 1 | D4: 12×2 | E4: 24 | F4: 袋 | G4: 24袋(12袋×2箱) | M4: 【冷凍販売用】 | P4: =E4*Q4 -> 0 | R4: =$Q4&"" | S4: =$Q4&"" | T4: =$Q4&"" | U4: =$Q4&"" | V4: =$Q4&"" | W4: =$Q4&"" | X4: =$Q4&"" | Y4: =$Q4&"" | ... AC4: =$Q4&""
A5: 2 | D5: 20 | E5: 20 | F5: 箱 | G5: 20箱 | N5: ※混載1～3ケース | P5: =E5*Q5 -> 0 | R5: =$Q5&"" | S5: =$Q5&"" | T5: =$Q5&"" | U5: =$Q5&"" | V5: =$Q5&"" | W5: =$Q5&"" | X5: =$Q5&"" | Y5: =$Q5&"" | ... AC5: =$Q5&""
A6: 3 | P6: =E6*Q6 -> 0 | R6: =$Q6&"" | S6: =$Q6&"" | T6: =$Q6&"" | U6: =$Q6&"" | V6: =$Q6&"" | W6: =$Q6&"" | X6: =$Q6&"" | Y6: =$Q6&"" | ... AC6: =$Q6&""
A7: 4 | P7: =E7*Q7 -> 0 | R7: =$Q7&"" | S7: =$Q7&"" | T7: =$Q7&"" | U7: =$Q7&"" | V7: =$Q7&"" | W7: =$Q7&"" | X7: =$Q7&"" | Y7: =$Q7&"" | ... AC7: =$Q7&""
A8: 5 | P8: =E8*Q8 -> 0 | R8: =$Q8&"" | S8: =$Q8&"" | T8: =$Q8&"" | U8: =$Q8&"" | V8: =$Q8&"" | W8: =$Q8&"" | X8: =$Q8&"" | Y8: =$Q8&"" | ... AC8: =$Q8&""
A9: 6 | P9: =E9*Q9 -> 0 | R9: =$Q9&"" | S9: =$Q9&"" | T9: =$Q9&"" | U9: =$Q9&"" | V9: =$Q9&"" | W9: =$Q9&"" | X9: =$Q9&"" | Y9: =$Q9&"" | ... AC9: =$Q9&""
A10: 7 | P10: =E10*Q10 -> 0 | R10: =$Q10&"" | S10: =$Q10&"" | T10: =$Q10&"" | U10: =$Q10&"" | V10: =$Q10&"" | W10: =$Q10&"" | X10: =$Q10&"" | Y10: =$Q10&"" | ... AC10: =$Q10&""
A11: 8 | P11: =E11*Q11 -> 0 | R11: =$Q11&"" | S11: =$Q11&"" | T11: =$Q11&"" | U11: =$Q11&"" | V11: =$Q11&"" | W11: =$Q11&"" | X11: =$Q11&"" | Y11: =$Q11&"" | ... AC11: =$Q11&""
A12: 9 | P12: =E12*Q12 -> 0 | R12: =$Q12&"" | S12: =$Q12&"" | T12: =$Q12&"" | U12: =$Q12&"" | V12: =$Q12&"" | W12: =$Q12&"" | X12: =$Q12&"" | Y12: =$Q12&"" | ... AC12: =$Q12&""
A13: 10 | P13: =E13*Q13 -> 0 | R13: =$Q13&"" | S13: =$Q13&"" | T13: =$Q13&"" | U13: =$Q13&"" | V13: =$Q13&"" | W13: =$Q13&"" | X13: =$Q13&"" | Y13: =$Q13&"" | ... AC13: =$Q13&""
A14: 11 | P14: =E14*Q14 -> 0 | R14: =$Q14&"" | S14: =$Q14&"" | T14: =$Q14&"" | U14: =$Q14&"" | V14: =$Q14&"" | W14: =$Q14&"" | X14: =$Q14&"" | Y14: =$Q14&"" | ... AC14: =$Q14&""
A15: 12 | P15: =E15*Q15 -> 0 | R15: =$Q15&"" | S15: =$Q15&"" | T15: =$Q15&"" | U15: =$Q15&"" | V15: =$Q15&"" | W15: =$Q15&"" | X15: =$Q15&"" | Y15: =$Q15&"" | ... AC15: =$Q15&""
A16: 13 | P16: =E16*Q16 -> 0 | R16: =$Q16&"" | S16: =$Q16&"" | T16: =$Q16&"" | U16: =$Q16&"" | V16: =$Q16&"" | W16: =$Q16&"" | X16: =$Q16&"" | Y16: =$Q16&"" | ... AC16: =$Q16&""
A17: 14 | P17: =E17*Q17 -> 0 | R17: =$Q17&"" | S17: =$Q17&"" | T17: =$Q17&"" | U17: =$Q17&"" | V17: =$Q17&"" | W17: =$Q17&"" | X17: =$Q17&"" | Y17: =$Q17&"" | ... AC17: =$Q17&""
... A63: 60 | P63: =E63*Q63 -> 0 | R63: =$Q63&"" | S63: =$Q63&"" | T63: =$Q63&"" | U63: =$Q63&"" | V63: =$Q63&"" | W63: =$Q63&"" | X63: =$Q63&"" | Y63: =$Q63&"" | ... AC63: =$Q63&""
A64: 61 | E64: =D64&"" | P64: =E64*Q64 -> #VALUE! | R64: =$Q64&"" | S64: =$Q64&"" | T64: =$Q64&"" | U64: =$Q64&"" | V64: =$Q64&"" | W64: =$Q64&"" | X64: =$Q64&"" | Y64: =$Q64&"" | ... AC64: =$Q64&""
A65: 62 | E65: =D65&"" | P65: =E65*Q65 -> #VALUE! | R65: =$Q65&"" | S65: =$Q65&"" | T65: =$Q65&"" | U65: =$Q65&"" | V65: =$Q65&"" | W65: =$Q65&"" | X65: =$Q65&"" | Y65: =$Q65&"" | ... AC65: =$Q65&""
A66: 63 | E66: =D66&"" | P66: =E66*Q66 -> #VALUE! | R66: =$Q66&"" | S66: =$Q66&"" | T66: =$Q66&"" | U66: =$Q66&"" | V66: =$Q66&"" | W66: =$Q66&"" | X66: =$Q66&"" | Y66: =$Q66&"" | ... AC66: =$Q66&""
A67: 64 | E67: =D67&"" | P67: =E67*Q67 -> #VALUE! | R67: =$Q67&"" | S67: =$Q67&"" | T67: =$Q67&"" | U67: =$Q67&"" | V67: =$Q67&"" | W67: =$Q67&"" | X67: =$Q67&"" | Y67: =$Q67&"" | ... AC67: =$Q67&""
A68: 65 | E68: =D68&"" | P68: =E68*Q68 -> #VALUE! | R68: =$Q68&"" | S68: =$Q68&"" | T68: =$Q68&"" | U68: =$Q68&"" | V68: =$Q68&"" | W68: =$Q68&"" | X68: =$Q68&"" | Y68: =$Q68&"" | ... AC68: =$Q68&""
A69: 66 | E69: =D69&"" | P69: =E69*Q69 -> #VALUE! | R69: =$Q69&"" | S69: =$Q69&"" | T69: =$Q69&"" | U69: =$Q69&"" | V69: =$Q69&"" | W69: =$Q69&"" | X69: =$Q69&"" | Y69: =$Q69&"" | ... AC69: =$Q69&""
A70: 67 | E70: =D70&"" | P70: =E70*Q70 -> #VALUE! | R70: =$Q70&"" | S70: =$Q70&"" | T70: =$Q70&"" | U70: =$Q70&"" | V70: =$Q70&"" | W70: =$Q70&"" | X70: =$Q70&"" | Y70: =$Q70&"" | ... AC70: =$Q70&""
A71: 68 | E71: =D71&"" | P71: =E71*Q71 -> #VALUE! | R71: =$Q71&"" | S71: =$Q71&"" | T71: =$Q71&"" | U71: =$Q71&"" | V71: =$Q71&"" | W71: =$Q71&"" | X71: =$Q71&"" | Y71: =$Q71&"" | ... AC71: =$Q71&""
A72: 69 | E72: =D72&"" | P72: =E72*Q72 -> #VALUE! | R72: =$Q72&"" | S72: =$Q72&"" | T72: =$Q72&"" | U72: =$Q72&"" | V72: =$Q72&"" | W72: =$Q72&"" | X72: =$Q72&"" | Y72: =$Q72&"" | ... AC72: =$Q72&""
A73: 70 | E73: =D73&"" | P73: =E73*Q73 -> #VALUE! | R73: =$Q73&"" | S73: =$Q73&"" | T73: =$Q73&"" | U73: =$Q73&"" | V73: =$Q73&"" | W73: =$Q73&"" | X73: =$Q73&"" | Y73: =$Q73&"" | ... AC73: =$Q73&""
A74: 71 | E74: =D74&"" | P74: =E74*Q74 -> #VALUE! | R74: =$Q74&"" | S74: =$Q74&"" | T74: =$Q74&"" | U74: =$Q74&"" | V74: =$Q74&"" | W74: =$Q74&"" | X74: =$Q74&"" | Y74: =$Q74&"" | ... AC74: =$Q74&""
A75: 72 | E75: =D75&"" | P75: =E75*Q75 -> #VALUE! | R75: =$Q75&"" | S75: =$Q75&"" | T75: =$Q75&"" | U75: =$Q75&"" | V75: =$Q75&"" | W75: =$Q75&"" | X75: =$Q75&"" | Y75: =$Q75&"" | ... AC75: =$Q75&""
... A150: 147 | E150: =D150&"" | P150: =E150*Q150 -> #VALUE! | R150: =$Q150&"" | S150: =$Q150&"" | T150: =$Q150&"" | U150: =$Q150&"" | V150: =$Q150&"" | W150: =$Q150&"" | X150: =$Q150&"" | Y150: =$Q150&"" | ... AC150: =$Q150&""

Sheet 宅配便　仮計算
A1: 宅配便仮計算（基本単価で計算）
C2: 基本原価率 | D2: 0.85 | E2: 入数情報 | F2: 混載情報 | G2: 卸単価計算 | O2: 粗利計算（卸単価計算） | R2: 粗利計算（送料込卸単価計算）
A3: JANコード | B3: 商品名 | C3: 特記事項 | D3: 原価率 | E3: 入数 (合計数計算) | F3: 数 | G3: 仕入単価 | H3: 関東送料 | I3: 送料込 仕入単価 | J3: 卸単価 | K3: 切上げ卸単価 | L3: ケース卸単価 | M3: 送料込卸単価 | N3: 切上げ 送料込卸単価 | O3: 想定売価 | P3: 店舗粗利額 | Q3: 粗利率 | R3: 想定売価 | S3: 店舗粗利額 | T3: 粗利率
D4: =$D$2 -> 0.85 | E4: 100 | F4: 1 | G4: 100 | H4: 1000 | I4: =(G4*E4+H4/F4)/E4 -> 110 | J4: =G4/D4 -> 117.64706 | K4: =_xlfn.CEILING.MATH(J4) -> 118 | L4: =E4*K4 -> 11800 | M4: =I4/D4 -> 129.41176 | N4: =_xlfn.CEILING.MATH(M4) -> 130 | P4: =O4-K4 -> -118 | Q4: #DIV/0! | S4: =R4-N4 -> -130 | T4: #DIV/0!
D5: =$D$2 -> 0.85 | J5: =G5/D5 -> 0 | K5: =_xlfn.CEILING.MATH(J5) -> 0 | L5: =E5*K5 -> 0 | M5: =I5/D5 -> 0 | N5: =_xlfn.CEILING.MATH(M5) -> 0 | P5: =O5-K5 -> 0 | Q5: #DIV/0! | S5: =R5-N5 -> 0 | T5: #DIV/0!
D6: =$D$2 -> 0.85 | J6: =G6/D6 -> 0 | K6: =_xlfn.CEILING.MATH(J6) -> 0 | L6: =E6*K6 -> 0 | M6: =I6/D6 -> 0 | N6: =_xlfn.CEILING.MATH(M6) -> 0 | P6: =O6-K6 -> 0 | Q6: #DIV/0! | S6: =R6-N6 -> 0 | T6: #DIV/0!
D7: =$D$2 -> 0.85 | J7: =G7/D7 -> 0 | K7: =_xlfn.CEILING.MATH(J7) -> 0 | L7: =E7*K7 -> 0 | M7: =I7/D7 -> 0 | N7: =_xlfn.CEILING.MATH(M7) -> 0 | P7: =O7-K7 -> 0 | Q7: #DIV/0! | S7: =R7-N7 -> 0 | T7: #DIV/0!
D8: =$D$2 -> 0.85 | J8: =G8/D8 -> 0 | K8: =_xlfn.CEILING.MATH(J8) -> 0 | L8: =E8*K8 -> 0 | M8: =I8/D8 -> 0 | N8: =_xlfn.CEILING.MATH(M8) -> 0 | P8: =O8-K8 -> 0 | Q8: #DIV/0! | S8: =R8-N8 -> 0 | T8: #DIV/0!
D9: =$D$2 -> 0.85 | J9: =G9/D9 -> 0 | K9: =_xlfn.CEILING.MATH(J9) -> 0 | L9: =E9*K9 -> 0 | M9: =I9/D9 -> 0 | N9: =_xlfn.CEILING.MATH(M9) -> 0 | P9: =O9-K9 -> 0 | Q9: #DIV/0! | S9: =R9-N9 -> 0 | T9: #DIV/0!
D10: =$D$2 -> 0.85 | J10: =G10/D10 -> 0 | K10: =_xlfn.CEILING.MATH(J10) -> 0 | L10: =E10*K10 -> 0 | M10: =I10/D10 -> 0 | N10: =_xlfn.CEILING.MATH(M10) -> 0 | P10: =O10-K10 -> 0 | Q10: #DIV/0! | S10: =R10-N10 -> 0 | T10: #DIV/0!
D11: =$D$2 -> 0.85 | J11: =G11/D11 -> 0 | K11: =_xlfn.CEILING.MATH(J11) -> 0 | L11: =E11*K11 -> 0 | M11: =I11/D11 -> 0 | N11: =_xlfn.CEILING.MATH(M11) -> 0 | P11: =O11-K11 -> 0 | Q11: #DIV/0! | S11: =R11-N11 -> 0 | T11: #DIV/0!
D12: =$D$2 -> 0.85 | J12: =G12/D12 -> 0 | K12: =_xlfn.CEILING.MATH(J12) -> 0 | L12: =E12*K12 -> 0 | M12: =I12/D12 -> 0 | N12: =_xlfn.CEILING.MATH(M12) -> 0 | P12: =O12-K12 -> 0 | Q12: #DIV/0! | S12: =R12-N12 -> 0 | T12: #DIV/0!
D13: =$D$2 -> 0.85 | J13: =G13/D13 -> 0 | K13: =_xlfn.CEILING.MATH(J13) -> 0 | L13: =E13*K13 -> 0 | M13: =I13/D13 -> 0 | N13: =_xlfn.CEILING.MATH(M13) -> 0 | P13: =O13-K13 -> 0 | Q13: #DIV/0! | S13: =R13-N13 -> 0 | T13: #DIV/0!
D14: =$D$2 -> 0.85 | J14: =G14/D14 -> 0 | K14: =_xlfn.CEILING.MATH(J14) -> 0 | L14: =E14*K14 -> 0 | M14: =I14/D14 -> 0 | N14: =_xlfn.CEILING.MATH(M14) -> 0 | P14: =O14-K14 -> 0 | Q14: #DIV/0! | S14: =R14-N14 -> 0 | T14: #DIV/0!
D15: =$D$2 -> 0.85 | J15: =G15/D15 -> 0 | K15: =_xlfn.CEILING.MATH(J15) -> 0 | L15: =E15*K15 -> 0 | M15: =I15/D15 -> 0 | N15: =_xlfn.CEILING.MATH(M15) -> 0 | P15: =O15-K15 -> 0 | Q15: #DIV/0! | S15: =R15-N15 -> 0 | T15: #DIV/0!
D16: =$D$2 -> 0.85 | J16: =G16/D16 -> 0 | K16: =_xlfn.CEILING.MATH(J16) -> 0 | L16: =E16*K16 -> 0 | M16: =I16/D16 -> 0 | N16: =_xlfn.CEILING.MATH(M16) -> 0 | P16: =O16-K16 -> 0 | Q16: #DIV/0! | S16: =R16-N16 -> 0 | T16: #DIV/0!
... D150: =$D$2 -> 0.85 | J150: =G150/D150 -> 0 | K150: =_xlfn.CEILING.MATH(J150) -> 0 | L150: =E150*K150 -> 0 | M150: =I150/D150 -> 0 | N150: =_xlfn.CEILING.MATH(M150) -> 0 | P150: =O150-K150 -> 0 | Q150: #DIV/0! | S150: =R150-N150 -> 0 | T150: #DIV/0!

Sheet 設定（宅配便2）
A1: 設定（宅配便1）
D2: 入数情報 | H2: 混載情報 | M2: セット名詳細 | O2: 適用単価 | R2: 地域別仕入単価
A3: 番号 | B3: JANコード | C3: 商品名 | D3: 入数 （内訳詳細） | E3: 入数 (合計数計算) | F3: 単位 | G3: 注文単位 | H3: グループ番号 | I3: 種類選択 | J3: 数 | K3: 単位 | L3: 選択 | M3: セット名種類 | N3: セット名追加情報 | O3: 仕入単価 | P3: 仕入ケース単価 | Q3: 基本単価 | R3: 関東 | S3: 北海道 | T3: 北東北 | U3: 南東北 | V3: 信越 | W3: 北陸 | X3: 中部 | Y3: 関西 | Z3: 中国 | AA3: 四国 | AB3: 九州 | AC3: 沖縄
A4: 1 | D4: 12×2 | E4: 24 | F4: 袋 | G4: 24袋(12袋×2箱) | M4: 【冷凍販売用】 | P4: =E4*Q4 -> 0 | R4: =$Q4&"" | S4: =$Q4&"" | T4: =$Q4&"" | U4: =$Q4&"" | V4: =$Q4&"" | W4: =$Q4&"" | X4: =$Q4&"" | Y4: =$Q4&"" | ... AC4: =$Q4&""
A5: 2 | D5: 20 | E5: 20 | F5: 箱 | G5: 20箱 | N5: ※混載1～3ケース | P5: =E5*Q5 -> 0 | R5: =$Q5&"" | S5: =$Q5&"" | T5: =$Q5&"" | U5: =$Q5&"" | V5: =$Q5&"" | W5: =$Q5&"" | X5: =$Q5&"" | Y5: =$Q5&"" | ... AC5: =$Q5&""
A6: 3 | P6: =E6*Q6 -> 0 | R6: =$Q6&"" | S6: =$Q6&"" | T6: =$Q6&"" | U6: =$Q6&"" | V6: =$Q6&"" | W6: =$Q6&"" | X6: =$Q6&"" | Y6: =$Q6&"" | ... AC6: =$Q6&""
A7: 4 | P7: =E7*Q7 -> 0 | R7: =$Q7&"" | S7: =$Q7&"" | T7: =$Q7&"" | U7: =$Q7&"" | V7: =$Q7&"" | W7: =$Q7&"" | X7: =$Q7&"" | Y7: =$Q7&"" | ... AC7: =$Q7&""
A8: 5 | P8: =E8*Q8 -> 0 | R8: =$Q8&"" | S8: =$Q8&"" | T8: =$Q8&"" | U8: =$Q8&"" | V8: =$Q8&"" | W8: =$Q8&"" | X8: =$Q8&"" | Y8: =$Q8&"" | ... AC8: =$Q8&""
A9: 6 | P9: =E9*Q9 -> 0 | R9: =$Q9&"" | S9: =$Q9&"" | T9: =$Q9&"" | U9: =$Q9&"" | V9: =$Q9&"" | W9: =$Q9&"" | X9: =$Q9&"" | Y9: =$Q9&"" | ... AC9: =$Q9&""
A10: 7 | P10: =E10*Q10 -> 0 | R10: =$Q10&"" | S10: =$Q10&"" | T10: =$Q10&"" | U10: =$Q10&"" | V10: =$Q10&"" | W10: =$Q10&"" | X10: =$Q10&"" | Y10: =$Q10&"" | ... AC10: =$Q10&""
A11: 8 | P11: =E11*Q11 -> 0 | R11: =$Q11&"" | S11: =$Q11&"" | T11: =$Q11&"" | U11: =$Q11&"" | V11: =$Q11&"" | W11: =$Q11&"" | X11: =$Q11&"" | Y11: =$Q11&"" | ... AC11: =$Q11&""
A12: 9 | P12: =E12*Q12 -> 0 | R12: =$Q12&"" | S12: =$Q12&"" | T12: =$Q12&"" | U12: =$Q12&"" | V12: =$Q12&"" | W12: =$Q12&"" | X12: =$Q12&"" | Y12: =$Q12&"" | ... AC12: =$Q12&""
A13: 10 | P13: =E13*Q13 -> 0 | R13: =$Q13&"" | S13: =$Q13&"" | T13: =$Q13&"" | U13: =$Q13&"" | V13: =$Q13&"" | W13: =$Q13&"" | X13: =$Q13&"" | Y13: =$Q13&"" | ... AC13: =$Q13&""
A14: 11 | P14: =E14*Q14 -> 0 | R14: =$Q14&"" | S14: =$Q14&"" | T14: =$Q14&"" | U14: =$Q14&"" | V14: =$Q14&"" | W14: =$Q14&"" | X14: =$Q14&"" | Y14: =$Q14&"" | ... AC14: =$Q14&""
A15: 12 | P15: =E15*Q15 -> 0 | R15: =$Q15&"" | S15: =$Q15&"" | T15: =$Q15&"" | U15: =$Q15&"" | V15: =$Q15&"" | W15: =$Q15&"" | X15: =$Q15&"" | Y15: =$Q15&"" | ... AC15: =$Q15&""
A16: 13 | P16: =E16*Q16 -> 0 | R16: =$Q16&"" | S16: =$Q16&"" | T16: =$Q16&"" | U16: =$Q16&"" | V16: =$Q16&"" | W16: =$Q16&"" | X16: =$Q16&"" | Y16: =$Q16&"" | ... AC16: =$Q16&""
A17: 14 | P17: =E17*Q17 -> 0 | R17: =$Q17&"" | S17: =$Q17&"" | T17: =$Q17&"" | U17: =$Q17&"" | V17: =$Q17&"" | W17: =$Q17&"" | X17: =$Q17&"" | Y17: =$Q17&"" | ... AC17: =$Q17&""
... A63: 60 | P63: =E63*Q63 -> 0 | R63: =$Q63&"" | S63: =$Q63&"" | T63: =$Q63&"" | U63: =$Q63&"" | V63: =$Q63&"" | W63: =$Q63&"" | X63: =$Q63&"" | Y63: =$Q63&"" | ... AC63: =$Q63&""
A64: 61 | E64: =D64&"" | P64: =E64*Q64 -> #VALUE! | R64: =$Q64&"" | S64: =$Q64&"" | T64: =$Q64&"" | U64: =$Q64&"" | V64: =$Q64&"" | W64: =$Q64&"" | X64: =$Q64&"" | Y64: =$Q64&"" | ... AC64: =$Q64&""
A65: 62 | E65: =D65&"" | P65: =E65*Q65 -> #VALUE! | R65: =$Q65&"" | S65: =$Q65&"" | T65: =$Q65&"" | U65: =$Q65&"" | V65: =$Q65&"" | W65: =$Q65&"" | X65: =$Q65&"" | Y65: =$Q65&"" | ... AC65: =$Q65&""
A66: 63 | E66: =D66&"" | P66: =E66*Q66 -> #VALUE! | R66: =$Q66&"" | S66: =$Q66&"" | T66: =$Q66&"" | U66: =$Q66&"" | V66: =$Q66&"" | W66: =$Q66&"" | X66: =$Q66&"" | Y66: =$Q66&"" | ... AC66: =$Q66&""
A67: 64 | E67: =D67&"" | P67: =E67*Q67 -> #VALUE! | R67: =$Q67&"" | S67: =$Q67&"" | T67: =$Q67&"" | U67: =$Q67&"" | V67: =$Q67&"" | W67: =$Q67&"" | X67: =$Q67&"" | Y67: =$Q67&"" | ... AC67: =$Q67&""
A68: 65 | E68: =D68&"" | P68: =E68*Q68 -> #VALUE! | R68: =$Q68&"" | S68: =$Q68&"" | T68: =$Q68&"" | U68: =$Q68&"" | V68: =$Q68&"" | W68: =$Q68&"" | X68: =$Q68&"" | Y68: =$Q68&"" | ... AC68: =$Q68&""
A69: 66 | E69: =D69&"" | P69: =E69*Q69 -> #VALUE! | R69: =$Q69&"" | S69: =$Q69&"" | T69: =$Q69&"" | U69: =$Q69&"" | V69: =$Q69&"" | W69: =$Q69&"" | X69: =$Q69&"" | Y69: =$Q69&"" | ... AC69: =$Q69&""
A70: 67 | E70: =D70&"" | P70: =E70*Q70 -> #VALUE! | R70: =$Q70&"" | S70: =$Q70&"" | T70: =$Q70&"" | U70: =$Q70&"" | V70: =$Q70&"" | W70: =$Q70&"" | X70: =$Q70&"" | Y70: =$Q70&"" | ... AC70: =$Q70&""
A71: 68 | E71: =D71&"" | P71: =E71*Q71 -> #VALUE! | R71: =$Q71&"" | S71: =$Q71&"" | T71: =$Q71&"" | U71: =$Q71&"" | V71: =$Q71&"" | W71: =$Q71&"" | X71: =$Q71&"" | Y71: =$Q71&"" | ... AC71: =$Q71&""
A72: 69 | E72: =D72&"" | P72: =E72*Q72 -> #VALUE! | R72: =$Q72&"" | S72: =$Q72&"" | T72: =$Q72&"" | U72: =$Q72&"" | V72: =$Q72&"" | W72: =$Q72&"" | X72: =$Q72&"" | Y72: =$Q72&"" | ... AC72: =$Q72&""
A73: 70 | E73: =D73&"" | P73: =E73*Q73 -> #VALUE! | R73: =$Q73&"" | S73: =$Q73&"" | T73: =$Q73&"" | U73: =$Q73&"" | V73: =$Q73&"" | W73: =$Q73&"" | X73: =$Q73&"" | Y73: =$Q73&"" | ... AC73: =$Q73&""
A74: 71 | E74: =D74&"" | P74: =E74*Q74 -> #VALUE! | R74: =$Q74&"" | S74: =$Q74&"" | T74: =$Q74&"" | U74: =$Q74&"" | V74: =$Q74&"" | W74: =$Q74&"" | X74: =$Q74&"" | Y74: =$Q74&"" | ... AC74: =$Q74&""
A75: 72 | E75: =D75&"" | P75: =E75*Q75 -> #VALUE! | R75: =$Q75&"" | S75: =$Q75&"" | T75: =$Q75&"" | U75: =$Q75&"" | V75: =$Q75&"" | W75: =$Q75&"" | X75: =$Q75&"" | Y75: =$Q75&"" | ... AC75: =$Q75&""
... A150: 147 | E150: =D150&"" | P150: =E150*Q150 -> #VALUE! | R150: =$Q150&"" | S150: =$Q150&"" | T150: =$Q150&"" | U150: =$Q150&"" | V150: =$Q150&"" | W150: =$Q150&"" | X150: =$Q150&"" | Y150: =$Q150&"" | ... AC150: =$Q150&""

Sheet 設定（業務便1）
A1: 設定（業務便2）
D2: 入数情報 | H2: 混載情報 | M2: セット名詳細 | O2: 適用単価 | R2: 地域別仕入単価
A3: 番号 | B3: JANコード | C3: 商品名 | D3: 入数 （内訳詳細） | E3: 入数 (合計数計算) | F3: 単位 | G3: 注文単位 | H3: グループ番号 | I3: 種類選択 | J3: 数 | K3: 単位 | L3: 選択 | M3: セット名種類 | N3: セット名追加情報 | O3: 仕入単価 | P3: 仕入ケース単価 | Q3: 基本単価 | R3: 関東 | S3: 北海道 | T3: 北東北 | U3: 南東北 | V3: 信越 | W3: 北陸 | X3: 中部 | Y3: 関西 | Z3: 中国 | AA3: 四国 | AB3: 九州 | AC3: 沖縄
A4: 1 | D4: 12×2 | E4: 24 | F4: 袋 | G4: 24袋(12袋×2箱) | M4: 【冷凍販売用】 | P4: =E4*Q4 -> 0 | R4: =$Q4&"" | S4: =$Q4&"" | T4: =$Q4&"" | U4: =$Q4&"" | V4: =$Q4&"" | W4: =$Q4&"" | X4: =$Q4&"" | Y4: =$Q4&"" | ... AC4: =$Q4&""
A5: 2 | D5: 20 | E5: 20 | F5: 箱 | G5: 20箱 | N5: ※混載1～3ケース | P5: =E5*Q5 -> 0 | R5: =$Q5&"" | S5: =$Q5&"" | T5: =$Q5&"" | U5: =$Q5&"" | V5: =$Q5&"" | W5: =$Q5&"" | X5: =$Q5&"" | Y5: =$Q5&"" | ... AC5: =$Q5&""
A6: 3 | P6: =E6*Q6 -> 0 | R6: =$Q6&"" | S6: =$Q6&"" | T6: =$Q6&"" | U6: =$Q6&"" | V6: =$Q6&"" | W6: =$Q6&"" | X6: =$Q6&"" | Y6: =$Q6&"" | ... AC6: =$Q6&""
A7: 4 | P7: =E7*Q7 -> 0 | R7: =$Q7&"" | S7: =$Q7&"" | T7: =$Q7&"" | U7: =$Q7&"" | V7: =$Q7&"" | W7: =$Q7&"" | X7: =$Q7&"" | Y7: =$Q7&"" | ... AC7: =$Q7&""
A8: 5 | P8: =E8*Q8 -> 0 | R8: =$Q8&"" | S8: =$Q8&"" | T8: =$Q8&"" | U8: =$Q8&"" | V8: =$Q8&"" | W8: =$Q8&"" | X8: =$Q8&"" | Y8: =$Q8&"" | ... AC8: =$Q8&""
A9: 6 | P9: =E9*Q9 -> 0 | R9: =$Q9&"" | S9: =$Q9&"" | T9: =$Q9&"" | U9: =$Q9&"" | V9: =$Q9&"" | W9: =$Q9&"" | X9: =$Q9&"" | Y9: =$Q9&"" | ... AC9: =$Q9&""
A10: 7 | P10: =E10*Q10 -> 0 | R10: =$Q10&"" | S10: =$Q10&"" | T10: =$Q10&"" | U10: =$Q10&"" | V10: =$Q10&"" | W10: =$Q10&"" | X10: =$Q10&"" | Y10: =$Q10&"" | ... AC10: =$Q10&""
A11: 8 | P11: =E11*Q11 -> 0 | R11: =$Q11&"" | S11: =$Q11&"" | T11: =$Q11&"" | U11: =$Q11&"" | V11: =$Q11&"" | W11: =$Q11&"" | X11: =$Q11&"" | Y11: =$Q11&"" | ... AC11: =$Q11&""
A12: 9 | P12: =E12*Q12 -> 0 | R12: =$Q12&"" | S12: =$Q12&"" | T12: =$Q12&"" | U12: =$Q12&"" | V12: =$Q12&"" | W12: =$Q12&"" | X12: =$Q12&"" | Y12: =$Q12&"" | ... AC12: =$Q12&""
A13: 10 | P13: =E13*Q13 -> 0 | R13: =$Q13&"" | S13: =$Q13&"" | T13: =$Q13&"" | U13: =$Q13&"" | V13: =$Q13&"" | W13: =$Q13&"" | X13: =$Q13&"" | Y13: =$Q13&"" | ... AC13: =$Q13&""
A14: 11 | P14: =E14*Q14 -> 0 | R14: =$Q14&"" | S14: =$Q14&"" | T14: =$Q14&"" | U14: =$Q14&"" | V14: =$Q14&"" | W14: =$Q14&"" | X14: =$Q14&"" | Y14: =$Q14&"" | ... AC14: =$Q14&""
A15: 12 | P15: =E15*Q15 -> 0 | R15: =$Q15&"" | S15: =$Q15&"" | T15: =$Q15&"" | U15: =$Q15&"" | V15: =$Q15&"" | W15: =$Q15&"" | X15: =$Q15&"" | Y15: =$Q15&"" | ... AC15: =$Q15&""
A16: 13 | P16: =E16*Q16 -> 0 | R16: =$Q16&"" | S16: =$Q16&"" | T16: =$Q16&"" | U16: =$Q16&"" | V16: =$Q16&"" | W16: =$Q16&"" | X16: =$Q16&"" | Y16: =$Q16&"" | ... AC16: =$Q16&""
A17: 14 | P17: =E17*Q17 -> 0 | R17: =$Q17&"" | S17: =$Q17&"" | T17: =$Q17&"" | U17: =$Q17&"" | V17: =$Q17&"" | W17: =$Q17&"" | X17: =$Q17&"" | Y17: =$Q17&"" | ... AC17: =$Q17&""
... A63: 60 | P63: =E63*Q63 -> 0 | R63: =$Q63&"" | S63: =$Q63&"" | T63: =$Q63&"" | U63: =$Q63&"" | V63: =$Q63&"" | W63: =$Q63&"" | X63: =$Q63&"" | Y63: =$Q63&"" | ... AC63: =$Q63&""
A64: 61 | E64: =D64&"" | P64: =E64*Q64 -> #VALUE! | R64: =$Q64&"" | S64: =$Q64&"" | T64: =$Q64&"" | U64: =$Q64&"" | V64: =$Q64&"" | W64: =$Q64&"" | X64: =$Q64&"" | Y64: =$Q64&"" | ... AC64: =$Q64&""
A65: 62 | E65: =D65&"" | P65: =E65*Q65 -> #VALUE! | R65: =$Q65&"" | S65: =$Q65&"" | T65: =$Q65&"" | U65: =$Q65&"" | V65: =$Q65&"" | W65: =$Q65&"" | X65: =$Q65&"" | Y65: =$Q65&"" | ... AC65: =$Q65&""
A66: 63 | E66: =D66&"" | P66: =E66*Q66 -> #VALUE! | R66: =$Q66&"" | S66: =$Q66&"" | T66: =$Q66&"" | U66: =$Q66&"" | V66: =$Q66&"" | W66: =$Q66&"" | X66: =$Q66&"" | Y66: =$Q66&"" | ... AC66: =$Q66&""
A67: 64 | E67: =D67&"" | P67: =E67*Q67 -> #VALUE! | R67: =$Q67&"" | S67: =$Q67&"" | T67: =$Q67&"" | U67: =$Q67&"" | V67: =$Q67&"" | W67: =$Q67&"" | X67: =$Q67&"" | Y67: =$Q67&"" | ... AC67: =$Q67&""
A68: 65 | E68: =D68&"" | P68: =E68*Q68 -> #VALUE! | R68: =$Q68&"" | S68: =$Q68&"" | T68: =$Q68&"" | U68: =$Q68&"" | V68: =$Q68&"" | W68: =$Q68&"" | X68: =$Q68&"" | Y68: =$Q68&"" | ... AC68: =$Q68&""
A69: 66 | E69: =D69&"" | P69: =E69*Q69 -> #VALUE! | R69: =$Q69&"" | S69: =$Q69&"" | T69: =$Q69&"" | U69: =$Q69&"" | V69: =$Q69&"" | W69: =$Q69&"" | X69: =$Q69&"" | Y69: =$Q69&"" | ... AC69: =$Q69&""
A70: 67 | E70: =D70&"" | P70: =E70*Q70 -> #VALUE! | R70: =$Q70&"" | S70: =$Q70&"" | T70: =$Q70&"" | U70: =$Q70&"" | V70: =$Q70&"" | W70: =$Q70&"" | X70: =$Q70&"" | Y70: =$Q70&"" | ... AC70: =$Q70&""
A71: 68 | E71: =D71&"" | P71: =E71*Q71 -> #VALUE! | R71: =$Q71&"" | S71: =$Q71&"" | T71: =$Q71&"" | U71: =$Q71&"" | V71: =$Q71&"" | W71: =$Q71&"" | X71: =$Q71&"" | Y71: =$Q71&"" | ... AC71: =$Q71&""
A72: 69 | E72: =D72&"" | P72: =E72*Q72 -> #VALUE! | R72: =$Q72&"" | S72: =$Q72&"" | T72: =$Q72&"" | U72: =$Q72&"" | V72: =$Q72&"" | W72: =$Q72&"" | X72: =$Q72&"" | Y72: =$Q72&"" | ... AC72: =$Q72&""
A73: 70 | E73: =D73&"" | P73: =E73*Q73 -> #VALUE! | R73: =$Q73&"" | S73: =$Q73&"" | T73: =$Q73&"" | U73: =$Q73&"" | V73: =$Q73&"" | W73: =$Q73&"" | X73: =$Q73&"" | Y73: =$Q73&"" | ... AC73: =$Q73&""
A74: 71 | E74: =D74&"" | P74: =E74*Q74 -> #VALUE! | R74: =$Q74&"" | S74: =$Q74&"" | T74: =$Q74&"" | U74: =$Q74&"" | V74: =$Q74&"" | W74: =$Q74&"" | X74: =$Q74&"" | Y74: =$Q74&"" | ... AC74: =$Q74&""
A75: 72 | E75: =D75&"" | P75: =E75*Q75 -> #VALUE! | R75: =$Q75&"" | S75: =$Q75&"" | T75: =$Q75&"" | U75: =$Q75&"" | V75: =$Q75&"" | W75: =$Q75&"" | X75: =$Q75&"" | Y75: =$Q75&"" | ... AC75: =$Q75&""
... A150: 147 | E150: =D150&"" | P150: =E150*Q150 -> #VALUE! | R150: =$Q150&"" | S150: =$Q150&"" | T150: =$Q150&"" | U150: =$Q150&"" | V150: =$Q150&"" | W150: =$Q150&"" | X150: =$Q150&"" | Y150: =$Q150&"" | ... AC150: =$Q150&""

Sheet 設定（業務便2）
A1: 設定（業務便1）
D2: 入数情報 | H2: 混載情報 | M2: セット名詳細 | O2: 適用単価 | R2: 地域別仕入単価
A3: 番号 | B3: JANコード | C3: 商品名 | D3: 入数 （内訳詳細） | E3: 入数 (合計数計算) | F3: 単位 | G3: 注文単位 | H3: グループ番号 | I3: 種類選択 | J3: 数 | K3: 単位 | L3: 選択 | M3: セット名種類 | N3: セット名追加情報 | O3: 仕入単価 | P3: 仕入ケース単価 | Q3: 基本単価 | R3: 関東 | S3: 北海道 | T3: 北東北 | U3: 南東北 | V3: 信越 | W3: 北陸 | X3: 中部 | Y3: 関西 | Z3: 中国 | AA3: 四国 | AB3: 九州 | AC3: 沖縄
A4: 1 | D4: 12×2 | E4: 24 | F4: 袋 | G4: 24袋(12袋×2箱) | M4: 【冷凍販売用】 | P4: =E4*Q4 -> 0 | R4: =$Q4&"" | S4: =$Q4&"" | T4: =$Q4&"" | U4: =$Q4&"" | V4: =$Q4&"" | W4: =$Q4&"" | X4: =$Q4&"" | Y4: =$Q4&"" | ... AC4: =$Q4&""
A5: 2 | D5: 20 | E5: 20 | F5: 箱 | G5: 20箱 | N5: ※混載1～3ケース | P5: =E5*Q5 -> 0 | R5: =$Q5&"" | S5: =$Q5&"" | T5: =$Q5&"" | U5: =$Q5&"" | V5: =$Q5&"" | W5: =$Q5&"" | X5: =$Q5&"" | Y5: =$Q5&"" | ... AC5: =$Q5&""
A6: 3 | P6: =E6*Q6 -> 0 | R6: =$Q6&"" | S6: =$Q6&"" | T6: =$Q6&"" | U6: =$Q6&"" | V6: =$Q6&"" | W6: =$Q6&"" | X6: =$Q6&"" | Y6: =$Q6&"" | ... AC6: =$Q6&""
A7: 4 | P7: =E7*Q7 -> 0 | R7: =$Q7&"" | S7: =$Q7&"" | T7: =$Q7&"" | U7: =$Q7&"" | V7: =$Q7&"" | W7: =$Q7&"" | X7: =$Q7&"" | Y7: =$Q7&"" | ... AC7: =$Q7&""
A8: 5 | P8: =E8*Q8 -> 0 | R8: =$Q8&"" | S8: =$Q8&"" | T8: =$Q8&"" | U8: =$Q8&"" | V8: =$Q8&"" | W8: =$Q8&"" | X8: =$Q8&"" | Y8: =$Q8&"" | ... AC8: =$Q8&""
A9: 6 | P9: =E9*Q9 -> 0 | R9: =$Q9&"" | S9: =$Q9&"" | T9: =$Q9&"" | U9: =$Q9&"" | V9: =$Q9&"" | W9: =$Q9&"" | X9: =$Q9&"" | Y9: =$Q9&"" | ... AC9: =$Q9&""
A10: 7 | P10: =E10*Q10 -> 0 | R10: =$Q10&"" | S10: =$Q10&"" | T10: =$Q10&"" | U10: =$Q10&"" | V10: =$Q10&"" | W10: =$Q10&"" | X10: =$Q10&"" | Y10: =$Q10&"" | ... AC10: =$Q10&""
A11: 8 | P11: =E11*Q11 -> 0 | R11: =$Q11&"" | S11: =$Q11&"" | T11: =$Q11&"" | U11: =$Q11&"" | V11: =$Q11&"" | W11: =$Q11&"" | X11: =$Q11&"" | Y11: =$Q11&"" | ... AC11: =$Q11&""
A12: 9 | P12: =E12*Q12 -> 0 | R12: =$Q12&"" | S12: =$Q12&"" | T12: =$Q12&"" | U12: =$Q12&"" | V12: =$Q12&"" | W12: =$Q12&"" | X12: =$Q12&"" | Y12: =$Q12&"" | ... AC12: =$Q12&""
A13: 10 | P13: =E13*Q13 -> 0 | R13: =$Q13&"" | S13: =$Q13&"" | T13: =$Q13&"" | U13: =$Q13&"" | V13: =$Q13&"" | W13: =$Q13&"" | X13: =$Q13&"" | Y13: =$Q13&"" | ... AC13: =$Q13&""
A14: 11 | P14: =E14*Q14 -> 0 | R14: =$Q14&"" | S14: =$Q14&"" | T14: =$Q14&"" | U14: =$Q14&"" | V14: =$Q14&"" | W14: =$Q14&"" | X14: =$Q14&"" | Y14: =$Q14&"" | ... AC14: =$Q14&""
A15: 12 | P15: =E15*Q15 -> 0 | R15: =$Q15&"" | S15: =$Q15&"" | T15: =$Q15&"" | U15: =$Q15&"" | V15: =$Q15&"" | W15: =$Q15&"" | X15: =$Q15&"" | Y15: =$Q15&"" | ... AC15: =$Q15&""
A16: 13 | P16: =E16*Q16 -> 0 | R16: =$Q16&"" | S16: =$Q16&"" | T16: =$Q16&"" | U16: =$Q16&"" | V16: =$Q16&"" | W16: =$Q16&"" | X16: =$Q16&"" | Y16: =$Q16&"" | ... AC16: =$Q16&""
A17: 14 | P17: =E17*Q17 -> 0 | R17: =$Q17&"" | S17: =$Q17&"" | T17: =$Q17&"" | U17: =$Q17&"" | V17: =$Q17&"" | W17: =$Q17&"" | X17: =$Q17&"" | Y17: =$Q17&"" | ... AC17: =$Q17&""
... A63: 60 | P63: =E63*Q63 -> 0 | R63: =$Q63&"" | S63: =$Q63&"" | T63: =$Q63&"" | U63: =$Q63&"" | V63: =$Q63&"" | W63: =$Q63&"" | X63: =$Q63&"" | Y63: =$Q63&"" | ... AC63: =$Q63&""
A64: 61 | E64: =D64&"" | P64: =E64*Q64 -> #VALUE! | R64: =$Q64&"" | S64: =$Q64&"" | T64: =$Q64&"" | U64: =$Q64&"" | V64: =$Q64&"" | W64: =$Q64&"" | X64: =$Q64&"" | Y64: =$Q64&"" | ... AC64: =$Q64&""
A65: 62 | E65: =D65&"" | P65: =E65*Q65 -> #VALUE! | R65: =$Q65&"" | S65: =$Q65&"" | T65: =$Q65&"" | U65: =$Q65&"" | V65: =$Q65&"" | W65: =$Q65&"" | X65: =$Q65&"" | Y65: =$Q65&"" | ... AC65: =$Q65&""
A66: 63 | E66: =D66&"" | P66: =E66*Q66 -> #VALUE! | R66: =$Q66&"" | S66: =$Q66&"" | T66: =$Q66&"" | U66: =$Q66&"" | V66: =$Q66&"" | W66: =$Q66&"" | X66: =$Q66&"" | Y66: =$Q66&"" | ... AC66: =$Q66&""
A67: 64 | E67: =D67&"" | P67: =E67*Q67 -> #VALUE! | R67: =$Q67&"" | S67: =$Q67&"" | T67: =$Q67&"" | U67: =$Q67&"" | V67: =$Q67&"" | W67: =$Q67&"" | X67: =$Q67&"" | Y67: =$Q67&"" | ... AC67: =$Q67&""
A68: 65 | E68: =D68&"" | P68: =E68*Q68 -> #VALUE! | R68: =$Q68&"" | S68: =$Q68&"" | T68: =$Q68&"" | U68: =$Q68&"" | V68: =$Q68&"" | W68: =$Q68&"" | X68: =$Q68&"" | Y68: =$Q68&"" | ... AC68: =$Q68&""
A69: 66 | E69: =D69&"" | P69: =E69*Q69 -> #VALUE! | R69: =$Q69&"" | S69: =$Q69&"" | T69: =$Q69&"" | U69: =$Q69&"" | V69: =$Q69&"" | W69: =$Q69&"" | X69: =$Q69&"" | Y69: =$Q69&"" | ... AC69: =$Q69&""
A70: 67 | E70: =D70&"" | P70: =E70*Q70 -> #VALUE! | R70: =$Q70&"" | S70: =$Q70&"" | T70: =$Q70&"" | U70: =$Q70&"" | V70: =$Q70&"" | W70: =$Q70&"" | X70: =$Q70&"" | Y70: =$Q70&"" | ... AC70: =$Q70&""
A71: 68 | E71: =D71&"" | P71: =E71*Q71 -> #VALUE! | R71: =$Q71&"" | S71: =$Q71&"" | T71: =$Q71&"" | U71: =$Q71&"" | V71: =$Q71&"" | W71: =$Q71&"" | X71: =$Q71&"" | Y71: =$Q71&"" | ... AC71: =$Q71&""
A72: 69 | E72: =D72&"" | P72: =E72*Q72 -> #VALUE! | R72: =$Q72&"" | S72: =$Q72&"" | T72: =$Q72&"" | U72: =$Q72&"" | V72: =$Q72&"" | W72: =$Q72&"" | X72: =$Q72&"" | Y72: =$Q72&"" | ... AC72: =$Q72&""
A73: 70 | E73: =D73&"" | P73: =E73*Q73 -> #VALUE! | R73: =$Q73&"" | S73: =$Q73&"" | T73: =$Q73&"" | U73: =$Q73&"" | V73: =$Q73&"" | W73: =$Q73&"" | X73: =$Q73&"" | Y73: =$Q73&"" | ... AC73: =$Q73&""
A74: 71 | E74: =D74&"" | P74: =E74*Q74 -> #VALUE! | R74: =$Q74&"" | S74: =$Q74&"" | T74: =$Q74&"" | U74: =$Q74&"" | V74: =$Q74&"" | W74: =$Q74&"" | X74: =$Q74&"" | Y74: =$Q74&"" | ... AC74: =$Q74&""
A75: 72 | E75: =D75&"" | P75: =E75*Q75 -> #VALUE! | R75: =$Q75&"" | S75: =$Q75&"" | T75: =$Q75&"" | U75: =$Q75&"" | V75: =$Q75&"" | W75: =$Q75&"" | X75: =$Q75&"" | Y75: =$Q75&"" | ... AC75: =$Q75&""
... A150: 147 | E150: =D150&"" | P150: =E150*Q150 -> #VALUE! | R150: =$Q150&"" | S150: =$Q150&"" | T150: =$Q150&"" | U150: =$Q150&"" | V150: =$Q150&"" | W150: =$Q150&"" | X150: =$Q150&"" | Y150: =$Q150&"" | ... AC150: =$Q150&""

Sheet サンプル仕入値入力
A1: サンプル仕入値入力
D2: 入数情報 | F2: サンプルグループ | H2: サンプル単価種類 | J2: 商品半額 | K2: 地域別仕入単価
A3: 番号 | B3: JANコード | C3: 商品名 | D3: 入数 （内訳詳細） | E3: 入数 (合計数計算) | F3: グループ番号 | G3: 詳細 | H3: 宅配便 仕入単価 | I3: サンプル 仕入単価 | J3: 切上げ単価 | K3: 関東 | L3: 北海道 | M3: 北東北 | N3: 南東北 | O3: 信越 | P3: 北陸 | Q3: 中部 | R3: 関西 | S3: 中国 | T3: 四国 | U3: 九州 | V3: 沖縄
A4: 1 | D4: 1 | E4: 1 | G4: 冷凍品
A5: 2 | D5: 5×2 | E5: 10
A6: 3
A7: 4
A8: 5
A9: 6
A10: 7
A11: 8
A12: 9
A13: 10
A14: 11
A15: 12
A16: 13
A17: 14
... A63: 60
A64: 61 | E64: =D64&""
A65: 62 | E65: =D65&""
A66: 63 | E66: =D66&""
A67: 64 | E67: =D67&""
A68: 65 | E68: =D68&""
A69: 66 | E69: =D69&""
A70: 67 | E70: =D70&""
A71: 68 | E71: =D71&""
A72: 69 | E72: =D72&""
A73: 70 | E73: =D73&""
A74: 71 | E74: =D74&""
A75: 72 | E75: =D75&""
... A150: 147 | E150: =D150&""

Sheet イレギュラーサンプル仕入値入力
A1: イレギュラーサンプル仕入値入力
E2: 入数情報 | G2: サンプルグループ | I2: 適用単価 | L2: 地域別仕入単価
A3: 番号 | B3: JANコード | C3: 商品名 | D3: 備考（セット内容・規格など） | E3: 入数 （内訳詳細） | F3: 入数 (合計数計算) | G3: グループ番号 | H3: 詳細 | I3: 仕入単価 | J3: 仕入ケース単価 | K3: 基本単価 | L3: 関東 | M3: 北海道 | N3: 北東北 | O3: 南東北 | P3: 信越 | Q3: 北陸 | R3: 中部 | S3: 関西 | T3: 中国 | U3: 四国 | V3: 九州 | W3: 沖縄
A4: 1 | D4: 桜塩、桜ジュレ、桜花の３点セット | E4: 1 | F4: 1 | H4: 冷凍品 | J4: =F4*K4 -> 0 | L4: =$K4&"" | M4: =$K4&"" | N4: =$K4&"" | O4: =$K4&"" | P4: =$K4&"" | Q4: =$K4&"" | R4: =$K4&"" | S4: =$K4&"" | ... W4: =$K4&""
A5: 2 | D5: 100ｇ小瓶入り | J5: =F5*K5 -> 0 | L5: =$K5&"" | M5: =$K5&"" | N5: =$K5&"" | O5: =$K5&"" | P5: =$K5&"" | Q5: =$K5&"" | R5: =$K5&"" | S5: =$K5&"" | ... W5: =$K5&""
A6: 3 | J6: =F6*K6 -> 0 | L6: =$K6&"" | M6: =$K6&"" | N6: =$K6&"" | O6: =$K6&"" | P6: =$K6&"" | Q6: =$K6&"" | R6: =$K6&"" | S6: =$K6&"" | ... W6: =$K6&""
A7: 4 | J7: =F7*K7 -> 0 | L7: =$K7&"" | M7: =$K7&"" | N7: =$K7&"" | O7: =$K7&"" | P7: =$K7&"" | Q7: =$K7&"" | R7: =$K7&"" | S7: =$K7&"" | ... W7: =$K7&""
A8: 5 | J8: =F8*K8 -> 0 | L8: =$K8&"" | M8: =$K8&"" | N8: =$K8&"" | O8: =$K8&"" | P8: =$K8&"" | Q8: =$K8&"" | R8: =$K8&"" | S8: =$K8&"" | ... W8: =$K8&""
A9: 6 | J9: =F9*K9 -> 0 | L9: =$K9&"" | M9: =$K9&"" | N9: =$K9&"" | O9: =$K9&"" | P9: =$K9&"" | Q9: =$K9&"" | R9: =$K9&"" | S9: =$K9&"" | ... W9: =$K9&""
A10: 7 | J10: =F10*K10 -> 0 | L10: =$K10&"" | M10: =$K10&"" | N10: =$K10&"" | O10: =$K10&"" | P10: =$K10&"" | Q10: =$K10&"" | R10: =$K10&"" | S10: =$K10&"" | ... W10: =$K10&""
A11: 8 | J11: =F11*K11 -> 0 | L11: =$K11&"" | M11: =$K11&"" | N11: =$K11&"" | O11: =$K11&"" | P11: =$K11&"" | Q11: =$K11&"" | R11: =$K11&"" | S11: =$K11&"" | ... W11: =$K11&""
A12: 9 | J12: =F12*K12 -> 0 | L12: =$K12&"" | M12: =$K12&"" | N12: =$K12&"" | O12: =$K12&"" | P12: =$K12&"" | Q12: =$K12&"" | R12: =$K12&"" | S12: =$K12&"" | ... W12: =$K12&""
A13: 10 | J13: =F13*K13 -> 0 | L13: =$K13&"" | M13: =$K13&"" | N13: =$K13&"" | O13: =$K13&"" | P13: =$K13&"" | Q13: =$K13&"" | R13: =$K13&"" | S13: =$K13&"" | ... W13: =$K13&""
A14: 11 | J14: =F14*K14 -> 0 | L14: =$K14&"" | M14: =$K14&"" | N14: =$K14&"" | O14: =$K14&"" | P14: =$K14&"" | Q14: =$K14&"" | R14: =$K14&"" | S14: =$K14&"" | ... W14: =$K14&""
A15: 12 | J15: =F15*K15 -> 0 | L15: =$K15&"" | M15: =$K15&"" | N15: =$K15&"" | O15: =$K15&"" | P15: =$K15&"" | Q15: =$K15&"" | R15: =$K15&"" | S15: =$K15&"" | ... W15: =$K15&""
A16: 13 | J16: =F16*K16 -> 0 | L16: =$K16&"" | M16: =$K16&"" | N16: =$K16&"" | O16: =$K16&"" | P16: =$K16&"" | Q16: =$K16&"" | R16: =$K16&"" | S16: =$K16&"" | ... W16: =$K16&""
A17: 14 | J17: =F17*K17 -> 0 | L17: =$K17&"" | M17: =$K17&"" | N17: =$K17&"" | O17: =$K17&"" | P17: =$K17&"" | Q17: =$K17&"" | R17: =$K17&"" | S17: =$K17&"" | ... W17: =$K17&""
... A63: 60 | J63: =F63*K63 -> 0 | L63: =$K63&"" | M63: =$K63&"" | N63: =$K63&"" | O63: =$K63&"" | P63: =$K63&"" | Q63: =$K63&"" | R63: =$K63&"" | S63: =$K63&"" | ... W63: =$K63&""
A64: 61 | F64: =E64&"" | J64: =F64*K64 -> #VALUE! | L64: =$K64&"" | M64: =$K64&"" | N64: =$K64&"" | O64: =$K64&"" | P64: =$K64&"" | Q64: =$K64&"" | R64: =$K64&"" | S64: =$K64&"" | ... W64: =$K64&""
A65: 62 | F65: =E65&"" | J65: =F65*K65 -> #VALUE! | L65: =$K65&"" | M65: =$K65&"" | N65: =$K65&"" | O65: =$K65&"" | P65: =$K65&"" | Q65: =$K65&"" | R65: =$K65&"" | S65: =$K65&"" | ... W65: =$K65&""
A66: 63 | F66: =E66&"" | J66: =F66*K66 -> #VALUE! | L66: =$K66&"" | M66: =$K66&"" | N66: =$K66&"" | O66: =$K66&"" | P66: =$K66&"" | Q66: =$K66&"" | R66: =$K66&"" | S66: =$K66&"" | ... W66: =$K66&""
A67: 64 | F67: =E67&"" | J67: =F67*K67 -> #VALUE! | L67: =$K67&"" | M67: =$K67&"" | N67: =$K67&"" | O67: =$K67&"" | P67: =$K67&"" | Q67: =$K67&"" | R67: =$K67&"" | S67: =$K67&"" | ... W67: =$K67&""
A68: 65 | F68: =E68&"" | J68: =F68*K68 -> #VALUE! | L68: =$K68&"" | M68: =$K68&"" | N68: =$K68&"" | O68: =$K68&"" | P68: =$K68&"" | Q68: =$K68&"" | R68: =$K68&"" | S68: =$K68&"" | ... W68: =$K68&""
A69: 66 | F69: =E69&"" | J69: =F69*K69 -> #VALUE! | L69: =$K69&"" | M69: =$K69&"" | N69: =$K69&"" | O69: =$K69&"" | P69: =$K69&"" | Q69: =$K69&"" | R69: =$K69&"" | S69: =$K69&"" | ... W69: =$K69&""
A70: 67 | F70: =E70&"" | J70: =F70*K70 -> #VALUE! | L70: =$K70&"" | M70: =$K70&"" | N70: =$K70&"" | O70: =$K70&"" | P70: =$K70&"" | Q70: =$K70&"" | R70: =$K70&"" | S70: =$K70&"" | ... W70: =$K70&""
A71: 68 | F71: =E71&"" | J71: =F71*K71 -> #VALUE! | L71: =$K71&"" | M71: =$K71&"" | N71: =$K71&"" | O71: =$K71&"" | P71: =$K71&"" | Q71: =$K71&"" | R71: =$K71&"" | S71: =$K71&"" | ... W71: =$K71&""
A72: 69 | F72: =E72&"" | J72: =F72*K72 -> #VALUE! | L72: =$K72&"" | M72: =$K72&"" | N72: =$K72&"" | O72: =$K72&"" | P72: =$K72&"" | Q72: =$K72&"" | R72: =$K72&"" | S72: =$K72&"" | ... W72: =$K72&""
A73: 70 | F73: =E73&"" | J73: =F73*K73 -> #VALUE! | L73: =$K73&"" | M73: =$K73&"" | N73: =$K73&"" | O73: =$K73&"" | P73: =$K73&"" | Q73: =$K73&"" | R73: =$K73&"" | S73: =$K73&"" | ... W73: =$K73&""
A74: 71 | F74: =E74&"" | J74: =F74*K74 -> #VALUE! | L74: =$K74&"" | M74: =$K74&"" | N74: =$K74&"" | O74: =$K74&"" | P74: =$K74&"" | Q74: =$K74&"" | R74: =$K74&"" | S74: =$K74&"" | ... W74: =$K74&""
A75: 72 | F75: =E75&"" | J75: =F75*K75 -> #VALUE! | L75: =$K75&"" | M75: =$K75&"" | N75: =$K75&"" | O75: =$K75&"" | P75: =$K75&"" | Q75: =$K75&"" | R75: =$K75&"" | S75: =$K75&"" | ... W75: =$K75&""
... A150: 147 | F150: =E150&"" | J150: =F150*K150 -> #VALUE! | L150: =$K150&"" | M150: =$K150&"" | N150: =$K150&"" | O150: =$K150&"" | P150: =$K150&"" | Q150: =$K150&"" | R150: =$K150&"" | S150: =$K150&"" | ... W150: =$K150&""

Sheet イレギュラー送料設定
A1: イレギュラー送料設定
A2: メーカー請求送料が12の納品地域別になっていない場合の送料設定を検討する
A4: CSV順 | B4: 宅配エリア | C4: 都道府県名 | D4: 送料 | H4: 関東 | I4: 北海道 | J4: 北東北 | K4: 南東北 | L4: 信越 | M4: 北陸 | N4: 中部 | O4: 関西 | P4: 中国 | Q4: 四国 | R4: 九州 | S4: 沖縄
A5: 1 | B5: 北海道 | C5: 北海道 | G5: 設定送料
A6: 2 | B6: 北東北 | C6: 青森県
A7: 3 | B7: 北東北 | C7: 岩手県
A8: 4 | B8: 南東北 | C8: 宮城県
A9: 5 | B9: 北東北 | C9: 秋田県
A10: 6 | B10: 南東北 | C10: 山形県
A11: 7 | B11: 南東北 | C11: 福島県
A12: 8 | B12: 関東 | C12: 茨城県
A13: 9 | B13: 関東 | C13: 栃木県
A14: 10 | B14: 関東 | C14: 群馬県
A15: 11 | B15: 関東 | C15: 埼玉県
A16: 12 | B16: 関東 | C16: 千葉県
A17: 13 | B17: 関東 | C17: 東京都
... A51: 47 | B51: 沖縄 | C51: 沖縄県

Sheet 請求送料一覧
A1: 請求送料一覧
A3: 宅配便送料
A4: 番号 | B4: 備考 | C4: 関東 | D4: 北海道 | E4: 北東北 | F4: 南東北 | G4: 信越 | H4: 北陸 | I4: 中部 | J4: 関西 | K4: 中国 | L4: 四国 | M4: 九州 | N4: 沖縄
A5: ①
A6: ②
A7: ③
A8: ④
A9: ⑤
A10: ⑥
A11: ⑦
A12: ⑧
A13: ⑨
A14: ⑩
A16: 業務便送料
A17: 番号 | B17: 備考 | C17: 関東 | D17: 北海道 | E17: 北東北 | F17: 南東北 | G17: 信越 | H17: 北陸 | I17: 中部 | J17: 関西 | K17: 中国 | L17: 四国 | M17: 九州 | N17: 沖縄
A18: 業①
A19: 業②
A20: 業③
A21: 業④
A22: 業⑤
A23: 業⑥
A24: 業⑦
A25: 業⑧
A26: 業⑨
A27: 業⑩
A29: サンプル送料
A30: 番号 | B30: 備考 | C30: 関東 | D30: 北海道 | E30: 北東北 | F30: 南東北 | G30: 信越 | H30: 北陸 | I30: 中部 | J30: 関西 | K30: 中国 | L30: 四国 | M30: 九州 | N30: 沖縄
A31: サン①
A32: サン②
A33: サン③
A34: サン④
A35: サン⑤
A36: サン⑥
A37: サン⑦
A38: サン⑧
A39: サン⑨
A40: サン⑩

Sheet 送料込計算用送料一覧
A1: 送料込計算用送料一覧
A3: 宅配便送料
A4: 番号 | B4: 備考 | C4: 関東 | D4: 北海道 | E4: 北東北 | F4: 南東北 | G4: 信越 | H4: 北陸 | I4: 中部 | J4: 関西 | K4: 中国 | L4: 四国 | M4: 九州 | N4: 沖縄
A16: 業務便送料
A17: 番号 | B17: 備考 | C17: 関東 | D17: 北海道 | E17: 北東北 | F17: 南東北 | G17: 信越 | H17: 北陸 | I17: 中部 | J17: 関西 | K17: 中国 | L17: 四国 | M17: 九州 | N17: 沖縄
A29: サンプル送料
A30: 番号 | B30: 備考 | C30: 関東 | D30: 北海道 | E30: 北東北 | F30: 南東北 | G30: 信越 | H30: 北陸 | I30: 中部 | J30: 関西 | K30: 中国 | L30: 四国 | M30: 九州 | N30: 沖縄

Sheet 卸送料計算（送料別の場合）
A1: 卸送料計算（送料別の場合）
A3: 宅配便送料
A4: 番号 | B4: 原価率 | C4: 備考 | E4: 関東 | F4: 北海道 | G4: 北東北 | H4: 南東北 | I4: 信越 | J4: 北陸 | K4: 中部 | L4: 関西 | M4: 中国 | N4: 四国 | O4: 九州 | P4: 沖縄
B5: ='宅配便 仮計算'!$D$2 -> 0.85 | D5: 実際の請求送料
D6: 卸送料計算 | E6: =E5/$B$5 -> 0 | F6: =F5/$B$5 -> 0 | G6: =G5/$B$5 -> 0 | H6: =H5/$B$5 -> 0 | I6: =I5/$B$5 -> 0 | J6: =J5/$B$5 -> 0 | K6: =K5/$B$5 -> 0 | L6: =L5/$B$5 -> 0 | ... P6: =P5/$B$5 -> 0
D7: 切り上げ送料 | E7: =ROUND(E6,-1) -> 0 | F7: =ROUND(F6,-1) -> 0 | G7: =ROUND(G6,-1) -> 0 | H7: =ROUND(H6,-1) -> 0 | I7: =ROUND(I6,-1) -> 0 | J7: =ROUND(J6,-1) -> 0 | K7: =ROUND(K6,-1) -> 0 | L7: =ROUND(L6,-1) -> 0 | ... P7: =ROUND(P6,-1) -> 0
B8: ='宅配便 仮計算'!$D$2 -> 0.85 | D8: 実際の請求送料
D9: 卸送料計算 | E9: =E8/$B$5 -> 0 | F9: =F8/$B$5 -> 0 | G9: =G8/$B$5 -> 0 | H9: =H8/$B$5 -> 0 | I9: =I8/$B$5 -> 0 | J9: =J8/$B$5 -> 0 | K9: =K8/$B$5 -> 0 | L9: =L8/$B$5 -> 0 | ... P9: =P8/$B$5 -> 0
D10: 切り上げ送料 | E10: =ROUND(E9,-1) -> 0 | F10: =ROUND(F9,-1) -> 0 | G10: =ROUND(G9,-1) -> 0 | H10: =ROUND(H9,-1) -> 0 | I10: =ROUND(I9,-1) -> 0 | J10: =ROUND(J9,-1) -> 0 | K10: =ROUND(K9,-1) -> 0 | L10: =ROUND(L9,-1) -> 0 | ... P10: =ROUND(P9,-1) -> 0
B11: ='宅配便 仮計算'!$D$2 -> 0.85 | D11: 実際の請求送料
D12: 卸送料計算 | E12: =E11/$B$5 -> 0 | F12: =F11/$B$5 -> 0 | G12: =G11/$B$5 -> 0 | H12: =H11/$B$5 -> 0 | I12: =I11/$B$5 -> 0 | J12: =J11/$B$5 -> 0 | K12: =K11/$B$5 -> 0 | L12: =L11/$B$5 -> 0 | ... P12: =P11/$B$5 -> 0
D13: 切り上げ送料 | E13: =ROUND(E12,-1) -> 0 | F13: =ROUND(F12,-1) -> 0 | G13: =ROUND(G12,-1) -> 0 | H13: =ROUND(H12,-1) -> 0 | I13: =ROUND(I12,-1) -> 0 | J13: =ROUND(J12,-1) -> 0 | K13: =ROUND(K12,-1) -> 0 | L13: =ROUND(L12,-1) -> 0 | ... P13: =ROUND(P12,-1) -> 0
B14: ='宅配便 仮計算'!$D$2 -> 0.85 | D14: 実際の請求送料
D15: 卸送料計算 | E15: =E14/$B$5 -> 0 | F15: =F14/$B$5 -> 0 | G15: =G14/$B$5 -> 0 | H15: =H14/$B$5 -> 0 | I15: =I14/$B$5 -> 0 | J15: =J14/$B$5 -> 0 | K15: =K14/$B$5 -> 0 | L15: =L14/$B$5 -> 0 | ... P15: =P14/$B$5 -> 0
D16: 切り上げ送料 | E16: =ROUND(E15,-1) -> 0 | F16: =ROUND(F15,-1) -> 0 | G16: =ROUND(G15,-1) -> 0 | H16: =ROUND(H15,-1) -> 0 | I16: =ROUND(I15,-1) -> 0 | J16: =ROUND(J15,-1) -> 0 | K16: =ROUND(K15,-1) -> 0 | L16: =ROUND(L15,-1) -> 0 | ... P16: =ROUND(P15,-1) -> 0
B17: ='宅配便 仮計算'!$D$2 -> 0.85 | D17: 実際の請求送料
D18: 卸送料計算 | E18: =E17/$B$5 -> 0 | F18: =F17/$B$5 -> 0 | G18: =G17/$B$5 -> 0 | H18: =H17/$B$5 -> 0 | I18: =I17/$B$5 -> 0 | J18: =J17/$B$5 -> 0 | K18: =K17/$B$5 -> 0 | L18: =L17/$B$5 -> 0 | ... P18: =P17/$B$5 -> 0
D19: 切り上げ送料 | E19: =ROUND(E18,-1) -> 0 | F19: =ROUND(F18,-1) -> 0 | G19: =ROUND(G18,-1) -> 0 | H19: =ROUND(H18,-1) -> 0 | I19: =ROUND(I18,-1) -> 0 | J19: =ROUND(J18,-1) -> 0 | K19: =ROUND(K18,-1) -> 0 | L19: =ROUND(L18,-1) -> 0 | ... P19: =ROUND(P18,-1) -> 0
B20: ='宅配便 仮計算'!$D$2 -> 0.85 | D20: 実際の請求送料
D21: 卸送料計算 | E21: =E20/$B$5 -> 0 | F21: =F20/$B$5 -> 0 | G21: =G20/$B$5 -> 0 | H21: =H20/$B$5 -> 0 | I21: =I20/$B$5 -> 0 | J21: =J20/$B$5 -> 0 | K21: =K20/$B$5 -> 0 | L21: =L20/$B$5 -> 0 | ... P21: =P20/$B$5 -> 0
D22: 切り上げ送料 | E22: =ROUND(E21,-1) -> 0 | F22: =ROUND(F21,-1) -> 0 | G22: =ROUND(G21,-1) -> 0 | H22: =ROUND(H21,-1) -> 0 | I22: =ROUND(I21,-1) -> 0 | J22: =ROUND(J21,-1) -> 0 | K22: =ROUND(K21,-1) -> 0 | L22: =ROUND(L21,-1) -> 0 | ... P22: =ROUND(P21,-1) -> 0
B23: ='宅配便 仮計算'!$D$2 -> 0.85 | D23: 実際の請求送料
D24: 卸送料計算 | E24: =E23/$B$5 -> 0 | F24: =F23/$B$5 -> 0 | G24: =G23/$B$5 -> 0 | H24: =H23/$B$5 -> 0 | I24: =I23/$B$5 -> 0 | J24: =J23/$B$5 -> 0 | K24: =K23/$B$5 -> 0 | L24: =L23/$B$5 -> 0 | ... P24: =P23/$B$5 -> 0
D25: 切り上げ送料 | E25: =ROUND(E24,-1) -> 0 | F25: =ROUND(F24,-1) -> 0 | G25: =ROUND(G24,-1) -> 0 | H25: =ROUND(H24,-1) -> 0 | I25: =ROUND(I24,-1) -> 0 | J25: =ROUND(J24,-1) -> 0 | K25: =ROUND(K24,-1) -> 0 | L25: =ROUND(L24,-1) -> 0 | ... P25: =ROUND(P24,-1) -> 0
B26: ='宅配便 仮計算'!$D$2 -> 0.85 | D26: 実際の請求送料
D27: 卸送料計算 | E27: =E26/$B$5 -> 0 | F27: =F26/$B$5 -> 0 | G27: =G26/$B$5 -> 0 | H27: =H26/$B$5 -> 0 | I27: =I26/$B$5 -> 0 | J27: =J26/$B$5 -> 0 | K27: =K26/$B$5 -> 0 | L27: =L26/$B$5 -> 0 | ... P27: =P26/$B$5 -> 0
D28: 切り上げ送料 | E28: =ROUND(E27,-1) -> 0 | F28: =ROUND(F27,-1) -> 0 | G28: =ROUND(G27,-1) -> 0 | H28: =ROUND(H27,-1) -> 0 | I28: =ROUND(I27,-1) -> 0 | J28: =ROUND(J27,-1) -> 0 | K28: =ROUND(K27,-1) -> 0 | L28: =ROUND(L27,-1) -> 0 | ... P28: =ROUND(P27,-1) -> 0
B29: ='宅配便 仮計算'!$D$2 -> 0.85 | D29: 実際の請求送料
D30: 卸送料計算 | E30: =E29/$B$5 -> 0 | F30: =F29/$B$5 -> 0 | G30: =G29/$B$5 -> 0 | H30: =H29/$B$5 -> 0 | I30: =I29/$B$5 -> 0 | J30: =J29/$B$5 -> 0 | K30: =K29/$B$5 -> 0 | L30: =L29/$B$5 -> 0 | ... P30: =P29/$B$5 -> 0
D31: 切り上げ送料 | E31: =ROUND(E30,-1) -> 0 | F31: =ROUND(F30,-1) -> 0 | G31: =ROUND(G30,-1) -> 0 | H31: =ROUND(H30,-1) -> 0 | I31: =ROUND(I30,-1) -> 0 | J31: =ROUND(J30,-1) -> 0 | K31: =ROUND(K30,-1) -> 0 | L31: =ROUND(L30,-1) -> 0 | ... P31: =ROUND(P30,-1) -> 0
B32: ='宅配便 仮計算'!$D$2 -> 0.85 | D32: 実際の請求送料
D33: 卸送料計算 | E33: =E32/$B$5 -> 0 | F33: =F32/$B$5 -> 0 | G33: =G32/$B$5 -> 0 | H33: =H32/$B$5 -> 0 | I33: =I32/$B$5 -> 0 | J33: =J32/$B$5 -> 0 | K33: =K32/$B$5 -> 0 | L33: =L32/$B$5 -> 0 | ... P33: =P32/$B$5 -> 0
D34: 切り上げ送料 | E34: =ROUND(E33,-1) -> 0 | F34: =ROUND(F33,-1) -> 0 | G34: =ROUND(G33,-1) -> 0 | H34: =ROUND(H33,-1) -> 0 | I34: =ROUND(I33,-1) -> 0 | J34: =ROUND(J33,-1) -> 0 | K34: =ROUND(K33,-1) -> 0 | L34: =ROUND(L33,-1) -> 0 | ... P34: =ROUND(P33,-1) -> 0
A36: 業務便送料
A37: 番号 | B37: 原価率 | C37: 備考 | E37: 関東 | F37: 北海道 | G37: 北東北 | H37: 南東北 | I37: 信越 | J37: 北陸 | K37: 中部 | L37: 関西 | M37: 中国 | N37: 四国 | O37: 九州 | P37: 沖縄
B38: ='宅配便 仮計算'!$D$2 -> 0.85 | D38: 実際の請求送料
D39: 卸送料計算 | E39: =E38/$B$5 -> 0 | F39: =F38/$B$5 -> 0 | G39: =G38/$B$5 -> 0 | H39: =H38/$B$5 -> 0 | I39: =I38/$B$5 -> 0 | J39: =J38/$B$5 -> 0 | K39: =K38/$B$5 -> 0 | L39: =L38/$B$5 -> 0 | ... P39: =P38/$B$5 -> 0
D40: 切り上げ送料 | E40: =ROUND(E39,-1) -> 0 | F40: =ROUND(F39,-1) -> 0 | G40: =ROUND(G39,-1) -> 0 | H40: =ROUND(H39,-1) -> 0 | I40: =ROUND(I39,-1) -> 0 | J40: =ROUND(J39,-1) -> 0 | K40: =ROUND(K39,-1) -> 0 | L40: =ROUND(L39,-1) -> 0 | ... P40: =ROUND(P39,-1) -> 0
B41: ='宅配便 仮計算'!$D$2 -> 0.85 | D41: 実際の請求送料
D42: 卸送料計算 | E42: =E41/$B$5 -> 0 | F42: =F41/$B$5 -> 0 | G42: =G41/$B$5 -> 0 | H42: =H41/$B$5 -> 0 | I42: =I41/$B$5 -> 0 | J42: =J41/$B$5 -> 0 | K42: =K41/$B$5 -> 0 | L42: =L41/$B$5 -> 0 | ... P42: =P41/$B$5 -> 0
D43: 切り上げ送料 | E43: =ROUND(E42,-1) -> 0 | F43: =ROUND(F42,-1) -> 0 | G43: =ROUND(G42,-1) -> 0 | H43: =ROUND(H42,-1) -> 0 | I43: =ROUND(I42,-1) -> 0 | J43: =ROUND(J42,-1) -> 0 | K43: =ROUND(K42,-1) -> 0 | L43: =ROUND(L42,-1) -> 0 | ... P43: =ROUND(P42,-1) -> 0
B44: ='宅配便 仮計算'!$D$2 -> 0.85 | D44: 実際の請求送料
D45: 卸送料計算 | E45: =E44/$B$5 -> 0 | F45: =F44/$B$5 -> 0 | G45: =G44/$B$5 -> 0 | H45: =H44/$B$5 -> 0 | I45: =I44/$B$5 -> 0 | J45: =J44/$B$5 -> 0 | K45: =K44/$B$5 -> 0 | L45: =L44/$B$5 -> 0 | ... P45: =P44/$B$5 -> 0
D46: 切り上げ送料 | E46: =ROUND(E45,-1) -> 0 | F46: =ROUND(F45,-1) -> 0 | G46: =ROUND(G45,-1) -> 0 | H46: =ROUND(H45,-1) -> 0 | I46: =ROUND(I45,-1) -> 0 | J46: =ROUND(J45,-1) -> 0 | K46: =ROUND(K45,-1) -> 0 | L46: =ROUND(L45,-1) -> 0 | ... P46: =ROUND(P45,-1) -> 0
B47: ='宅配便 仮計算'!$D$2 -> 0.85 | D47: 実際の請求送料
D48: 卸送料計算 | E48: =E47/$B$5 -> 0 | F48: =F47/$B$5 -> 0 | G48: =G47/$B$5 -> 0 | H48: =H47/$B$5 -> 0 | I48: =I47/$B$5 -> 0 | J48: =J47/$B$5 -> 0 | K48: =K47/$B$5 -> 0 | L48: =L47/$B$5 -> 0 | ... P48: =P47/$B$5 -> 0
D49: 切り上げ送料 | E49: =ROUND(E48,-1) -> 0 | F49: =ROUND(F48,-1) -> 0 | G49: =ROUND(G48,-1) -> 0 | H49: =ROUND(H48,-1) -> 0 | I49: =ROUND(I48,-1) -> 0 | J49: =ROUND(J48,-1) -> 0 | K49: =ROUND(K48,-1) -> 0 | L49: =ROUND(L48,-1) -> 0 | ... P49: =ROUND(P48,-1) -> 0
B50: ='宅配便 仮計算'!$D$2 -> 0.85 | D50: 実際の請求送料
D51: 卸送料計算 | E51: =E50/$B$5 -> 0 | F51: =F50/$B$5 -> 0 | G51: =G50/$B$5 -> 0 | H51: =H50/$B$5 -> 0 | I51: =I50/$B$5 -> 0 | J51: =J50/$B$5 -> 0 | K51: =K50/$B$5 -> 0 | L51: =L50/$B$5 -> 0 | ... P51: =P50/$B$5 -> 0
D52: 切り上げ送料 | E52: =ROUND(E51,-1) -> 0 | F52: =ROUND(F51,-1) -> 0 | G52: =ROUND(G51,-1) -> 0 | H52: =ROUND(H51,-1) -> 0 | I52: =ROUND(I51,-1) -> 0 | J52: =ROUND(J51,-1) -> 0 | K52: =ROUND(K51,-1) -> 0 | L52: =ROUND(L51,-1) -> 0 | ... P52: =ROUND(P51,-1) -> 0
B53: ='宅配便 仮計算'!$D$2 -> 0.85 | D53: 実際の請求送料
D54: 卸送料計算 | E54: =E53/$B$5 -> 0 | F54: =F53/$B$5 -> 0 | G54: =G53/$B$5 -> 0 | H54: =H53/$B$5 -> 0 | I54: =I53/$B$5 -> 0 | J54: =J53/$B$5 -> 0 | K54: =K53/$B$5 -> 0 | L54: =L53/$B$5 -> 0 | ... P54: =P53/$B$5 -> 0
D55: 切り上げ送料 | E55: =ROUND(E54,-1) -> 0 | F55: =ROUND(F54,-1) -> 0 | G55: =ROUND(G54,-1) -> 0 | H55: =ROUND(H54,-1) -> 0 | I55: =ROUND(I54,-1) -> 0 | J55: =ROUND(J54,-1) -> 0 | K55: =ROUND(K54,-1) -> 0 | L55: =ROUND(L54,-1) -> 0 | ... P55: =ROUND(P54,-1) -> 0
B56: ='宅配便 仮計算'!$D$2 -> 0.85 | D56: 実際の請求送料
D57: 卸送料計算 | E57: =E56/$B$5 -> 0 | F57: =F56/$B$5 -> 0 | G57: =G56/$B$5 -> 0 | H57: =H56/$B$5 -> 0 | I57: =I56/$B$5 -> 0 | J57: =J56/$B$5 -> 0 | K57: =K56/$B$5 -> 0 | L57: =L56/$B$5 -> 0 | ... P57: =P56/$B$5 -> 0
D58: 切り上げ送料 | E58: =ROUND(E57,-1) -> 0 | F58: =ROUND(F57,-1) -> 0 | G58: =ROUND(G57,-1) -> 0 | H58: =ROUND(H57,-1) -> 0 | I58: =ROUND(I57,-1) -> 0 | J58: =ROUND(J57,-1) -> 0 | K58: =ROUND(K57,-1) -> 0 | L58: =ROUND(L57,-1) -> 0 | ... P58: =ROUND(P57,-1) -> 0
B59: ='宅配便 仮計算'!$D$2 -> 0.85 | D59: 実際の請求送料
D60: 卸送料計算 | E60: =E59/$B$5 -> 0 | F60: =F59/$B$5 -> 0 | G60: =G59/$B$5 -> 0 | H60: =H59/$B$5 -> 0 | I60: =I59/$B$5 -> 0 | J60: =J59/$B$5 -> 0 | K60: =K59/$B$5 -> 0 | L60: =L59/$B$5 -> 0 | ... P60: =P59/$B$5 -> 0
D61: 切り上げ送料 | E61: =ROUND(E60,-1) -> 0 | F61: =ROUND(F60,-1) -> 0 | G61: =ROUND(G60,-1) -> 0 | H61: =ROUND(H60,-1) -> 0 | I61: =ROUND(I60,-1) -> 0 | J61: =ROUND(J60,-1) -> 0 | K61: =ROUND(K60,-1) -> 0 | L61: =ROUND(L60,-1) -> 0 | ... P61: =ROUND(P60,-1) -> 0
B62: ='宅配便 仮計算'!$D$2 -> 0.85 | D62: 実際の請求送料
D63: 卸送料計算 | E63: =E62/$B$5 -> 0 | F63: =F62/$B$5 -> 0 | G63: =G62/$B$5 -> 0 | H63: =H62/$B$5 -> 0 | I63: =I62/$B$5 -> 0 | J63: =J62/$B$5 -> 0 | K63: =K62/$B$5 -> 0 | L63: =L62/$B$5 -> 0 | ... P63: =P62/$B$5 -> 0
D64: 切り上げ送料 | E64: =ROUND(E63,-1) -> 0 | F64: =ROUND(F63,-1) -> 0 | G64: =ROUND(G63,-1) -> 0 | H64: =ROUND(H63,-1) -> 0 | I64: =ROUND(I63,-1) -> 0 | J64: =ROUND(J63,-1) -> 0 | K64: =ROUND(K63,-1) -> 0 | L64: =ROUND(L63,-1) -> 0 | ... P64: =ROUND(P63,-1) -> 0
B65: ='宅配便 仮計算'!$D$2 -> 0.85 | D65: 実際の請求送料
D66: 卸送料計算 | E66: =E65/$B$5 -> 0 | F66: =F65/$B$5 -> 0 | G66: =G65/$B$5 -> 0 | H66: =H65/$B$5 -> 0 | I66: =I65/$B$5 -> 0 | J66: =J65/$B$5 -> 0 | K66: =K65/$B$5 -> 0 | L66: =L65/$B$5 -> 0 | ... P66: =P65/$B$5 -> 0
D67: 切り上げ送料 | E67: =ROUND(E66,-1) -> 0 | F67: =ROUND(F66,-1) -> 0 | G67: =ROUND(G66,-1) -> 0 | H67: =ROUND(H66,-1) -> 0 | I67: =ROUND(I66,-1) -> 0 | J67: =ROUND(J66,-1) -> 0 | K67: =ROUND(K66,-1) -> 0 | L67: =ROUND(L66,-1) -> 0 | ... P67: =ROUND(P66,-1) -> 0

Sheet 配送グループ設定
A1: 配送グループ設定 | D1: メーカー番号
A3: 宅配便の配送グループ
A4: グループ番号 | B4: 便の種類 | C4: セット情報 | D4: 適用送料 | E4: 混載条件 | F4: 混載グループ名 | G4: 配送グループ名 | H4: 配送グループID
A5: 1 | B5: 宅配便 | C5: (送料込) | E5: 1ケース以上 | F5: ※ゼリー・ようかん4個入
A6: 2 | B6: 宅配便 | E6: 混載4ボール単位 | F6: ※ポップコーン | G6: 129 宅配便(送料込)※混載4ボール単位※ポップコーン
A7: 3 | B7: 宅配便
A8: 4 | B8: 宅配便
A9: 5 | B9: 宅配便
A10: 6 | B10: 宅配便
A11: 7 | B11: 宅配便
A12: 8 | B12: 宅配便
A13: 9 | B13: 宅配便
A14: 10 | B14: 宅配便
A16: 業務便配送グループ
A17: グループ番号 | B17: 便の種類 | C17: セット情報 | D17: 適用送料 | E17: 混載条件 | F17: 混載グループ名 | G17: 配送グループ名 | H17: 配送グループID
A18: 業1 | B18: 業務便 | C18: (送料別) | E18: 1ケース以上 | F18: ※ゼリー・ようかん4個入
A19: 業2 | B19: 業務便 | E19: 混載4ボール単位 | F19: ※ポップコーン | G19: 129 業務便(送料込)※混載4袋単位※ゼリー・ようかん4個入
A20: 業3 | B20: 業務便
A21: 業4 | B21: 業務便
A22: 業5 | B22: 業務便
A23: 業6 | B23: 業務便
A24: 業7 | B24: 業務便
A25: 業8 | B25: 業務便
A26: 業9 | B26: 業務便
A27: 業10 | B27: 業務便
A29: サンプル配送グループ
A30: グループ番号 | B30: 送料 | C30: 商品代 | D30: 適用送料 | E30: サンプル規定 | F30: 混載グループ名 | G30: 配送グループ名 | H30: 配送グループID
A31: サンプル1 | B31: 無料 | C31: 無料 | E31: ※1種類1個※1社1回まで | G31: 129 サンプル(送料:無料、商品代:無料）
A32: サンプル2 | B32: 有料 | C32: 有償
A33: サンプル3
A34: サンプル4
A35: サンプル5
A36: サンプル6
A37: サンプル7
A38: サンプル8
A39: サンプル9
A40: サンプル10

Sheet 中部・下部フリースペース作成
A1: 中部・下部フリースペース作成
A2: 宅配便 | C2: 業務便 | E2: サンプル | G2: サブカテゴリID
A3: 配送グループ番号 | C3: 配送グループ番号 | E3: 配送グループ番号
A5: 分類 | B5: テーブルナンバー | E5: 4
A6: 宅配便 | B6: 宅配便リードタイム日付 地域で加算する場合記載例 0日、地域＋1日
B7: (土日祝を除く)or(土日祝を含む)
B8: 納品不可曜日 「なし」／「日、祝」「土、日」
B9: 納品不可地域 「なし」／「沖縄」「北海道」 | E9: =見積り概要入力!B17&""
B10: 配送ロット | E10: 1ケース以上
B11: 送料表示 送料別の場合、最初の行は改行して「・」をつける。<br> | E11: <br>・5～9ケース715円 <br>・混載10ケース以上無料
A12: 業務便 | B12: 業務便リードタイム日付 地域で加算する場合記載例 0日、地域＋1日
B13: (土日祝を除く)or(土日祝を含む)
B14: 納品不可曜日 「なし」／「日、祝」「土、日」
B15: 納品不可地域 「なし」／「沖縄」「北海道」
B16: 配送ロット | E16: 1ケース以上
B17: 送料表示 送料別の場合、最初の行は改行して「・」をつける。<br> | E17: <br>・5～9ケース715円 <br>・混載10ケース以上無料
A18: サンプル | B18: サンプル商品代 無料、有償 条件がある場合※をつけて入力
B19: サンプル送料 無料、着払い(税込)950円、一律金額を入力、地域別の金額を【】で繋いで入力する | E19: 着払い(税込)950円
A20: 混載バナー | B20: 混載バナー上部 業務便の場合、混載5ケース以上のご注文となります。 | E20: 業務便の場合、混載5ケース以上のご注文となります。 | J20: 手動入力
B21: 混載可能なカテゴリ番号
A22: メーカーリンク | B22: メーカーカテゴリ番号 | E22: 60
B23: メーカー番号 | E23: 1

Sheet 計算（宅配便1）
A1: 計算(宅配便1)
D2: セット名詳細 | F2: ='宅配便 仮計算'!D2 -> 0.85 | G2: 入数情報 | H2: 混載情報 | J2: セット情報 | K2: 送料情報 | L2: 地域別卸値計算
A3: 番号 | B3: JANコード | C3: 商品名 | D3: セット名種類 | E3: セット名追加情報 | F3: 原価率 | G3: 入数 (合計数計算) | H3: グループ番号 | I3: 数 | J3: 種類 | K3: 適用送料 | L3: 関東 仕入単価 | M3: 関東送料 | N3: 送料込み 仕入単価 | O3: 卸単価計算 | P3: 切り上げ 卸値単価 | Q3: 関東 卸ケース単価 | R3: 北海道 仕入単価 | S3: 北海道 送料 | T3: 送料込み 仕入単価 | U3: 卸単価計算 | V3: 切り上げ 卸値単価 | W3: 北海道 卸ケース単価 | X3: 北東北 仕入単価 | Y3: 北東北 送料 | Z3: 送料込み 仕入単価 | AA3: 卸単価計算 | AB3: 切り上げ 卸値単価 | AC3: 北東北 卸ケース単価 | AD3: 南東北 仕入単価 | AE3: 南東北 送料 | AF3: 送料込み 仕入単価 | AG3: 卸単価計算 | AH3: 切り上げ 卸値単価 | AI3: 南東北 卸ケース単価 | AJ3: 信越 仕入単価 | AK3: 信越送料 | AL3: 送料込み 仕入単価 | AM3: 卸単価計算 | AN3: 切り上げ 卸値単価 | AO3: 信越 卸ケース単価 | AP3: 北陸 仕入単価 | AQ3: 北陸送料 | AR3: 送料込み 仕入単価 | AS3: 卸単価計算 | AT3: 切り上げ 卸値単価 | AU3: 北陸 卸ケース単価 | AV3: 中部 仕入単価 | AW3: 中部送料 | AX3: 送料込み 仕入単価 | AY3: 卸単価計算 | AZ3: 切り上げ 卸値単価 | BA3: 中部 卸ケース単価 | BB3: 関西 仕入単価 | BC3: 関西送料 | BD3: 送料込み 仕入単価 | BE3: 卸単価計算 | BF3: 切り上げ 卸値単価 | BG3: 関西 卸ケース単価 | BH3: 中国 仕入単価 | BI3: 中国送料 | BJ3: 送料込み 仕入単価 | BK3: 卸単価計算 | BL3: 切り上げ 卸値単価 | BM3: 中国 卸ケース単価 | BN3: 四国 仕入単価 | BO3: 四国送料 | BP3: 送料込み 仕入単価 | BQ3: 卸単価計算 | BR3: 切り上げ 卸値単価 | BS3: 四国 卸ケース単価 | BT3: 九州 仕入単価 | BU3: 九州送料 | BV3: 送料込み 仕入単価 | BW3: 卸単価計算 | BX3: 切り上げ 卸値単価 | BY3: 九州 卸ケース単価 | BZ3: 沖縄 仕入単価 | CA3: 沖縄送料 | CB3: 送料込み 仕入単価 | CC3: 卸単価計算 | CD3: 切り上げ 卸値単価 | CE3: 沖縄 卸ケース単価
A4: 1 | D4: 【冷凍販売用】 | F4: =$F$2 -> 0.85 | G4: 100 | H4: 1 | I4: 1 | J4: (送料込) | K4: ① | N4: =(L4*$G4+M4/$I4)/$G4 -> 0 | O4: =N4/$F4 -> 0 | P4: =_xlfn.CEILING.MATH(O4) -> 0 | Q4: =P4*G4 -> 0 | T4: =(R4*$G4+S4/$I4)/$G4 -> 0 | U4: =T4/$F4 -> 0 | V4: =_xlfn.CEILING.MATH(U4) -> 0 | W4: =V4*M4 -> 0 | Z4: =(X4*$G4+Y4/$I4)/$G4 -> 0 | AA4: =Z4/$F4 -> 0 | AB4: =_xlfn.CEILING.MATH(AA4) -> 0 | AC4: =AB4*S4 -> 0 | AF4: =(AD4*$G4+AE4/$I4)/$G4 -> 0 | AG4: =AF4/$F4 -> 0 | AH4: =_xlfn.CEILING.MATH(AG4) -> 0 | AI4: =AH4*Y4 -> 0 | AL4: =(AJ4*$G4+AK4/$I4)/$G4 -> 0 | AM4: =AL4/$F4 -> 0 | AN4: =_xlfn.CEILING.MATH(AM4) -> 0 | AO4: =AN4*AE4 -> 0 | AR4: =(AP4*$G4+AQ4/$I4)/$G4 -> 0 | AS4: =AR4/$F4 -> 0 | AT4: =_xlfn.CEILING.MATH(AS4) -> 0 | AU4: =AT4*AK4 -> 0 | AX4: =(AV4*$G4+AW4/$I4)/$G4 -> 0 | AY4: =AX4/$F4 -> 0 | AZ4: =_xlfn.CEILING.MATH(AY4) -> 0 | BA4: =AZ4*AQ4 -> 0 | BD4: =(BB4*$G4+BC4/$I4)/$G4 -> 0 | BE4: =BD4/$F4 -> 0 | BF4: =_xlfn.CEILING.MATH(BE4) -> 0 | BG4: =BF4*AW4 -> 0 | BJ4: =(BH4*$G4+BI4/$I4)/$G4 -> 0 | BK4: =BJ4/$F4 -> 0 | BL4: =_xlfn.CEILING.MATH(BK4) -> 0 | BM4: =BL4*BC4 -> 0 | BP4: =(BN4*$G4+BO4/$I4)/$G4 -> 0 | BQ4: =BP4/$F4 -> 0 | BR4: =_xlfn.CEILING.MATH(BQ4) -> 0 | BS4: =BR4*BI4 -> 0 | BV4: =(BT4*$G4+BU4/$I4)/$G4 -> 0 | BW4: =BV4/$F4 -> 0 | BX4: =_xlfn.CEILING.MATH(BW4) -> 0 | BY4: =BX4*BO4 -> 0 | CB4: =(BZ4*$G4+CA4/$I4)/$G4 -> 0 | CC4: =CB4/$F4 -> 0 | CD4: =_xlfn.CEILING.MATH(CC4) -> 0 | CE4: =CD4*BU4 -> 0
A5: 2 | E5: ※混載1～3ケース | F5: =$F$2 -> 0.85 | N5: =(L5*$G5+M5/$I5)/$G5 -> #DIV/0! | O5: =N5/$F5 -> #DIV/0! | P5: =_xlfn.CEILING.MATH(O5) -> #DIV/0! | Q5: =P5*G5 -> #DIV/0! | T5: =(R5*$G5+S5/$I5)/$G5 -> #DIV/0! | U5: =T5/$F5 -> #DIV/0! | V5: =_xlfn.CEILING.MATH(U5) -> #DIV/0! | W5: =V5*M5 -> #DIV/0! | Z5: =(X5*$G5+Y5/$I5)/$G5 -> #DIV/0! | AA5: =Z5/$F5 -> #DIV/0! | AB5: =_xlfn.CEILING.MATH(AA5) -> #DIV/0! | AC5: =AB5*S5 -> #DIV/0! | AF5: =(AD5*$G5+AE5/$I5)/$G5 -> #DIV/0! | AG5: =AF5/$F5 -> #DIV/0! | AH5: =_xlfn.CEILING.MATH(AG5) -> #DIV/0! | AI5: =AH5*Y5 -> #DIV/0! | AL5: =(AJ5*$G5+AK5/$I5)/$G5 -> #DIV/0! | AM5: =AL5/$F5 -> #DIV/0! | AN5: =_xlfn.CEILING.MATH(AM5) -> #DIV/0! | AO5: =AN5*AE5 -> #DIV/0! | AR5: =(AP5*$G5+AQ5/$I5)/$G5 -> #DIV/0! | AS5: =AR5/$F5 -> #DIV/0! | AT5: =_xlfn.CEILING.MATH(AS5) -> #DIV/0! | AU5: =AT5*AK5 -> #DIV/0! | AX5: =(AV5*$G5+AW5/$I5)/$G5 -> #DIV/0! | AY5: =AX5/$F5 -> #DIV/0! | AZ5: =_xlfn.CEILING.MATH(AY5) -> #DIV/0! | BA5: =AZ5*AQ5 -> #DIV/0! | BD5: =(BB5*$G5+BC5/$I5)/$G5 -> #DIV/0! | BE5: =BD5/$F5 -> #DIV/0! | BF5: =_xlfn.CEILING.MATH(BE5) -> #DIV/0! | BG5: =BF5*AW5 -> #DIV/0! | BJ5: =(BH5*$G5+BI5/$I5)/$G5 -> #DIV/0! | BK5: =BJ5/$F5 -> #DIV/0! | BL5: =_xlfn.CEILING.MATH(BK5) -> #DIV/0! | BM5: =BL5*BC5 -> #DIV/0! | BP5: =(BN5*$G5+BO5/$I5)/$G5 -> #DIV/0! | BQ5: =BP5/$F5 -> #DIV/0! | BR5: =_xlfn.CEILING.MATH(BQ5) -> #DIV/0! | BS5: =BR5*BI5 -> #DIV/0! | BV5: =(BT5*$G5+BU5/$I5)/$G5 -> #DIV/0! | BW5: =BV5/$F5 -> #DIV/0! | BX5: =_xlfn.CEILING.MATH(BW5) -> #DIV/0! | BY5: =BX5*BO5 -> #DIV/0! | CB5: =(BZ5*$G5+CA5/$I5)/$G5 -> #DIV/0! | CC5: =CB5/$F5 -> #DIV/0! | CD5: =_xlfn.CEILING.MATH(CC5) -> #DIV/0! | CE5: =CD5*BU5 -> #DIV/0!
A6: 3 | F6: =$F$2 -> 0.85 | N6: =(L6*$G6+M6/$I6)/$G6 -> #DIV/0! | O6: =N6/$F6 -> #DIV/0! | P6: =_xlfn.CEILING.MATH(O6) -> #DIV/0! | Q6: =P6*G6 -> #DIV/0! | T6: =(R6*$G6+S6/$I6)/$G6 -> #DIV/0! | U6: =T6/$F6 -> #DIV/0! | V6: =_xlfn.CEILING.MATH(U6) -> #DIV/0! | W6: =V6*M6 -> #DIV/0! | Z6: =(X6*$G6+Y6/$I6)/$G6 -> #DIV/0! | AA6: =Z6/$F6 -> #DIV/0! | AB6: =_xlfn.CEILING.MATH(AA6) -> #DIV/0! | AC6: =AB6*S6 -> #DIV/0! | AF6: =(AD6*$G6+AE6/$I6)/$G6 -> #DIV/0! | AG6: =AF6/$F6 -> #DIV/0! | AH6: =_xlfn.CEILING.MATH(AG6) -> #DIV/0! | AI6: =AH6*Y6 -> #DIV/0! | AL6: =(AJ6*$G6+AK6/$I6)/$G6 -> #DIV/0! | AM6: =AL6/$F6 -> #DIV/0! | AN6: =_xlfn.CEILING.MATH(AM6) -> #DIV/0! | AO6: =AN6*AE6 -> #DIV/0! | AR6: =(AP6*$G6+AQ6/$I6)/$G6 -> #DIV/0! | AS6: =AR6/$F6 -> #DIV/0! | AT6: =_xlfn.CEILING.MATH(AS6) -> #DIV/0! | AU6: =AT6*AK6 -> #DIV/0! | AX6: =(AV6*$G6+AW6/$I6)/$G6 -> #DIV/0! | AY6: =AX6/$F6 -> #DIV/0! | AZ6: =_xlfn.CEILING.MATH(AY6) -> #DIV/0! | BA6: =AZ6*AQ6 -> #DIV/0! | BD6: =(BB6*$G6+BC6/$I6)/$G6 -> #DIV/0! | BE6: =BD6/$F6 -> #DIV/0! | BF6: =_xlfn.CEILING.MATH(BE6) -> #DIV/0! | BG6: =BF6*AW6 -> #DIV/0! | BJ6: =(BH6*$G6+BI6/$I6)/$G6 -> #DIV/0! | BK6: =BJ6/$F6 -> #DIV/0! | BL6: =_xlfn.CEILING.MATH(BK6) -> #DIV/0! | BM6: =BL6*BC6 -> #DIV/0! | BP6: =(BN6*$G6+BO6/$I6)/$G6 -> #DIV/0! | BQ6: =BP6/$F6 -> #DIV/0! | BR6: =_xlfn.CEILING.MATH(BQ6) -> #DIV/0! | BS6: =BR6*BI6 -> #DIV/0! | BV6: =(BT6*$G6+BU6/$I6)/$G6 -> #DIV/0! | BW6: =BV6/$F6 -> #DIV/0! | BX6: =_xlfn.CEILING.MATH(BW6) -> #DIV/0! | BY6: =BX6*BO6 -> #DIV/0! | CB6: =(BZ6*$G6+CA6/$I6)/$G6 -> #DIV/0! | CC6: =CB6/$F6 -> #DIV/0! | CD6: =_xlfn.CEILING.MATH(CC6) -> #DIV/0! | CE6: =CD6*BU6 -> #DIV/0!
A7: 4 | F7: =$F$2 -> 0.85 | N7: =(L7*$G7+M7/$I7)/$G7 -> #DIV/0! | O7: =N7/$F7 -> #DIV/0! | P7: =_xlfn.CEILING.MATH(O7) -> #DIV/0! | Q7: =P7*G7 -> #DIV/0! | T7: =(R7*$G7+S7/$I7)/$G7 -> #DIV/0! | U7: =T7/$F7 -> #DIV/0! | V7: =_xlfn.CEILING.MATH(U7) -> #DIV/0! | W7: =V7*M7 -> #DIV/0! | Z7: =(X7*$G7+Y7/$I7)/$G7 -> #DIV/0! | AA7: =Z7/$F7 -> #DIV/0! | AB7: =_xlfn.CEILING.MATH(AA7) -> #DIV/0! | AC7: =AB7*S7 -> #DIV/0! | AF7: =(AD7*$G7+AE7/$I7)/$G7 -> #DIV/0! | AG7: =AF7/$F7 -> #DIV/0! | AH7: =_xlfn.CEILING.MATH(AG7) -> #DIV/0! | AI7: =AH7*Y7 -> #DIV/0! | AL7: =(AJ7*$G7+AK7/$I7)/$G7 -> #DIV/0! | AM7: =AL7/$F7 -> #DIV/0! | AN7: =_xlfn.CEILING.MATH(AM7) -> #DIV/0! | AO7: =AN7*AE7 -> #DIV/0! | AR7: =(AP7*$G7+AQ7/$I7)/$G7 -> #DIV/0! | AS7: =AR7/$F7 -> #DIV/0! | AT7: =_xlfn.CEILING.MATH(AS7) -> #DIV/0! | AU7: =AT7*AK7 -> #DIV/0! | AX7: =(AV7*$G7+AW7/$I7)/$G7 -> #DIV/0! | AY7: =AX7/$F7 -> #DIV/0! | AZ7: =_xlfn.CEILING.MATH(AY7) -> #DIV/0! | BA7: =AZ7*AQ7 -> #DIV/0! | BD7: =(BB7*$G7+BC7/$I7)/$G7 -> #DIV/0! | BE7: =BD7/$F7 -> #DIV/0! | BF7: =_xlfn.CEILING.MATH(BE7) -> #DIV/0! | BG7: =BF7*AW7 -> #DIV/0! | BJ7: =(BH7*$G7+BI7/$I7)/$G7 -> #DIV/0! | BK7: =BJ7/$F7 -> #DIV/0! | BL7: =_xlfn.CEILING.MATH(BK7) -> #DIV/0! | BM7: =BL7*BC7 -> #DIV/0! | BP7: =(BN7*$G7+BO7/$I7)/$G7 -> #DIV/0! | BQ7: =BP7/$F7 -> #DIV/0! | BR7: =_xlfn.CEILING.MATH(BQ7) -> #DIV/0! | BS7: =BR7*BI7 -> #DIV/0! | BV7: =(BT7*$G7+BU7/$I7)/$G7 -> #DIV/0! | BW7: =BV7/$F7 -> #DIV/0! | BX7: =_xlfn.CEILING.MATH(BW7) -> #DIV/0! | BY7: =BX7*BO7 -> #DIV/0! | CB7: =(BZ7*$G7+CA7/$I7)/$G7 -> #DIV/0! | CC7: =CB7/$F7 -> #DIV/0! | CD7: =_xlfn.CEILING.MATH(CC7) -> #DIV/0! | CE7: =CD7*BU7 -> #DIV/0!
A8: 5 | F8: =$F$2 -> 0.85 | N8: =(L8*$G8+M8/$I8)/$G8 -> #DIV/0! | O8: =N8/$F8 -> #DIV/0! | P8: =_xlfn.CEILING.MATH(O8) -> #DIV/0! | Q8: =P8*G8 -> #DIV/0! | T8: =(R8*$G8+S8/$I8)/$G8 -> #DIV/0! | U8: =T8/$F8 -> #DIV/0! | V8: =_xlfn.CEILING.MATH(U8) -> #DIV/0! | W8: =V8*M8 -> #DIV/0! | Z8: =(X8*$G8+Y8/$I8)/$G8 -> #DIV/0! | AA8: =Z8/$F8 -> #DIV/0! | AB8: =_xlfn.CEILING.MATH(AA8) -> #DIV/0! | AC8: =AB8*S8 -> #DIV/0! | AF8: =(AD8*$G8+AE8/$I8)/$G8 -> #DIV/0! | AG8: =AF8/$F8 -> #DIV/0! | AH8: =_xlfn.CEILING.MATH(AG8) -> #DIV/0! | AI8: =AH8*Y8 -> #DIV/0! | AL8: =(AJ8*$G8+AK8/$I8)/$G8 -> #DIV/0! | AM8: =AL8/$F8 -> #DIV/0! | AN8: =_xlfn.CEILING.MATH(AM8) -> #DIV/0! | AO8: =AN8*AE8 -> #DIV/0! | AR8: =(AP8*$G8+AQ8/$I8)/$G8 -> #DIV/0! | AS8: =AR8/$F8 -> #DIV/0! | AT8: =_xlfn.CEILING.MATH(AS8) -> #DIV/0! | AU8: =AT8*AK8 -> #DIV/0! | AX8: =(AV8*$G8+AW8/$I8)/$G8 -> #DIV/0! | AY8: =AX8/$F8 -> #DIV/0! | AZ8: =_xlfn.CEILING.MATH(AY8) -> #DIV/0! | BA8: =AZ8*AQ8 -> #DIV/0! | BD8: =(BB8*$G8+BC8/$I8)/$G8 -> #DIV/0! | BE8: =BD8/$F8 -> #DIV/0! | BF8: =_xlfn.CEILING.MATH(BE8) -> #DIV/0! | BG8: =BF8*AW8 -> #DIV/0! | BJ8: =(BH8*$G8+BI8/$I8)/$G8 -> #DIV/0! | BK8: =BJ8/$F8 -> #DIV/0! | BL8: =_xlfn.CEILING.MATH(BK8) -> #DIV/0! | BM8: =BL8*BC8 -> #DIV/0! | BP8: =(BN8*$G8+BO8/$I8)/$G8 -> #DIV/0! | BQ8: =BP8/$F8 -> #DIV/0! | BR8: =_xlfn.CEILING.MATH(BQ8) -> #DIV/0! | BS8: =BR8*BI8 -> #DIV/0! | BV8: =(BT8*$G8+BU8/$I8)/$G8 -> #DIV/0! | BW8: =BV8/$F8 -> #DIV/0! | BX8: =_xlfn.CEILING.MATH(BW8) -> #DIV/0! | BY8: =BX8*BO8 -> #DIV/0! | CB8: =(BZ8*$G8+CA8/$I8)/$G8 -> #DIV/0! | CC8: =CB8/$F8 -> #DIV/0! | CD8: =_xlfn.CEILING.MATH(CC8) -> #DIV/0! | CE8: =CD8*BU8 -> #DIV/0!
A9: 6 | F9: =$F$2 -> 0.85 | N9: =(L9*$G9+M9/$I9)/$G9 -> #DIV/0! | O9: =N9/$F9 -> #DIV/0! | P9: =_xlfn.CEILING.MATH(O9) -> #DIV/0! | Q9: =P9*G9 -> #DIV/0! | T9: =(R9*$G9+S9/$I9)/$G9 -> #DIV/0! | U9: =T9/$F9 -> #DIV/0! | V9: =_xlfn.CEILING.MATH(U9) -> #DIV/0! | W9: =V9*M9 -> #DIV/0! | Z9: =(X9*$G9+Y9/$I9)/$G9 -> #DIV/0! | AA9: =Z9/$F9 -> #DIV/0! | AB9: =_xlfn.CEILING.MATH(AA9) -> #DIV/0! | AC9: =AB9*S9 -> #DIV/0! | AF9: =(AD9*$G9+AE9/$I9)/$G9 -> #DIV/0! | AG9: =AF9/$F9 -> #DIV/0! | AH9: =_xlfn.CEILING.MATH(AG9) -> #DIV/0! | AI9: =AH9*Y9 -> #DIV/0! | AL9: =(AJ9*$G9+AK9/$I9)/$G9 -> #DIV/0! | AM9: =AL9/$F9 -> #DIV/0! | AN9: =_xlfn.CEILING.MATH(AM9) -> #DIV/0! | AO9: =AN9*AE9 -> #DIV/0! | AR9: =(AP9*$G9+AQ9/$I9)/$G9 -> #DIV/0! | AS9: =AR9/$F9 -> #DIV/0! | AT9: =_xlfn.CEILING.MATH(AS9) -> #DIV/0! | AU9: =AT9*AK9 -> #DIV/0! | AX9: =(AV9*$G9+AW9/$I9)/$G9 -> #DIV/0! | AY9: =AX9/$F9 -> #DIV/0! | AZ9: =_xlfn.CEILING.MATH(AY9) -> #DIV/0! | BA9: =AZ9*AQ9 -> #DIV/0! | BD9: =(BB9*$G9+BC9/$I9)/$G9 -> #DIV/0! | BE9: =BD9/$F9 -> #DIV/0! | BF9: =_xlfn.CEILING.MATH(BE9) -> #DIV/0! | BG9: =BF9*AW9 -> #DIV/0! | BJ9: =(BH9*$G9+BI9/$I9)/$G9 -> #DIV/0! | BK9: =BJ9/$F9 -> #DIV/0! | BL9: =_xlfn.CEILING.MATH(BK9) -> #DIV/0! | BM9: =BL9*BC9 -> #DIV/0! | BP9: =(BN9*$G9+BO9/$I9)/$G9 -> #DIV/0! | BQ9: =BP9/$F9 -> #DIV/0! | BR9: =_xlfn.CEILING.MATH(BQ9) -> #DIV/0! | BS9: =BR9*BI9 -> #DIV/0! | BV9: =(BT9*$G9+BU9/$I9)/$G9 -> #DIV/0! | BW9: =BV9/$F9 -> #DIV/0! | BX9: =_xlfn.CEILING.MATH(BW9) -> #DIV/0! | BY9: =BX9*BO9 -> #DIV/0! | CB9: =(BZ9*$G9+CA9/$I9)/$G9 -> #DIV/0! | CC9: =CB9/$F9 -> #DIV/0! | CD9: =_xlfn.CEILING.MATH(CC9) -> #DIV/0! | CE9: =CD9*BU9 -> #DIV/0!
A10: 7 | F10: =$F$2 -> 0.85 | N10: =(L10*$G10+M10/$I10)/$G10 -> #DIV/0! | O10: =N10/$F10 -> #DIV/0! | P10: =_xlfn.CEILING.MATH(O10) -> #DIV/0! | Q10: =P10*G10 -> #DIV/0! | T10: =(R10*$G10+S10/$I10)/$G10 -> #DIV/0! | U10: =T10/$F10 -> #DIV/0! | V10: =_xlfn.CEILING.MATH(U10) -> #DIV/0! | W10: =V10*M10 -> #DIV/0! | Z10: =(X10*$G10+Y10/$I10)/$G10 -> #DIV/0! | AA10: =Z10/$F10 -> #DIV/0! | AB10: =_xlfn.CEILING.MATH(AA10) -> #DIV/0! | AC10: =AB10*S10 -> #DIV/0! | AF10: =(AD10*$G10+AE10/$I10)/$G10 -> #DIV/0! | AG10: =AF10/$F10 -> #DIV/0! | AH10: =_xlfn.CEILING.MATH(AG10) -> #DIV/0! | AI10: =AH10*Y10 -> #DIV/0! | AL10: =(AJ10*$G10+AK10/$I10)/$G10 -> #DIV/0! | AM10: =AL10/$F10 -> #DIV/0! | AN10: =_xlfn.CEILING.MATH(AM10) -> #DIV/0! | AO10: =AN10*AE10 -> #DIV/0! | AR10: =(AP10*$G10+AQ10/$I10)/$G10 -> #DIV/0! | AS10: =AR10/$F10 -> #DIV/0! | AT10: =_xlfn.CEILING.MATH(AS10) -> #DIV/0! | AU10: =AT10*AK10 -> #DIV/0! | AX10: =(AV10*$G10+AW10/$I10)/$G10 -> #DIV/0! | AY10: =AX10/$F10 -> #DIV/0! | AZ10: =_xlfn.CEILING.MATH(AY10) -> #DIV/0! | BA10: =AZ10*AQ10 -> #DIV/0! | BD10: =(BB10*$G10+BC10/$I10)/$G10 -> #DIV/0! | BE10: =BD10/$F10 -> #DIV/0! | BF10: =_xlfn.CEILING.MATH(BE10) -> #DIV/0! | BG10: =BF10*AW10 -> #DIV/0! | BJ10: =(BH10*$G10+BI10/$I10)/$G10 -> #DIV/0! | BK10: =BJ10/$F10 -> #DIV/0! | BL10: =_xlfn.CEILING.MATH(BK10) -> #DIV/0! | BM10: =BL10*BC10 -> #DIV/0! | BP10: =(BN10*$G10+BO10/$I10)/$G10 -> #DIV/0! | BQ10: =BP10/$F10 -> #DIV/0! | BR10: =_xlfn.CEILING.MATH(BQ10) -> #DIV/0! | BS10: =BR10*BI10 -> #DIV/0! | BV10: =(BT10*$G10+BU10/$I10)/$G10 -> #DIV/0! | BW10: =BV10/$F10 -> #DIV/0! | BX10: =_xlfn.CEILING.MATH(BW10) -> #DIV/0! | BY10: =BX10*BO10 -> #DIV/0! | CB10: =(BZ10*$G10+CA10/$I10)/$G10 -> #DIV/0! | CC10: =CB10/$F10 -> #DIV/0! | CD10: =_xlfn.CEILING.MATH(CC10) -> #DIV/0! | CE10: =CD10*BU10 -> #DIV/0!
A11: 8 | F11: =$F$2 -> 0.85 | N11: =(L11*$G11+M11/$I11)/$G11 -> #DIV/0! | O11: =N11/$F11 -> #DIV/0! | P11: =_xlfn.CEILING.MATH(O11) -> #DIV/0! | Q11: =P11*G11 -> #DIV/0! | T11: =(R11*$G11+S11/$I11)/$G11 -> #DIV/0! | U11: =T11/$F11 -> #DIV/0! | V11: =_xlfn.CEILING.MATH(U11) -> #DIV/0! | W11: =V11*M11 -> #DIV/0! | Z11: =(X11*$G11+Y11/$I11)/$G11 -> #DIV/0! | AA11: =Z11/$F11 -> #DIV/0! | AB11: =_xlfn.CEILING.MATH(AA11) -> #DIV/0! | AC11: =AB11*S11 -> #DIV/0! | AF11: =(AD11*$G11+AE11/$I11)/$G11 -> #DIV/0! | AG11: =AF11/$F11 -> #DIV/0! | AH11: =_xlfn.CEILING.MATH(AG11) -> #DIV/0! | AI11: =AH11*Y11 -> #DIV/0! | AL11: =(AJ11*$G11+AK11/$I11)/$G11 -> #DIV/0! | AM11: =AL11/$F11 -> #DIV/0! | AN11: =_xlfn.CEILING.MATH(AM11) -> #DIV/0! | AO11: =AN11*AE11 -> #DIV/0! | AR11: =(AP11*$G11+AQ11/$I11)/$G11 -> #DIV/0! | AS11: =AR11/$F11 -> #DIV/0! | AT11: =_xlfn.CEILING.MATH(AS11) -> #DIV/0! | AU11: =AT11*AK11 -> #DIV/0! | AX11: =(AV11*$G11+AW11/$I11)/$G11 -> #DIV/0! | AY11: =AX11/$F11 -> #DIV/0! | AZ11: =_xlfn.CEILING.MATH(AY11) -> #DIV/0! | BA11: =AZ11*AQ11 -> #DIV/0! | BD11: =(BB11*$G11+BC11/$I11)/$G11 -> #DIV/0! | BE11: =BD11/$F11 -> #DIV/0! | BF11: =_xlfn.CEILING.MATH(BE11) -> #DIV/0! | BG11: =BF11*AW11 -> #DIV/0! | BJ11: =(BH11*$G11+BI11/$I11)/$G11 -> #DIV/0! | BK11: =BJ11/$F11 -> #DIV/0! | BL11: =_xlfn.CEILING.MATH(BK11) -> #DIV/0! | BM11: =BL11*BC11 -> #DIV/0! | BP11: =(BN11*$G11+BO11/$I11)/$G11 -> #DIV/0! | BQ11: =BP11/$F11 -> #DIV/0! | BR11: =_xlfn.CEILING.MATH(BQ11) -> #DIV/0! | BS11: =BR11*BI11 -> #DIV/0! | BV11: =(BT11*$G11+BU11/$I11)/$G11 -> #DIV/0! | BW11: =BV11/$F11 -> #DIV/0! | BX11: =_xlfn.CEILING.MATH(BW11) -> #DIV/0! | BY11: =BX11*BO11 -> #DIV/0! | CB11: =(BZ11*$G11+CA11/$I11)/$G11 -> #DIV/0! | CC11: =CB11/$F11 -> #DIV/0! | CD11: =_xlfn.CEILING.MATH(CC11) -> #DIV/0! | CE11: =CD11*BU11 -> #DIV/0!
A12: 9 | F12: =$F$2 -> 0.85 | N12: =(L12*$G12+M12/$I12)/$G12 -> #DIV/0! | O12: =N12/$F12 -> #DIV/0! | P12: =_xlfn.CEILING.MATH(O12) -> #DIV/0! | Q12: =P12*G12 -> #DIV/0! | T12: =(R12*$G12+S12/$I12)/$G12 -> #DIV/0! | U12: =T12/$F12 -> #DIV/0! | V12: =_xlfn.CEILING.MATH(U12) -> #DIV/0! | W12: =V12*M12 -> #DIV/0! | Z12: =(X12*$G12+Y12/$I12)/$G12 -> #DIV/0! | AA12: =Z12/$F12 -> #DIV/0! | AB12: =_xlfn.CEILING.MATH(AA12) -> #DIV/0! | AC12: =AB12*S12 -> #DIV/0! | AF12: =(AD12*$G12+AE12/$I12)/$G12 -> #DIV/0! | AG12: =AF12/$F12 -> #DIV/0! | AH12: =_xlfn.CEILING.MATH(AG12) -> #DIV/0! | AI12: =AH12*Y12 -> #DIV/0! | AL12: =(AJ12*$G12+AK12/$I12)/$G12 -> #DIV/0! | AM12: =AL12/$F12 -> #DIV/0! | AN12: =_xlfn.CEILING.MATH(AM12) -> #DIV/0! | AO12: =AN12*AE12 -> #DIV/0! | AR12: =(AP12*$G12+AQ12/$I12)/$G12 -> #DIV/0! | AS12: =AR12/$F12 -> #DIV/0! | AT12: =_xlfn.CEILING.MATH(AS12) -> #DIV/0! | AU12: =AT12*AK12 -> #DIV/0! | AX12: =(AV12*$G12+AW12/$I12)/$G12 -> #DIV/0! | AY12: =AX12/$F12 -> #DIV/0! | AZ12: =_xlfn.CEILING.MATH(AY12) -> #DIV/0! | BA12: =AZ12*AQ12 -> #DIV/0! | BD12: =(BB12*$G12+BC12/$I12)/$G12 -> #DIV/0! | BE12: =BD12/$F12 -> #DIV/0! | BF12: =_xlfn.CEILING.MATH(BE12) -> #DIV/0! | BG12: =BF12*AW12 -> #DIV/0! | BJ12: =(BH12*$G12+BI12/$I12)/$G12 -> #DIV/0! | BK12: =BJ12/$F12 -> #DIV/0! | BL12: =_xlfn.CEILING.MATH(BK12) -> #DIV/0! | BM12: =BL12*BC12 -> #DIV/0! | BP12: =(BN12*$G12+BO12/$I12)/$G12 -> #DIV/0! | BQ12: =BP12/$F12 -> #DIV/0! | BR12: =_xlfn.CEILING.MATH(BQ12) -> #DIV/0! | BS12: =BR12*BI12 -> #DIV/0! | BV12: =(BT12*$G12+BU12/$I12)/$G12 -> #DIV/0! | BW12: =BV12/$F12 -> #DIV/0! | BX12: =_xlfn.CEILING.MATH(BW12) -> #DIV/0! | BY12: =BX12*BO12 -> #DIV/0! | CB12: =(BZ12*$G12+CA12/$I12)/$G12 -> #DIV/0! | CC12: =CB12/$F12 -> #DIV/0! | CD12: =_xlfn.CEILING.MATH(CC12) -> #DIV/0! | CE12: =CD12*BU12 -> #DIV/0!
A13: 10 | F13: =$F$2 -> 0.85 | N13: =(L13*$G13+M13/$I13)/$G13 -> #DIV/0! | O13: =N13/$F13 -> #DIV/0! | P13: =_xlfn.CEILING.MATH(O13) -> #DIV/0! | Q13: =P13*G13 -> #DIV/0! | T13: =(R13*$G13+S13/$I13)/$G13 -> #DIV/0! | U13: =T13/$F13 -> #DIV/0! | V13: =_xlfn.CEILING.MATH(U13) -> #DIV/0! | W13: =V13*M13 -> #DIV/0! | Z13: =(X13*$G13+Y13/$I13)/$G13 -> #DIV/0! | AA13: =Z13/$F13 -> #DIV/0! | AB13: =_xlfn.CEILING.MATH(AA13) -> #DIV/0! | AC13: =AB13*S13 -> #DIV/0! | AF13: =(AD13*$G13+AE13/$I13)/$G13 -> #DIV/0! | AG13: =AF13/$F13 -> #DIV/0! | AH13: =_xlfn.CEILING.MATH(AG13) -> #DIV/0! | AI13: =AH13*Y13 -> #DIV/0! | AL13: =(AJ13*$G13+AK13/$I13)/$G13 -> #DIV/0! | AM13: =AL13/$F13 -> #DIV/0! | AN13: =_xlfn.CEILING.MATH(AM13) -> #DIV/0! | AO13: =AN13*AE13 -> #DIV/0! | AR13: =(AP13*$G13+AQ13/$I13)/$G13 -> #DIV/0! | AS13: =AR13/$F13 -> #DIV/0! | AT13: =_xlfn.CEILING.MATH(AS13) -> #DIV/0! | AU13: =AT13*AK13 -> #DIV/0! | AX13: =(AV13*$G13+AW13/$I13)/$G13 -> #DIV/0! | AY13: =AX13/$F13 -> #DIV/0! | AZ13: =_xlfn.CEILING.MATH(AY13) -> #DIV/0! | BA13: =AZ13*AQ13 -> #DIV/0! | BD13: =(BB13*$G13+BC13/$I13)/$G13 -> #DIV/0! | BE13: =BD13/$F13 -> #DIV/0! | BF13: =_xlfn.CEILING.MATH(BE13) -> #DIV/0! | BG13: =BF13*AW13 -> #DIV/0! | BJ13: =(BH13*$G13+BI13/$I13)/$G13 -> #DIV/0! | BK13: =BJ13/$F13 -> #DIV/0! | BL13: =_xlfn.CEILING.MATH(BK13) -> #DIV/0! | BM13: =BL13*BC13 -> #DIV/0! | BP13: =(BN13*$G13+BO13/$I13)/$G13 -> #DIV/0! | BQ13: =BP13/$F13 -> #DIV/0! | BR13: =_xlfn.CEILING.MATH(BQ13) -> #DIV/0! | BS13: =BR13*BI13 -> #DIV/0! | BV13: =(BT13*$G13+BU13/$I13)/$G13 -> #DIV/0! | BW13: =BV13/$F13 -> #DIV/0! | BX13: =_xlfn.CEILING.MATH(BW13) -> #DIV/0! | BY13: =BX13*BO13 -> #DIV/0! | CB13: =(BZ13*$G13+CA13/$I13)/$G13 -> #DIV/0! | CC13: =CB13/$F13 -> #DIV/0! | CD13: =_xlfn.CEILING.MATH(CC13) -> #DIV/0! | CE13: =CD13*BU13 -> #DIV/0!
A14: 11 | F14: =$F$2 -> 0.85 | N14: =(L14*$G14+M14/$I14)/$G14 -> #DIV/0! | O14: =N14/$F14 -> #DIV/0! | P14: =_xlfn.CEILING.MATH(O14) -> #DIV/0! | Q14: =P14*G14 -> #DIV/0! | T14: =(R14*$G14+S14/$I14)/$G14 -> #DIV/0! | U14: =T14/$F14 -> #DIV/0! | V14: =_xlfn.CEILING.MATH(U14) -> #DIV/0! | W14: =V14*M14 -> #DIV/0! | Z14: =(X14*$G14+Y14/$I14)/$G14 -> #DIV/0! | AA14: =Z14/$F14 -> #DIV/0! | AB14: =_xlfn.CEILING.MATH(AA14) -> #DIV/0! | AC14: =AB14*S14 -> #DIV/0! | AF14: =(AD14*$G14+AE14/$I14)/$G14 -> #DIV/0! | AG14: =AF14/$F14 -> #DIV/0! | AH14: =_xlfn.CEILING.MATH(AG14) -> #DIV/0! | AI14: =AH14*Y14 -> #DIV/0! | AL14: =(AJ14*$G14+AK14/$I14)/$G14 -> #DIV/0! | AM14: =AL14/$F14 -> #DIV/0! | AN14: =_xlfn.CEILING.MATH(AM14) -> #DIV/0! | AO14: =AN14*AE14 -> #DIV/0! | AR14: =(AP14*$G14+AQ14/$I14)/$G14 -> #DIV/0! | AS14: =AR14/$F14 -> #DIV/0! | AT14: =_xlfn.CEILING.MATH(AS14) -> #DIV/0! | AU14: =AT14*AK14 -> #DIV/0! | AX14: =(AV14*$G14+AW14/$I14)/$G14 -> #DIV/0! | AY14: =AX14/$F14 -> #DIV/0! | AZ14: =_xlfn.CEILING.MATH(AY14) -> #DIV/0! | BA14: =AZ14*AQ14 -> #DIV/0! | BD14: =(BB14*$G14+BC14/$I14)/$G14 -> #DIV/0! | BE14: =BD14/$F14 -> #DIV/0! | BF14: =_xlfn.CEILING.MATH(BE14) -> #DIV/0! | BG14: =BF14*AW14 -> #DIV/0! | BJ14: =(BH14*$G14+BI14/$I14)/$G14 -> #DIV/0! | BK14: =BJ14/$F14 -> #DIV/0! | BL14: =_xlfn.CEILING.MATH(BK14) -> #DIV/0! | BM14: =BL14*BC14 -> #DIV/0! | BP14: =(BN14*$G14+BO14/$I14)/$G14 -> #DIV/0! | BQ14: =BP14/$F14 -> #DIV/0! | BR14: =_xlfn.CEILING.MATH(BQ14) -> #DIV/0! | BS14: =BR14*BI14 -> #DIV/0! | BV14: =(BT14*$G14+BU14/$I14)/$G14 -> #DIV/0! | BW14: =BV14/$F14 -> #DIV/0! | BX14: =_xlfn.CEILING.MATH(BW14) -> #DIV/0! | BY14: =BX14*BO14 -> #DIV/0! | CB14: =(BZ14*$G14+CA14/$I14)/$G14 -> #DIV/0! | CC14: =CB14/$F14 -> #DIV/0! | CD14: =_xlfn.CEILING.MATH(CC14) -> #DIV/0! | CE14: =CD14*BU14 -> #DIV/0!
A15: 12 | F15: =$F$2 -> 0.85 | N15: =(L15*$G15+M15/$I15)/$G15 -> #DIV/0! | O15: =N15/$F15 -> #DIV/0! | P15: =_xlfn.CEILING.MATH(O15) -> #DIV/0! | Q15: =P15*G15 -> #DIV/0! | T15: =(R15*$G15+S15/$I15)/$G15 -> #DIV/0! | U15: =T15/$F15 -> #DIV/0! | V15: =_xlfn.CEILING.MATH(U15) -> #DIV/0! | W15: =V15*M15 -> #DIV/0! | Z15: =(X15*$G15+Y15/$I15)/$G15 -> #DIV/0! | AA15: =Z15/$F15 -> #DIV/0! | AB15: =_xlfn.CEILING.MATH(AA15) -> #DIV/0! | AC15: =AB15*S15 -> #DIV/0! | AF15: =(AD15*$G15+AE15/$I15)/$G15 -> #DIV/0! | AG15: =AF15/$F15 -> #DIV/0! | AH15: =_xlfn.CEILING.MATH(AG15) -> #DIV/0! | AI15: =AH15*Y15 -> #DIV/0! | AL15: =(AJ15*$G15+AK15/$I15)/$G15 -> #DIV/0! | AM15: =AL15/$F15 -> #DIV/0! | AN15: =_xlfn.CEILING.MATH(AM15) -> #DIV/0! | AO15: =AN15*AE15 -> #DIV/0! | AR15: =(AP15*$G15+AQ15/$I15)/$G15 -> #DIV/0! | AS15: =AR15/$F15 -> #DIV/0! | AT15: =_xlfn.CEILING.MATH(AS15) -> #DIV/0! | AU15: =AT15*AK15 -> #DIV/0! | AX15: =(AV15*$G15+AW15/$I15)/$G15 -> #DIV/0! | AY15: =AX15/$F15 -> #DIV/0! | AZ15: =_xlfn.CEILING.MATH(AY15) -> #DIV/0! | BA15: =AZ15*AQ15 -> #DIV/0! | BD15: =(BB15*$G15+BC15/$I15)/$G15 -> #DIV/0! | BE15: =BD15/$F15 -> #DIV/0! | BF15: =_xlfn.CEILING.MATH(BE15) -> #DIV/0! | BG15: =BF15*AW15 -> #DIV/0! | BJ15: =(BH15*$G15+BI15/$I15)/$G15 -> #DIV/0! | BK15: =BJ15/$F15 -> #DIV/0! | BL15: =_xlfn.CEILING.MATH(BK15) -> #DIV/0! | BM15: =BL15*BC15 -> #DIV/0! | BP15: =(BN15*$G15+BO15/$I15)/$G15 -> #DIV/0! | BQ15: =BP15/$F15 -> #DIV/0! | BR15: =_xlfn.CEILING.MATH(BQ15) -> #DIV/0! | BS15: =BR15*BI15 -> #DIV/0! | BV15: =(BT15*$G15+BU15/$I15)/$G15 -> #DIV/0! | BW15: =BV15/$F15 -> #DIV/0! | BX15: =_xlfn.CEILING.MATH(BW15) -> #DIV/0! | BY15: =BX15*BO15 -> #DIV/0! | CB15: =(BZ15*$G15+CA15/$I15)/$G15 -> #DIV/0! | CC15: =CB15/$F15 -> #DIV/0! | CD15: =_xlfn.CEILING.MATH(CC15) -> #DIV/0! | CE15: =CD15*BU15 -> #DIV/0!
A16: 13 | F16: =$F$2 -> 0.85 | N16: =(L16*$G16+M16/$I16)/$G16 -> #DIV/0! | O16: =N16/$F16 -> #DIV/0! | P16: =_xlfn.CEILING.MATH(O16) -> #DIV/0! | Q16: =P16*G16 -> #DIV/0! | T16: =(R16*$G16+S16/$I16)/$G16 -> #DIV/0! | U16: =T16/$F16 -> #DIV/0! | V16: =_xlfn.CEILING.MATH(U16) -> #DIV/0! | W16: =V16*M16 -> #DIV/0! | Z16: =(X16*$G16+Y16/$I16)/$G16 -> #DIV/0! | AA16: =Z16/$F16 -> #DIV/0! | AB16: =_xlfn.CEILING.MATH(AA16) -> #DIV/0! | AC16: =AB16*S16 -> #DIV/0! | AF16: =(AD16*$G16+AE16/$I16)/$G16 -> #DIV/0! | AG16: =AF16/$F16 -> #DIV/0! | AH16: =_xlfn.CEILING.MATH(AG16) -> #DIV/0! | AI16: =AH16*Y16 -> #DIV/0! | AL16: =(AJ16*$G16+AK16/$I16)/$G16 -> #DIV/0! | AM16: =AL16/$F16 -> #DIV/0! | AN16: =_xlfn.CEILING.MATH(AM16) -> #DIV/0! | AO16: =AN16*AE16 -> #DIV/0! | AR16: =(AP16*$G16+AQ16/$I16)/$G16 -> #DIV/0! | AS16: =AR16/$F16 -> #DIV/0! | AT16: =_xlfn.CEILING.MATH(AS16) -> #DIV/0! | AU16: =AT16*AK16 -> #DIV/0! | AX16: =(AV16*$G16+AW16/$I16)/$G16 -> #DIV/0! | AY16: =AX16/$F16 -> #DIV/0! | AZ16: =_xlfn.CEILING.MATH(AY16) -> #DIV/0! | BA16: =AZ16*AQ16 -> #DIV/0! | BD16: =(BB16*$G16+BC16/$I16)/$G16 -> #DIV/0! | BE16: =BD16/$F16 -> #DIV/0! | BF16: =_xlfn.CEILING.MATH(BE16) -> #DIV/0! | BG16: =BF16*AW16 -> #DIV/0! | BJ16: =(BH16*$G16+BI16/$I16)/$G16 -> #DIV/0! | BK16: =BJ16/$F16 -> #DIV/0! | BL16: =_xlfn.CEILING.MATH(BK16) -> #DIV/0! | BM16: =BL16*BC16 -> #DIV/0! | BP16: =(BN16*$G16+BO16/$I16)/$G16 -> #DIV/0! | BQ16: =BP16/$F16 -> #DIV/0! | BR16: =_xlfn.CEILING.MATH(BQ16) -> #DIV/0! | BS16: =BR16*BI16 -> #DIV/0! | BV16: =(BT16*$G16+BU16/$I16)/$G16 -> #DIV/0! | BW16: =BV16/$F16 -> #DIV/0! | BX16: =_xlfn.CEILING.MATH(BW16) -> #DIV/0! | BY16: =BX16*BO16 -> #DIV/0! | CB16: =(BZ16*$G16+CA16/$I16)/$G16 -> #DIV/0! | CC16: =CB16/$F16 -> #DIV/0! | CD16: =_xlfn.CEILING.MATH(CC16) -> #DIV/0! | CE16: =CD16*BU16 -> #DIV/0!
A17: 14 | F17: =$F$2 -> 0.85 | N17: =(L17*$G17+M17/$I17)/$G17 -> #DIV/0! | O17: =N17/$F17 -> #DIV/0! | P17: =_xlfn.CEILING.MATH(O17) -> #DIV/0! | Q17: =P17*G17 -> #DIV/0! | T17: =(R17*$G17+S17/$I17)/$G17 -> #DIV/0! | U17: =T17/$F17 -> #DIV/0! | V17: =_xlfn.CEILING.MATH(U17) -> #DIV/0! | W17: =V17*M17 -> #DIV/0! | Z17: =(X17*$G17+Y17/$I17)/$G17 -> #DIV/0! | AA17: =Z17/$F17 -> #DIV/0! | AB17: =_xlfn.CEILING.MATH(AA17) -> #DIV/0! | AC17: =AB17*S17 -> #DIV/0! | AF17: =(AD17*$G17+AE17/$I17)/$G17 -> #DIV/0! | AG17: =AF17/$F17 -> #DIV/0! | AH17: =_xlfn.CEILING.MATH(AG17) -> #DIV/0! | AI17: =AH17*Y17 -> #DIV/0! | AL17: =(AJ17*$G17+AK17/$I17)/$G17 -> #DIV/0! | AM17: =AL17/$F17 -> #DIV/0! | AN17: =_xlfn.CEILING.MATH(AM17) -> #DIV/0! | AO17: =AN17*AE17 -> #DIV/0! | AR17: =(AP17*$G17+AQ17/$I17)/$G17 -> #DIV/0! | AS17: =AR17/$F17 -> #DIV/0! | AT17: =_xlfn.CEILING.MATH(AS17) -> #DIV/0! | AU17: =AT17*AK17 -> #DIV/0! | AX17: =(AV17*$G17+AW17/$I17)/$G17 -> #DIV/0! | AY17: =AX17/$F17 -> #DIV/0! | AZ17: =_xlfn.CEILING.MATH(AY17) -> #DIV/0! | BA17: =AZ17*AQ17 -> #DIV/0! | BD17: =(BB17*$G17+BC17/$I17)/$G17 -> #DIV/0! | BE17: =BD17/$F17 -> #DIV/0! | BF17: =_xlfn.CEILING.MATH(BE17) -> #DIV/0! | BG17: =BF17*AW17 -> #DIV/0! | BJ17: =(BH17*$G17+BI17/$I17)/$G17 -> #DIV/0! | BK17: =BJ17/$F17 -> #DIV/0! | BL17: =_xlfn.CEILING.MATH(BK17) -> #DIV/0! | BM17: =BL17*BC17 -> #DIV/0! | BP17: =(BN17*$G17+BO17/$I17)/$G17 -> #DIV/0! | BQ17: =BP17/$F17 -> #DIV/0! | BR17: =_xlfn.CEILING.MATH(BQ17) -> #DIV/0! | BS17: =BR17*BI17 -> #DIV/0! | BV17: =(BT17*$G17+BU17/$I17)/$G17 -> #DIV/0! | BW17: =BV17/$F17 -> #DIV/0! | BX17: =_xlfn.CEILING.MATH(BW17) -> #DIV/0! | BY17: =BX17*BO17 -> #DIV/0! | CB17: =(BZ17*$G17+CA17/$I17)/$G17 -> #DIV/0! | CC17: =CB17/$F17 -> #DIV/0! | CD17: =_xlfn.CEILING.MATH(CC17) -> #DIV/0! | CE17: =CD17*BU17 -> #DIV/0!
... A150: 147 | F150: =$F$2 -> 0.85 | N150: =(L150*$G150+M150/$I150)/$G150 -> #DIV/0! | O150: =N150/$F150 -> #DIV/0! | P150: =_xlfn.CEILING.MATH(O150) -> #DIV/0! | Q150: =P150*G150 -> #DIV/0! | T150: =(R150*$G150+S150/$I150)/$G150 -> #DIV/0! | U150: =T150/$F150 -> #DIV/0! | V150: =_xlfn.CEILING.MATH(U150) -> #DIV/0! | W150: =V150*M150 -> #DIV/0! | Z150: =(X150*$G150+Y150/$I150)/$G150 -> #DIV/0! | AA150: =Z150/$F150 -> #DIV/0! | AB150: =_xlfn.CEILING.MATH(AA150) -> #DIV/0! | AC150: =AB150*S150 -> #DIV/0! | AF150: =(AD150*$G150+AE150/$I150)/$G150 -> #DIV/0! | AG150: =AF150/$F150 -> #DIV/0! | AH150: =_xlfn.CEILING.MATH(AG150) -> #DIV/0! | AI150: =AH150*Y150 -> #DIV/0! | AL150: =(AJ150*$G150+AK150/$I150)/$G150 -> #DIV/0! | AM150: =AL150/$F150 -> #DIV/0! | AN150: =_xlfn.CEILING.MATH(AM150) -> #DIV/0! | AO150: =AN150*AE150 -> #DIV/0! | AR150: =(AP150*$G150+AQ150/$I150)/$G150 -> #DIV/0! | AS150: =AR150/$F150 -> #DIV/0! | AT150: =_xlfn.CEILING.MATH(AS150) -> #DIV/0! | AU150: =AT150*AK150 -> #DIV/0! | AX150: =(AV150*$G150+AW150/$I150)/$G150 -> #DIV/0! | AY150: =AX150/$F150 -> #DIV/0! | AZ150: =_xlfn.CEILING.MATH(AY150) -> #DIV/0! | BA150: =AZ150*AQ150 -> #DIV/0! | BD150: =(BB150*$G150+BC150/$I150)/$G150 -> #DIV/0! | BE150: =BD150/$F150 -> #DIV/0! | BF150: =_xlfn.CEILING.MATH(BE150) -> #DIV/0! | BG150: =BF150*AW150 -> #DIV/0! | BJ150: =(BH150*$G150+BI150/$I150)/$G150 -> #DIV/0! | BK150: =BJ150/$F150 -> #DIV/0! | BL150: =_xlfn.CEILING.MATH(BK150) -> #DIV/0! | BM150: =BL150*BC150 -> #DIV/0! | BP150: =(BN150*$G150+BO150/$I150)/$G150 -> #DIV/0! | BQ150: =BP150/$F150 -> #DIV/0! | BR150: =_xlfn.CEILING.MATH(BQ150) -> #DIV/0! | BS150: =BR150*BI150 -> #DIV/0! | BV150: =(BT150*$G150+BU150/$I150)/$G150 -> #DIV/0! | BW150: =BV150/$F150 -> #DIV/0! | BX150: =_xlfn.CEILING.MATH(BW150) -> #DIV/0! | BY150: =BX150*BO150 -> #DIV/0! | CB150: =(BZ150*$G150+CA150/$I150)/$G150 -> #DIV/0! | CC150: =CB150/$F150 -> #DIV/0! | CD150: =_xlfn.CEILING.MATH(CC150) -> #DIV/0! | CE150: =CD150*BU150 -> #DIV/0!

Sheet 計算（宅配便2）
A1: 計算(宅配便2)
D2: セット名詳細 | F2: ='宅配便 仮計算'!D2 -> 0.85 | G2: 入数情報 | H2: 混載情報 | J2: セット情報 | K2: 送料情報 | L2: 地域別卸値計算
A3: 番号 | B3: JANコード | C3: 商品名 | D3: セット名種類 | E3: セット名追加情報 | F3: 原価率 | G3: 入数 (合計数計算) | H3: グループ番号 | I3: 数 | J3: 種類 | K3: 適用送料 | L3: 関東 仕入単価 | M3: 関東送料 | N3: 送料込み 仕入単価 | O3: 卸単価計算 | P3: 切り上げ 卸値単価 | Q3: 関東 卸ケース単価 | R3: 北海道 仕入単価 | S3: 北海道 送料 | T3: 送料込み 仕入単価 | U3: 卸単価計算 | V3: 切り上げ 卸値単価 | W3: 北海道 卸ケース単価 | X3: 北東北 仕入単価 | Y3: 北東北 送料 | Z3: 送料込み 仕入単価 | AA3: 卸単価計算 | AB3: 切り上げ 卸値単価 | AC3: 北東北 卸ケース単価 | AD3: 南東北 仕入単価 | AE3: 南東北 送料 | AF3: 送料込み 仕入単価 | AG3: 卸単価計算 | AH3: 切り上げ 卸値単価 | AI3: 南東北 卸ケース単価 | AJ3: 信越 仕入単価 | AK3: 信越送料 | AL3: 送料込み 仕入単価 | AM3: 卸単価計算 | AN3: 切り上げ 卸値単価 | AO3: 信越 卸ケース単価 | AP3: 北陸 仕入単価 | AQ3: 北陸送料 | AR3: 送料込み 仕入単価 | AS3: 卸単価計算 | AT3: 切り上げ 卸値単価 | AU3: 北陸 卸ケース単価 | AV3: 中部 仕入単価 | AW3: 中部送料 | AX3: 送料込み 仕入単価 | AY3: 卸単価計算 | AZ3: 切り上げ 卸値単価 | BA3: 中部 卸ケース単価 | BB3: 関西 仕入単価 | BC3: 関西送料 | BD3: 送料込み 仕入単価 | BE3: 卸単価計算 | BF3: 切り上げ 卸値単価 | BG3: 関西 卸ケース単価 | BH3: 中国 仕入単価 | BI3: 中国送料 | BJ3: 送料込み 仕入単価 | BK3: 卸単価計算 | BL3: 切り上げ 卸値単価 | BM3: 中国 卸ケース単価 | BN3: 四国 仕入単価 | BO3: 四国送料 | BP3: 送料込み 仕入単価 | BQ3: 卸単価計算 | BR3: 切り上げ 卸値単価 | BS3: 四国 卸ケース単価 | BT3: 九州 仕入単価 | BU3: 九州送料 | BV3: 送料込み 仕入単価 | BW3: 卸単価計算 | BX3: 切り上げ 卸値単価 | BY3: 九州 卸ケース単価 | BZ3: 沖縄 仕入単価 | CA3: 沖縄送料 | CB3: 送料込み 仕入単価 | CC3: 卸単価計算 | CD3: 切り上げ 卸値単価 | CE3: 沖縄 卸ケース単価
A4: 1 | D4: 【冷凍販売用】 | F4: =$F$2 -> 0.85 | G4: 100 | H4: 1 | I4: 1 | J4: (送料込) | K4: ① | N4: =(L4*$G4+M4/$I4)/$G4 -> 0 | O4: =N4/$F4 -> 0 | P4: =_xlfn.CEILING.MATH(O4) -> 0 | Q4: =P4*G4 -> 0 | T4: =(R4*$G4+S4/$I4)/$G4 -> 0 | U4: =T4/$F4 -> 0 | V4: =_xlfn.CEILING.MATH(U4) -> 0 | W4: =V4*M4 -> 0 | Z4: =(X4*$G4+Y4/$I4)/$G4 -> 0 | AA4: =Z4/$F4 -> 0 | AB4: =_xlfn.CEILING.MATH(AA4) -> 0 | AC4: =AB4*S4 -> 0 | AF4: =(AD4*$G4+AE4/$I4)/$G4 -> 0 | AG4: =AF4/$F4 -> 0 | AH4: =_xlfn.CEILING.MATH(AG4) -> 0 | AI4: =AH4*Y4 -> 0 | AL4: =(AJ4*$G4+AK4/$I4)/$G4 -> 0 | AM4: =AL4/$F4 -> 0 | AN4: =_xlfn.CEILING.MATH(AM4) -> 0 | AO4: =AN4*AE4 -> 0 | AR4: =(AP4*$G4+AQ4/$I4)/$G4 -> 0 | AS4: =AR4/$F4 -> 0 | AT4: =_xlfn.CEILING.MATH(AS4) -> 0 | AU4: =AT4*AK4 -> 0 | AX4: =(AV4*$G4+AW4/$I4)/$G4 -> 0 | AY4: =AX4/$F4 -> 0 | AZ4: =_xlfn.CEILING.MATH(AY4) -> 0 | BA4: =AZ4*AQ4 -> 0 | BD4: =(BB4*$G4+BC4/$I4)/$G4 -> 0 | BE4: =BD4/$F4 -> 0 | BF4: =_xlfn.CEILING.MATH(BE4) -> 0 | BG4: =BF4*AW4 -> 0 | BJ4: =(BH4*$G4+BI4/$I4)/$G4 -> 0 | BK4: =BJ4/$F4 -> 0 | BL4: =_xlfn.CEILING.MATH(BK4) -> 0 | BM4: =BL4*BC4 -> 0 | BP4: =(BN4*$G4+BO4/$I4)/$G4 -> 0 | BQ4: =BP4/$F4 -> 0 | BR4: =_xlfn.CEILING.MATH(BQ4) -> 0 | BS4: =BR4*BI4 -> 0 | BV4: =(BT4*$G4+BU4/$I4)/$G4 -> 0 | BW4: =BV4/$F4 -> 0 | BX4: =_xlfn.CEILING.MATH(BW4) -> 0 | BY4: =BX4*BO4 -> 0 | CB4: =(BZ4*$G4+CA4/$I4)/$G4 -> 0 | CC4: =CB4/$F4 -> 0 | CD4: =_xlfn.CEILING.MATH(CC4) -> 0 | CE4: =CD4*BU4 -> 0
A5: 2 | E5: ※混載1～3ケース | F5: =$F$2 -> 0.85 | N5: =(L5*$G5+M5/$I5)/$G5 -> #DIV/0! | O5: =N5/$F5 -> #DIV/0! | P5: =_xlfn.CEILING.MATH(O5) -> #DIV/0! | Q5: =P5*G5 -> #DIV/0! | T5: =(R5*$G5+S5/$I5)/$G5 -> #DIV/0! | U5: =T5/$F5 -> #DIV/0! | V5: =_xlfn.CEILING.MATH(U5) -> #DIV/0! | W5: =V5*M5 -> #DIV/0! | Z5: =(X5*$G5+Y5/$I5)/$G5 -> #DIV/0! | AA5: =Z5/$F5 -> #DIV/0! | AB5: =_xlfn.CEILING.MATH(AA5) -> #DIV/0! | AC5: =AB5*S5 -> #DIV/0! | AF5: =(AD5*$G5+AE5/$I5)/$G5 -> #DIV/0! | AG5: =AF5/$F5 -> #DIV/0! | AH5: =_xlfn.CEILING.MATH(AG5) -> #DIV/0! | AI5: =AH5*Y5 -> #DIV/0! | AL5: =(AJ5*$G5+AK5/$I5)/$G5 -> #DIV/0! | AM5: =AL5/$F5 -> #DIV/0! | AN5: =_xlfn.CEILING.MATH(AM5) -> #DIV/0! | AO5: =AN5*AE5 -> #DIV/0! | AR5: =(AP5*$G5+AQ5/$I5)/$G5 -> #DIV/0! | AS5: =AR5/$F5 -> #DIV/0! | AT5: =_xlfn.CEILING.MATH(AS5) -> #DIV/0! | AU5: =AT5*AK5 -> #DIV/0! | AX5: =(AV5*$G5+AW5/$I5)/$G5 -> #DIV/0! | AY5: =AX5/$F5 -> #DIV/0! | AZ5: =_xlfn.CEILING.MATH(AY5) -> #DIV/0! | BA5: =AZ5*AQ5 -> #DIV/0! | BD5: =(BB5*$G5+BC5/$I5)/$G5 -> #DIV/0! | BE5: =BD5/$F5 -> #DIV/0! | BF5: =_xlfn.CEILING.MATH(BE5) -> #DIV/0! | BG5: =BF5*AW5 -> #DIV/0! | BJ5: =(BH5*$G5+BI5/$I5)/$G5 -> #DIV/0! | BK5: =BJ5/$F5 -> #DIV/0! | BL5: =_xlfn.CEILING.MATH(BK5) -> #DIV/0! | BM5: =BL5*BC5 -> #DIV/0! | BP5: =(BN5*$G5+BO5/$I5)/$G5 -> #DIV/0! | BQ5: =BP5/$F5 -> #DIV/0! | BR5: =_xlfn.CEILING.MATH(BQ5) -> #DIV/0! | BS5: =BR5*BI5 -> #DIV/0! | BV5: =(BT5*$G5+BU5/$I5)/$G5 -> #DIV/0! | BW5: =BV5/$F5 -> #DIV/0! | BX5: =_xlfn.CEILING.MATH(BW5) -> #DIV/0! | BY5: =BX5*BO5 -> #DIV/0! | CB5: =(BZ5*$G5+CA5/$I5)/$G5 -> #DIV/0! | CC5: =CB5/$F5 -> #DIV/0! | CD5: =_xlfn.CEILING.MATH(CC5) -> #DIV/0! | CE5: =CD5*BU5 -> #DIV/0!
A6: 3 | F6: =$F$2 -> 0.85 | N6: =(L6*$G6+M6/$I6)/$G6 -> #DIV/0! | O6: =N6/$F6 -> #DIV/0! | P6: =_xlfn.CEILING.MATH(O6) -> #DIV/0! | Q6: =P6*G6 -> #DIV/0! | T6: =(R6*$G6+S6/$I6)/$G6 -> #DIV/0! | U6: =T6/$F6 -> #DIV/0! | V6: =_xlfn.CEILING.MATH(U6) -> #DIV/0! | W6: =V6*M6 -> #DIV/0! | Z6: =(X6*$G6+Y6/$I6)/$G6 -> #DIV/0! | AA6: =Z6/$F6 -> #DIV/0! | AB6: =_xlfn.CEILING.MATH(AA6) -> #DIV/0! | AC6: =AB6*S6 -> #DIV/0! | AF6: =(AD6*$G6+AE6/$I6)/$G6 -> #DIV/0! | AG6: =AF6/$F6 -> #DIV/0! | AH6: =_xlfn.CEILING.MATH(AG6) -> #DIV/0! | AI6: =AH6*Y6 -> #DIV/0! | AL6: =(AJ6*$G6+AK6/$I6)/$G6 -> #DIV/0! | AM6: =AL6/$F6 -> #DIV/0! | AN6: =_xlfn.CEILING.MATH(AM6) -> #DIV/0! | AO6: =AN6*AE6 -> #DIV/0! | AR6: =(AP6*$G6+AQ6/$I6)/$G6 -> #DIV/0! | AS6: =AR6/$F6 -> #DIV/0! | AT6: =_xlfn.CEILING.MATH(AS6) -> #DIV/0! | AU6: =AT6*AK6 -> #DIV/0! | AX6: =(AV6*$G6+AW6/$I6)/$G6 -> #DIV/0! | AY6: =AX6/$F6 -> #DIV/0! | AZ6: =_xlfn.CEILING.MATH(AY6) -> #DIV/0! | BA6: =AZ6*AQ6 -> #DIV/0! | BD6: =(BB6*$G6+BC6/$I6)/$G6 -> #DIV/0! | BE6: =BD6/$F6 -> #DIV/0! | BF6: =_xlfn.CEILING.MATH(BE6) -> #DIV/0! | BG6: =BF6*AW6 -> #DIV/0! | BJ6: =(BH6*$G6+BI6/$I6)/$G6 -> #DIV/0! | BK6: =BJ6/$F6 -> #DIV/0! | BL6: =_xlfn.CEILING.MATH(BK6) -> #DIV/0! | BM6: =BL6*BC6 -> #DIV/0! | BP6: =(BN6*$G6+BO6/$I6)/$G6 -> #DIV/0! | BQ6: =BP6/$F6 -> #DIV/0! | BR6: =_xlfn.CEILING.MATH(BQ6) -> #DIV/0! | BS6: =BR6*BI6 -> #DIV/0! | BV6: =(BT6*$G6+BU6/$I6)/$G6 -> #DIV/0! | BW6: =BV6/$F6 -> #DIV/0! | BX6: =_xlfn.CEILING.MATH(BW6) -> #DIV/0! | BY6: =BX6*BO6 -> #DIV/0! | CB6: =(BZ6*$G6+CA6/$I6)/$G6 -> #DIV/0! | CC6: =CB6/$F6 -> #DIV/0! | CD6: =_xlfn.CEILING.MATH(CC6) -> #DIV/0! | CE6: =CD6*BU6 -> #DIV/0!
A7: 4 | F7: =$F$2 -> 0.85 | N7: =(L7*$G7+M7/$I7)/$G7 -> #DIV/0! | O7: =N7/$F7 -> #DIV/0! | P7: =_xlfn.CEILING.MATH(O7) -> #DIV/0! | Q7: =P7*G7 -> #DIV/0! | T7: =(R7*$G7+S7/$I7)/$G7 -> #DIV/0! | U7: =T7/$F7 -> #DIV/0! | V7: =_xlfn.CEILING.MATH(U7) -> #DIV/0! | W7: =V7*M7 -> #DIV/0! | Z7: =(X7*$G7+Y7/$I7)/$G7 -> #DIV/0! | AA7: =Z7/$F7 -> #DIV/0! | AB7: =_xlfn.CEILING.MATH(AA7) -> #DIV/0! | AC7: =AB7*S7 -> #DIV/0! | AF7: =(AD7*$G7+AE7/$I7)/$G7 -> #DIV/0! | AG7: =AF7/$F7 -> #DIV/0! | AH7: =_xlfn.CEILING.MATH(AG7) -> #DIV/0! | AI7: =AH7*Y7 -> #DIV/0! | AL7: =(AJ7*$G7+AK7/$I7)/$G7 -> #DIV/0! | AM7: =AL7/$F7 -> #DIV/0! | AN7: =_xlfn.CEILING.MATH(AM7) -> #DIV/0! | AO7: =AN7*AE7 -> #DIV/0! | AR7: =(AP7*$G7+AQ7/$I7)/$G7 -> #DIV/0! | AS7: =AR7/$F7 -> #DIV/0! | AT7: =_xlfn.CEILING.MATH(AS7) -> #DIV/0! | AU7: =AT7*AK7 -> #DIV/0! | AX7: =(AV7*$G7+AW7/$I7)/$G7 -> #DIV/0! | AY7: =AX7/$F7 -> #DIV/0! | AZ7: =_xlfn.CEILING.MATH(AY7) -> #DIV/0! | BA7: =AZ7*AQ7 -> #DIV/0! | BD7: =(BB7*$G7+BC7/$I7)/$G7 -> #DIV/0! | BE7: =BD7/$F7 -> #DIV/0! | BF7: =_xlfn.CEILING.MATH(BE7) -> #DIV/0! | BG7: =BF7*AW7 -> #DIV/0! | BJ7: =(BH7*$G7+BI7/$I7)/$G7 -> #DIV/0! | BK7: =BJ7/$F7 -> #DIV/0! | BL7: =_xlfn.CEILING.MATH(BK7) -> #DIV/0! | BM7: =BL7*BC7 -> #DIV/0! | BP7: =(BN7*$G7+BO7/$I7)/$G7 -> #DIV/0! | BQ7: =BP7/$F7 -> #DIV/0! | BR7: =_xlfn.CEILING.MATH(BQ7) -> #DIV/0! | BS7: =BR7*BI7 -> #DIV/0! | BV7: =(BT7*$G7+BU7/$I7)/$G7 -> #DIV/0! | BW7: =BV7/$F7 -> #DIV/0! | BX7: =_xlfn.CEILING.MATH(BW7) -> #DIV/0! | BY7: =BX7*BO7 -> #DIV/0! | CB7: =(BZ7*$G7+CA7/$I7)/$G7 -> #DIV/0! | CC7: =CB7/$F7 -> #DIV/0! | CD7: =_xlfn.CEILING.MATH(CC7) -> #DIV/0! | CE7: =CD7*BU7 -> #DIV/0!
A8: 5 | F8: =$F$2 -> 0.85 | N8: =(L8*$G8+M8/$I8)/$G8 -> #DIV/0! | O8: =N8/$F8 -> #DIV/0! | P8: =_xlfn.CEILING.MATH(O8) -> #DIV/0! | Q8: =P8*G8 -> #DIV/0! | T8: =(R8*$G8+S8/$I8)/$G8 -> #DIV/0! | U8: =T8/$F8 -> #DIV/0! | V8: =_xlfn.CEILING.MATH(U8) -> #DIV/0! | W8: =V8*M8 -> #DIV/0! | Z8: =(X8*$G8+Y8/$I8)/$G8 -> #DIV/0! | AA8: =Z8/$F8 -> #DIV/0! | AB8: =_xlfn.CEILING.MATH(AA8) -> #DIV/0! | AC8: =AB8*S8 -> #DIV/0! | AF8: =(AD8*$G8+AE8/$I8)/$G8 -> #DIV/0! | AG8: =AF8/$F8 -> #DIV/0! | AH8: =_xlfn.CEILING.MATH(AG8) -> #DIV/0! | AI8: =AH8*Y8 -> #DIV/0! | AL8: =(AJ8*$G8+AK8/$I8)/$G8 -> #DIV/0! | AM8: =AL8/$F8 -> #DIV/0! | AN8: =_xlfn.CEILING.MATH(AM8) -> #DIV/0! | AO8: =AN8*AE8 -> #DIV/0! | AR8: =(AP8*$G8+AQ8/$I8)/$G8 -> #DIV/0! | AS8: =AR8/$F8 -> #DIV/0! | AT8: =_xlfn.CEILING.MATH(AS8) -> #DIV/0! | AU8: =AT8*AK8 -> #DIV/0! | AX8: =(AV8*$G8+AW8/$I8)/$G8 -> #DIV/0! | AY8: =AX8/$F8 -> #DIV/0! | AZ8: =_xlfn.CEILING.MATH(AY8) -> #DIV/0! | BA8: =AZ8*AQ8 -> #DIV/0! | BD8: =(BB8*$G8+BC8/$I8)/$G8 -> #DIV/0! | BE8: =BD8/$F8 -> #DIV/0! | BF8: =_xlfn.CEILING.MATH(BE8) -> #DIV/0! | BG8: =BF8*AW8 -> #DIV/0! | BJ8: =(BH8*$G8+BI8/$I8)/$G8 -> #DIV/0! | BK8: =BJ8/$F8 -> #DIV/0! | BL8: =_xlfn.CEILING.MATH(BK8) -> #DIV/0! | BM8: =BL8*BC8 -> #DIV/0! | BP8: =(BN8*$G8+BO8/$I8)/$G8 -> #DIV/0! | BQ8: =BP8/$F8 -> #DIV/0! | BR8: =_xlfn.CEILING.MATH(BQ8) -> #DIV/0! | BS8: =BR8*BI8 -> #DIV/0! | BV8: =(BT8*$G8+BU8/$I8)/$G8 -> #DIV/0! | BW8: =BV8/$F8 -> #DIV/0! | BX8: =_xlfn.CEILING.MATH(BW8) -> #DIV/0! | BY8: =BX8*BO8 -> #DIV/0! | CB8: =(BZ8*$G8+CA8/$I8)/$G8 -> #DIV/0! | CC8: =CB8/$F8 -> #DIV/0! | CD8: =_xlfn.CEILING.MATH(CC8) -> #DIV/0! | CE8: =CD8*BU8 -> #DIV/0!
A9: 6 | F9: =$F$2 -> 0.85 | N9: =(L9*$G9+M9/$I9)/$G9 -> #DIV/0! | O9: =N9/$F9 -> #DIV/0! | P9: =_xlfn.CEILING.MATH(O9) -> #DIV/0! | Q9: =P9*G9 -> #DIV/0! | T9: =(R9*$G9+S9/$I9)/$G9 -> #DIV/0! | U9: =T9/$F9 -> #DIV/0! | V9: =_xlfn.CEILING.MATH(U9) -> #DIV/0! | W9: =V9*M9 -> #DIV/0! | Z9: =(X9*$G9+Y9/$I9)/$G9 -> #DIV/0! | AA9: =Z9/$F9 -> #DIV/0! | AB9: =_xlfn.CEILING.MATH(AA9) -> #DIV/0! | AC9: =AB9*S9 -> #DIV/0! | AF9: =(AD9*$G9+AE9/$I9)/$G9 -> #DIV/0! | AG9: =AF9/$F9 -> #DIV/0! | AH9: =_xlfn.CEILING.MATH(AG9) -> #DIV/0! | AI9: =AH9*Y9 -> #DIV/0! | AL9: =(AJ9*$G9+AK9/$I9)/$G9 -> #DIV/0! | AM9: =AL9/$F9 -> #DIV/0! | AN9: =_xlfn.CEILING.MATH(AM9) -> #DIV/0! | AO9: =AN9*AE9 -> #DIV/0! | AR9: =(AP9*$G9+AQ9/$I9)/$G9 -> #DIV/0! | AS9: =AR9/$F9 -> #DIV/0! | AT9: =_xlfn.CEILING.MATH(AS9) -> #DIV/0! | AU9: =AT9*AK9 -> #DIV/0! | AX9: =(AV9*$G9+AW9/$I9)/$G9 -> #DIV/0! | AY9: =AX9/$F9 -> #DIV/0! | AZ9: =_xlfn.CEILING.MATH(AY9) -> #DIV/0! | BA9: =AZ9*AQ9 -> #DIV/0! | BD9: =(BB9*$G9+BC9/$I9)/$G9 -> #DIV/0! | BE9: =BD9/$F9 -> #DIV/0! | BF9: =_xlfn.CEILING.MATH(BE9) -> #DIV/0! | BG9: =BF9*AW9 -> #DIV/0! | BJ9: =(BH9*$G9+BI9/$I9)/$G9 -> #DIV/0! | BK9: =BJ9/$F9 -> #DIV/0! | BL9: =_xlfn.CEILING.MATH(BK9) -> #DIV/0! | BM9: =BL9*BC9 -> #DIV/0! | BP9: =(BN9*$G9+BO9/$I9)/$G9 -> #DIV/0! | BQ9: =BP9/$F9 -> #DIV/0! | BR9: =_xlfn.CEILING.MATH(BQ9) -> #DIV/0! | BS9: =BR9*BI9 -> #DIV/0! | BV9: =(BT9*$G9+BU9/$I9)/$G9 -> #DIV/0! | BW9: =BV9/$F9 -> #DIV/0! | BX9: =_xlfn.CEILING.MATH(BW9) -> #DIV/0! | BY9: =BX9*BO9 -> #DIV/0! | CB9: =(BZ9*$G9+CA9/$I9)/$G9 -> #DIV/0! | CC9: =CB9/$F9 -> #DIV/0! | CD9: =_xlfn.CEILING.MATH(CC9) -> #DIV/0! | CE9: =CD9*BU9 -> #DIV/0!
A10: 7 | F10: =$F$2 -> 0.85 | N10: =(L10*$G10+M10/$I10)/$G10 -> #DIV/0! | O10: =N10/$F10 -> #DIV/0! | P10: =_xlfn.CEILING.MATH(O10) -> #DIV/0! | Q10: =P10*G10 -> #DIV/0! | T10: =(R10*$G10+S10/$I10)/$G10 -> #DIV/0! | U10: =T10/$F10 -> #DIV/0! | V10: =_xlfn.CEILING.MATH(U10) -> #DIV/0! | W10: =V10*M10 -> #DIV/0! | Z10: =(X10*$G10+Y10/$I10)/$G10 -> #DIV/0! | AA10: =Z10/$F10 -> #DIV/0! | AB10: =_xlfn.CEILING.MATH(AA10) -> #DIV/0! | AC10: =AB10*S10 -> #DIV/0! | AF10: =(AD10*$G10+AE10/$I10)/$G10 -> #DIV/0! | AG10: =AF10/$F10 -> #DIV/0! | AH10: =_xlfn.CEILING.MATH(AG10) -> #DIV/0! | AI10: =AH10*Y10 -> #DIV/0! | AL10: =(AJ10*$G10+AK10/$I10)/$G10 -> #DIV/0! | AM10: =AL10/$F10 -> #DIV/0! | AN10: =_xlfn.CEILING.MATH(AM10) -> #DIV/0! | AO10: =AN10*AE10 -> #DIV/0! | AR10: =(AP10*$G10+AQ10/$I10)/$G10 -> #DIV/0! | AS10: =AR10/$F10 -> #DIV/0! | AT10: =_xlfn.CEILING.MATH(AS10) -> #DIV/0! | AU10: =AT10*AK10 -> #DIV/0! | AX10: =(AV10*$G10+AW10/$I10)/$G10 -> #DIV/0! | AY10: =AX10/$F10 -> #DIV/0! | AZ10: =_xlfn.CEILING.MATH(AY10) -> #DIV/0! | BA10: =AZ10*AQ10 -> #DIV/0! | BD10: =(BB10*$G10+BC10/$I10)/$G10 -> #DIV/0! | BE10: =BD10/$F10 -> #DIV/0! | BF10: =_xlfn.CEILING.MATH(BE10) -> #DIV/0! | BG10: =BF10*AW10 -> #DIV/0! | BJ10: =(BH10*$G10+BI10/$I10)/$G10 -> #DIV/0! | BK10: =BJ10/$F10 -> #DIV/0! | BL10: =_xlfn.CEILING.MATH(BK10) -> #DIV/0! | BM10: =BL10*BC10 -> #DIV/0! | BP10: =(BN10*$G10+BO10/$I10)/$G10 -> #DIV/0! | BQ10: =BP10/$F10 -> #DIV/0! | BR10: =_xlfn.CEILING.MATH(BQ10) -> #DIV/0! | BS10: =BR10*BI10 -> #DIV/0! | BV10: =(BT10*$G10+BU10/$I10)/$G10 -> #DIV/0! | BW10: =BV10/$F10 -> #DIV/0! | BX10: =_xlfn.CEILING.MATH(BW10) -> #DIV/0! | BY10: =BX10*BO10 -> #DIV/0! | CB10: =(BZ10*$G10+CA10/$I10)/$G10 -> #DIV/0! | CC10: =CB10/$F10 -> #DIV/0! | CD10: =_xlfn.CEILING.MATH(CC10) -> #DIV/0! | CE10: =CD10*BU10 -> #DIV/0!
A11: 8 | F11: =$F$2 -> 0.85 | N11: =(L11*$G11+M11/$I11)/$G11 -> #DIV/0! | O11: =N11/$F11 -> #DIV/0! | P11: =_xlfn.CEILING.MATH(O11) -> #DIV/0! | Q11: =P11*G11 -> #DIV/0! | T11: =(R11*$G11+S11/$I11)/$G11 -> #DIV/0! | U11: =T11/$F11 -> #DIV/0! | V11: =_xlfn.CEILING.MATH(U11) -> #DIV/0! | W11: =V11*M11 -> #DIV/0! | Z11: =(X11*$G11+Y11/$I11)/$G11 -> #DIV/0! | AA11: =Z11/$F11 -> #DIV/0! | AB11: =_xlfn.CEILING.MATH(AA11) -> #DIV/0! | AC11: =AB11*S11 -> #DIV/0! | AF11: =(AD11*$G11+AE11/$I11)/$G11 -> #DIV/0! | AG11: =AF11/$F11 -> #DIV/0! | AH11: =_xlfn.CEILING.MATH(AG11) -> #DIV/0! | AI11: =AH11*Y11 -> #DIV/0! | AL11: =(AJ11*$G11+AK11/$I11)/$G11 -> #DIV/0! | AM11: =AL11/$F11 -> #DIV/0! | AN11: =_xlfn.CEILING.MATH(AM11) -> #DIV/0! | AO11: =AN11*AE11 -> #DIV/0! | AR11: =(AP11*$G11+AQ11/$I11)/$G11 -> #DIV/0! | AS11: =AR11/$F11 -> #DIV/0! | AT11: =_xlfn.CEILING.MATH(AS11) -> #DIV/0! | AU11: =AT11*AK11 -> #DIV/0! | AX11: =(AV11*$G11+AW11/$I11)/$G11 -> #DIV/0! | AY11: =AX11/$F11 -> #DIV/0! | AZ11: =_xlfn.CEILING.MATH(AY11) -> #DIV/0! | BA11: =AZ11*AQ11 -> #DIV/0! | BD11: =(BB11*$G11+BC11/$I11)/$G11 -> #DIV/0! | BE11: =BD11/$F11 -> #DIV/0! | BF11: =_xlfn.CEILING.MATH(BE11) -> #DIV/0! | BG11: =BF11*AW11 -> #DIV/0! | BJ11: =(BH11*$G11+BI11/$I11)/$G11 -> #DIV/0! | BK11: =BJ11/$F11 -> #DIV/0! | BL11: =_xlfn.CEILING.MATH(BK11) -> #DIV/0! | BM11: =BL11*BC11 -> #DIV/0! | BP11: =(BN11*$G11+BO11/$I11)/$G11 -> #DIV/0! | BQ11: =BP11/$F11 -> #DIV/0! | BR11: =_xlfn.CEILING.MATH(BQ11) -> #DIV/0! | BS11: =BR11*BI11 -> #DIV/0! | BV11: =(BT11*$G11+BU11/$I11)/$G11 -> #DIV/0! | BW11: =BV11/$F11 -> #DIV/0! | BX11: =_xlfn.CEILING.MATH(BW11) -> #DIV/0! | BY11: =BX11*BO11 -> #DIV/0! | CB11: =(BZ11*$G11+CA11/$I11)/$G11 -> #DIV/0! | CC11: =CB11/$F11 -> #DIV/0! | CD11: =_xlfn.CEILING.MATH(CC11) -> #DIV/0! | CE11: =CD11*BU11 -> #DIV/0!
A12: 9 | F12: =$F$2 -> 0.85 | N12: =(L12*$G12+M12/$I12)/$G12 -> #DIV/0! | O12: =N12/$F12 -> #DIV/0! | P12: =_xlfn.CEILING.MATH(O12) -> #DIV/0! | Q12: =P12*G12 -> #DIV/0! | T12: =(R12*$G12+S12/$I12)/$G12 -> #DIV/0! | U12: =T12/$F12 -> #DIV/0! | V12: =_xlfn.CEILING.MATH(U12) -> #DIV/0! | W12: =V12*M12 -> #DIV/0! | Z12: =(X12*$G12+Y12/$I12)/$G12 -> #DIV/0! | AA12: =Z12/$F12 -> #DIV/0! | AB12: =_xlfn.CEILING.MATH(AA12) -> #DIV/0! | AC12: =AB12*S12 -> #DIV/0! | AF12: =(AD12*$G12+AE12/$I12)/$G12 -> #DIV/0! | AG12: =AF12/$F12 -> #DIV/0! | AH12: =_xlfn.CEILING.MATH(AG12) -> #DIV/0! | AI12: =AH12*Y12 -> #DIV/0! | AL12: =(AJ12*$G12+AK12/$I12)/$G12 -> #DIV/0! | AM12: =AL12/$F12 -> #DIV/0! | AN12: =_xlfn.CEILING.MATH(AM12) -> #DIV/0! | AO12: =AN12*AE12 -> #DIV/0! | AR12: =(AP12*$G12+AQ12/$I12)/$G12 -> #DIV/0! | AS12: =AR12/$F12 -> #DIV/0! | AT12: =_xlfn.CEILING.MATH(AS12) -> #DIV/0! | AU12: =AT12*AK12 -> #DIV/0! | AX12: =(AV12*$G12+AW12/$I12)/$G12 -> #DIV/0! | AY12: =AX12/$F12 -> #DIV/0! | AZ12: =_xlfn.CEILING.MATH(AY12) -> #DIV/0! | BA12: =AZ12*AQ12 -> #DIV/0! | BD12: =(BB12*$G12+BC12/$I12)/$G12 -> #DIV/0! | BE12: =BD12/$F12 -> #DIV/0! | BF12: =_xlfn.CEILING.MATH(BE12) -> #DIV/0! | BG12: =BF12*AW12 -> #DIV/0! | BJ12: =(BH12*$G12+BI12/$I12)/$G12 -> #DIV/0! | BK12: =BJ12/$F12 -> #DIV/0! | BL12: =_xlfn.CEILING.MATH(BK12) -> #DIV/0! | BM12: =BL12*BC12 -> #DIV/0! | BP12: =(BN12*$G12+BO12/$I12)/$G12 -> #DIV/0! | BQ12: =BP12/$F12 -> #DIV/0! | BR12: =_xlfn.CEILING.MATH(BQ12) -> #DIV/0! | BS12: =BR12*BI12 -> #DIV/0! | BV12: =(BT12*$G12+BU12/$I12)/$G12 -> #DIV/0! | BW12: =BV12/$F12 -> #DIV/0! | BX12: =_xlfn.CEILING.MATH(BW12) -> #DIV/0! | BY12: =BX12*BO12 -> #DIV/0! | CB12: =(BZ12*$G12+CA12/$I12)/$G12 -> #DIV/0! | CC12: =CB12/$F12 -> #DIV/0! | CD12: =_xlfn.CEILING.MATH(CC12) -> #DIV/0! | CE12: =CD12*BU12 -> #DIV/0!
A13: 10 | F13: =$F$2 -> 0.85 | N13: =(L13*$G13+M13/$I13)/$G13 -> #DIV/0! | O13: =N13/$F13 -> #DIV/0! | P13: =_xlfn.CEILING.MATH(O13) -> #DIV/0! | Q13: =P13*G13 -> #DIV/0! | T13: =(R13*$G13+S13/$I13)/$G13 -> #DIV/0! | U13: =T13/$F13 -> #DIV/0! | V13: =_xlfn.CEILING.MATH(U13) -> #DIV/0! | W13: =V13*M13 -> #DIV/0! | Z13: =(X13*$G13+Y13/$I13)/$G13 -> #DIV/0! | AA13: =Z13/$F13 -> #DIV/0! | AB13: =_xlfn.CEILING.MATH(AA13) -> #DIV/0! | AC13: =AB13*S13 -> #DIV/0! | AF13: =(AD13*$G13+AE13/$I13)/$G13 -> #DIV/0! | AG13: =AF13/$F13 -> #DIV/0! | AH13: =_xlfn.CEILING.MATH(AG13) -> #DIV/0! | AI13: =AH13*Y13 -> #DIV/0! | AL13: =(AJ13*$G13+AK13/$I13)/$G13 -> #DIV/0! | AM13: =AL13/$F13 -> #DIV/0! | AN13: =_xlfn.CEILING.MATH(AM13) -> #DIV/0! | AO13: =AN13*AE13 -> #DIV/0! | AR13: =(AP13*$G13+AQ13/$I13)/$G13 -> #DIV/0! | AS13: =AR13/$F13 -> #DIV/0! | AT13: =_xlfn.CEILING.MATH(AS13) -> #DIV/0! | AU13: =AT13*AK13 -> #DIV/0! | AX13: =(AV13*$G13+AW13/$I13)/$G13 -> #DIV/0! | AY13: =AX13/$F13 -> #DIV/0! | AZ13: =_xlfn.CEILING.MATH(AY13) -> #DIV/0! | BA13: =AZ13*AQ13 -> #DIV/0! | BD13: =(BB13*$G13+BC13/$I13)/$G13 -> #DIV/0! | BE13: =BD13/$F13 -> #DIV/0! | BF13: =_xlfn.CEILING.MATH(BE13) -> #DIV/0! | BG13: =BF13*AW13 -> #DIV/0! | BJ13: =(BH13*$G13+BI13/$I13)/$G13 -> #DIV/0! | BK13: =BJ13/$F13 -> #DIV/0! | BL13: =_xlfn.CEILING.MATH(BK13) -> #DIV/0! | BM13: =BL13*BC13 -> #DIV/0! | BP13: =(BN13*$G13+BO13/$I13)/$G13 -> #DIV/0! | BQ13: =BP13/$F13 -> #DIV/0! | BR13: =_xlfn.CEILING.MATH(BQ13) -> #DIV/0! | BS13: =BR13*BI13 -> #DIV/0! | BV13: =(BT13*$G13+BU13/$I13)/$G13 -> #DIV/0! | BW13: =BV13/$F13 -> #DIV/0! | BX13: =_xlfn.CEILING.MATH(BW13) -> #DIV/0! | BY13: =BX13*BO13 -> #DIV/0! | CB13: =(BZ13*$G13+CA13/$I13)/$G13 -> #DIV/0! | CC13: =CB13/$F13 -> #DIV/0! | CD13: =_xlfn.CEILING.MATH(CC13) -> #DIV/0! | CE13: =CD13*BU13 -> #DIV/0!
A14: 11 | F14: =$F$2 -> 0.85 | N14: =(L14*$G14+M14/$I14)/$G14 -> #DIV/0! | O14: =N14/$F14 -> #DIV/0! | P14: =_xlfn.CEILING.MATH(O14) -> #DIV/0! | Q14: =P14*G14 -> #DIV/0! | T14: =(R14*$G14+S14/$I14)/$G14 -> #DIV/0! | U14: =T14/$F14 -> #DIV/0! | V14: =_xlfn.CEILING.MATH(U14) -> #DIV/0! | W14: =V14*M14 -> #DIV/0! | Z14: =(X14*$G14+Y14/$I14)/$G14 -> #DIV/0! | AA14: =Z14/$F14 -> #DIV/0! | AB14: =_xlfn.CEILING.MATH(AA14) -> #DIV/0! | AC14: =AB14*S14 -> #DIV/0! | AF14: =(AD14*$G14+AE14/$I14)/$G14 -> #DIV/0! | AG14: =AF14/$F14 -> #DIV/0! | AH14: =_xlfn.CEILING.MATH(AG14) -> #DIV/0! | AI14: =AH14*Y14 -> #DIV/0! | AL14: =(AJ14*$G14+AK14/$I14)/$G14 -> #DIV/0! | AM14: =AL14/$F14 -> #DIV/0! | AN14: =_xlfn.CEILING.MATH(AM14) -> #DIV/0! | AO14: =AN14*AE14 -> #DIV/0! | AR14: =(AP14*$G14+AQ14/$I14)/$G14 -> #DIV/0! | AS14: =AR14/$F14 -> #DIV/0! | AT14: =_xlfn.CEILING.MATH(AS14) -> #DIV/0! | AU14: =AT14*AK14 -> #DIV/0! | AX14: =(AV14*$G14+AW14/$I14)/$G14 -> #DIV/0! | AY14: =AX14/$F14 -> #DIV/0! | AZ14: =_xlfn.CEILING.MATH(AY14) -> #DIV/0! | BA14: =AZ14*AQ14 -> #DIV/0! | BD14: =(BB14*$G14+BC14/$I14)/$G14 -> #DIV/0! | BE14: =BD14/$F14 -> #DIV/0! | BF14: =_xlfn.CEILING.MATH(BE14) -> #DIV/0! | BG14: =BF14*AW14 -> #DIV/0! | BJ14: =(BH14*$G14+BI14/$I14)/$G14 -> #DIV/0! | BK14: =BJ14/$F14 -> #DIV/0! | BL14: =_xlfn.CEILING.MATH(BK14) -> #DIV/0! | BM14: =BL14*BC14 -> #DIV/0! | BP14: =(BN14*$G14+BO14/$I14)/$G14 -> #DIV/0! | BQ14: =BP14/$F14 -> #DIV/0! | BR14: =_xlfn.CEILING.MATH(BQ14) -> #DIV/0! | BS14: =BR14*BI14 -> #DIV/0! | BV14: =(BT14*$G14+BU14/$I14)/$G14 -> #DIV/0! | BW14: =BV14/$F14 -> #DIV/0! | BX14: =_xlfn.CEILING.MATH(BW14) -> #DIV/0! | BY14: =BX14*BO14 -> #DIV/0! | CB14: =(BZ14*$G14+CA14/$I14)/$G14 -> #DIV/0! | CC14: =CB14/$F14 -> #DIV/0! | CD14: =_xlfn.CEILING.MATH(CC14) -> #DIV/0! | CE14: =CD14*BU14 -> #DIV/0!
A15: 12 | F15: =$F$2 -> 0.85 | N15: =(L15*$G15+M15/$I15)/$G15 -> #DIV/0! | O15: =N15/$F15 -> #DIV/0! | P15: =_xlfn.CEILING.MATH(O15) -> #DIV/0! | Q15: =P15*G15 -> #DIV/0! | T15: =(R15*$G15+S15/$I15)/$G15 -> #DIV/0! | U15: =T15/$F15 -> #DIV/0! | V15: =_xlfn.CEILING.MATH(U15) -> #DIV/0! | W15: =V15*M15 -> #DIV/0! | Z15: =(X15*$G15+Y15/$I15)/$G15 -> #DIV/0! | AA15: =Z15/$F15 -> #DIV/0! | AB15: =_xlfn.CEILING.MATH(AA15) -> #DIV/0! | AC15: =AB15*S15 -> #DIV/0! | AF15: =(AD15*$G15+AE15/$I15)/$G15 -> #DIV/0! | AG15: =AF15/$F15 -> #DIV/0! | AH15: =_xlfn.CEILING.MATH(AG15) -> #DIV/0! | AI15: =AH15*Y15 -> #DIV/0! | AL15: =(AJ15*$G15+AK15/$I15)/$G15 -> #DIV/0! | AM15: =AL15/$F15 -> #DIV/0! | AN15: =_xlfn.CEILING.MATH(AM15) -> #DIV/0! | AO15: =AN15*AE15 -> #DIV/0! | AR15: =(AP15*$G15+AQ15/$I15)/$G15 -> #DIV/0! | AS15: =AR15/$F15 -> #DIV/0! | AT15: =_xlfn.CEILING.MATH(AS15) -> #DIV/0! | AU15: =AT15*AK15 -> #DIV/0! | AX15: =(AV15*$G15+AW15/$I15)/$G15 -> #DIV/0! | AY15: =AX15/$F15 -> #DIV/0! | AZ15: =_xlfn.CEILING.MATH(AY15) -> #DIV/0! | BA15: =AZ15*AQ15 -> #DIV/0! | BD15: =(BB15*$G15+BC15/$I15)/$G15 -> #DIV/0! | BE15: =BD15/$F15 -> #DIV/0! | BF15: =_xlfn.CEILING.MATH(BE15) -> #DIV/0! | BG15: =BF15*AW15 -> #DIV/0! | BJ15: =(BH15*$G15+BI15/$I15)/$G15 -> #DIV/0! | BK15: =BJ15/$F15 -> #DIV/0! | BL15: =_xlfn.CEILING.MATH(BK15) -> #DIV/0! | BM15: =BL15*BC15 -> #DIV/0! | BP15: =(BN15*$G15+BO15/$I15)/$G15 -> #DIV/0! | BQ15: =BP15/$F15 -> #DIV/0! | BR15: =_xlfn.CEILING.MATH(BQ15) -> #DIV/0! | BS15: =BR15*BI15 -> #DIV/0! | BV15: =(BT15*$G15+BU15/$I15)/$G15 -> #DIV/0! | BW15: =BV15/$F15 -> #DIV/0! | BX15: =_xlfn.CEILING.MATH(BW15) -> #DIV/0! | BY15: =BX15*BO15 -> #DIV/0! | CB15: =(BZ15*$G15+CA15/$I15)/$G15 -> #DIV/0! | CC15: =CB15/$F15 -> #DIV/0! | CD15: =_xlfn.CEILING.MATH(CC15) -> #DIV/0! | CE15: =CD15*BU15 -> #DIV/0!
A16: 13 | F16: =$F$2 -> 0.85 | N16: =(L16*$G16+M16/$I16)/$G16 -> #DIV/0! | O16: =N16/$F16 -> #DIV/0! | P16: =_xlfn.CEILING.MATH(O16) -> #DIV/0! | Q16: =P16*G16 -> #DIV/0! | T16: =(R16*$G16+S16/$I16)/$G16 -> #DIV/0! | U16: =T16/$F16 -> #DIV/0! | V16: =_xlfn.CEILING.MATH(U16) -> #DIV/0! | W16: =V16*M16 -> #DIV/0! | Z16: =(X16*$G16+Y16/$I16)/$G16 -> #DIV/0! | AA16: =Z16/$F16 -> #DIV/0! | AB16: =_xlfn.CEILING.MATH(AA16) -> #DIV/0! | AC16: =AB16*S16 -> #DIV/0! | AF16: =(AD16*$G16+AE16/$I16)/$G16 -> #DIV/0! | AG16: =AF16/$F16 -> #DIV/0! | AH16: =_xlfn.CEILING.MATH(AG16) -> #DIV/0! | AI16: =AH16*Y16 -> #DIV/0! | AL16: =(AJ16*$G16+AK16/$I16)/$G16 -> #DIV/0! | AM16: =AL16/$F16 -> #DIV/0! | AN16: =_xlfn.CEILING.MATH(AM16) -> #DIV/0! | AO16: =AN16*AE16 -> #DIV/0! | AR16: =(AP16*$G16+AQ16/$I16)/$G16 -> #DIV/0! | AS16: =AR16/$F16 -> #DIV/0! | AT16: =_xlfn.CEILING.MATH(AS16) -> #DIV/0! | AU16: =AT16*AK16 -> #DIV/0! | AX16: =(AV16*$G16+AW16/$I16)/$G16 -> #DIV/0! | AY16: =AX16/$F16 -> #DIV/0! | AZ16: =_xlfn.CEILING.MATH(AY16) -> #DIV/0! | BA16: =AZ16*AQ16 -> #DIV/0! | BD16: =(BB16*$G16+BC16/$I16)/$G16 -> #DIV/0! | BE16: =BD16/$F16 -> #DIV/0! | BF16: =_xlfn.CEILING.MATH(BE16) -> #DIV/0! | BG16: =BF16*AW16 -> #DIV/0! | BJ16: =(BH16*$G16+BI16/$I16)/$G16 -> #DIV/0! | BK16: =BJ16/$F16 -> #DIV/0! | BL16: =_xlfn.CEILING.MATH(BK16) -> #DIV/0! | BM16: =BL16*BC16 -> #DIV/0! | BP16: =(BN16*$G16+BO16/$I16)/$G16 -> #DIV/0! | BQ16: =BP16/$F16 -> #DIV/0! | BR16: =_xlfn.CEILING.MATH(BQ16) -> #DIV/0! | BS16: =BR16*BI16 -> #DIV/0! | BV16: =(BT16*$G16+BU16/$I16)/$G16 -> #DIV/0! | BW16: =BV16/$F16 -> #DIV/0! | BX16: =_xlfn.CEILING.MATH(BW16) -> #DIV/0! | BY16: =BX16*BO16 -> #DIV/0! | CB16: =(BZ16*$G16+CA16/$I16)/$G16 -> #DIV/0! | CC16: =CB16/$F16 -> #DIV/0! | CD16: =_xlfn.CEILING.MATH(CC16) -> #DIV/0! | CE16: =CD16*BU16 -> #DIV/0!
A17: 14 | F17: =$F$2 -> 0.85 | N17: =(L17*$G17+M17/$I17)/$G17 -> #DIV/0! | O17: =N17/$F17 -> #DIV/0! | P17: =_xlfn.CEILING.MATH(O17) -> #DIV/0! | Q17: =P17*G17 -> #DIV/0! | T17: =(R17*$G17+S17/$I17)/$G17 -> #DIV/0! | U17: =T17/$F17 -> #DIV/0! | V17: =_xlfn.CEILING.MATH(U17) -> #DIV/0! | W17: =V17*M17 -> #DIV/0! | Z17: =(X17*$G17+Y17/$I17)/$G17 -> #DIV/0! | AA17: =Z17/$F17 -> #DIV/0! | AB17: =_xlfn.CEILING.MATH(AA17) -> #DIV/0! | AC17: =AB17*S17 -> #DIV/0! | AF17: =(AD17*$G17+AE17/$I17)/$G17 -> #DIV/0! | AG17: =AF17/$F17 -> #DIV/0! | AH17: =_xlfn.CEILING.MATH(AG17) -> #DIV/0! | AI17: =AH17*Y17 -> #DIV/0! | AL17: =(AJ17*$G17+AK17/$I17)/$G17 -> #DIV/0! | AM17: =AL17/$F17 -> #DIV/0! | AN17: =_xlfn.CEILING.MATH(AM17) -> #DIV/0! | AO17: =AN17*AE17 -> #DIV/0! | AR17: =(AP17*$G17+AQ17/$I17)/$G17 -> #DIV/0! | AS17: =AR17/$F17 -> #DIV/0! | AT17: =_xlfn.CEILING.MATH(AS17) -> #DIV/0! | AU17: =AT17*AK17 -> #DIV/0! | AX17: =(AV17*$G17+AW17/$I17)/$G17 -> #DIV/0! | AY17: =AX17/$F17 -> #DIV/0! | AZ17: =_xlfn.CEILING.MATH(AY17) -> #DIV/0! | BA17: =AZ17*AQ17 -> #DIV/0! | BD17: =(BB17*$G17+BC17/$I17)/$G17 -> #DIV/0! | BE17: =BD17/$F17 -> #DIV/0! | BF17: =_xlfn.CEILING.MATH(BE17) -> #DIV/0! | BG17: =BF17*AW17 -> #DIV/0! | BJ17: =(BH17*$G17+BI17/$I17)/$G17 -> #DIV/0! | BK17: =BJ17/$F17 -> #DIV/0! | BL17: =_xlfn.CEILING.MATH(BK17) -> #DIV/0! | BM17: =BL17*BC17 -> #DIV/0! | BP17: =(BN17*$G17+BO17/$I17)/$G17 -> #DIV/0! | BQ17: =BP17/$F17 -> #DIV/0! | BR17: =_xlfn.CEILING.MATH(BQ17) -> #DIV/0! | BS17: =BR17*BI17 -> #DIV/0! | BV17: =(BT17*$G17+BU17/$I17)/$G17 -> #DIV/0! | BW17: =BV17/$F17 -> #DIV/0! | BX17: =_xlfn.CEILING.MATH(BW17) -> #DIV/0! | BY17: =BX17*BO17 -> #DIV/0! | CB17: =(BZ17*$G17+CA17/$I17)/$G17 -> #DIV/0! | CC17: =CB17/$F17 -> #DIV/0! | CD17: =_xlfn.CEILING.MATH(CC17) -> #DIV/0! | CE17: =CD17*BU17 -> #DIV/0!
... A150: 147 | F150: =$F$2 -> 0.85 | N150: =(L150*$G150+M150/$I150)/$G150 -> #DIV/0! | O150: =N150/$F150 -> #DIV/0! | P150: =_xlfn.CEILING.MATH(O150) -> #DIV/0! | Q150: =P150*G150 -> #DIV/0! | T150: =(R150*$G150+S150/$I150)/$G150 -> #DIV/0! | U150: =T150/$F150 -> #DIV/0! | V150: =_xlfn.CEILING.MATH(U150) -> #DIV/0! | W150: =V150*M150 -> #DIV/0! | Z150: =(X150*$G150+Y150/$I150)/$G150 -> #DIV/0! | AA150: =Z150/$F150 -> #DIV/0! | AB150: =_xlfn.CEILING.MATH(AA150) -> #DIV/0! | AC150: =AB150*S150 -> #DIV/0! | AF150: =(AD150*$G150+AE150/$I150)/$G150 -> #DIV/0! | AG150: =AF150/$F150 -> #DIV/0! | AH150: =_xlfn.CEILING.MATH(AG150) -> #DIV/0! | AI150: =AH150*Y150 -> #DIV/0! | AL150: =(AJ150*$G150+AK150/$I150)/$G150 -> #DIV/0! | AM150: =AL150/$F150 -> #DIV/0! | AN150: =_xlfn.CEILING.MATH(AM150) -> #DIV/0! | AO150: =AN150*AE150 -> #DIV/0! | AR150: =(AP150*$G150+AQ150/$I150)/$G150 -> #DIV/0! | AS150: =AR150/$F150 -> #DIV/0! | AT150: =_xlfn.CEILING.MATH(AS150) -> #DIV/0! | AU150: =AT150*AK150 -> #DIV/0! | AX150: =(AV150*$G150+AW150/$I150)/$G150 -> #DIV/0! | AY150: =AX150/$F150 -> #DIV/0! | AZ150: =_xlfn.CEILING.MATH(AY150) -> #DIV/0! | BA150: =AZ150*AQ150 -> #DIV/0! | BD150: =(BB150*$G150+BC150/$I150)/$G150 -> #DIV/0! | BE150: =BD150/$F150 -> #DIV/0! | BF150: =_xlfn.CEILING.MATH(BE150) -> #DIV/0! | BG150: =BF150*AW150 -> #DIV/0! | BJ150: =(BH150*$G150+BI150/$I150)/$G150 -> #DIV/0! | BK150: =BJ150/$F150 -> #DIV/0! | BL150: =_xlfn.CEILING.MATH(BK150) -> #DIV/0! | BM150: =BL150*BC150 -> #DIV/0! | BP150: =(BN150*$G150+BO150/$I150)/$G150 -> #DIV/0! | BQ150: =BP150/$F150 -> #DIV/0! | BR150: =_xlfn.CEILING.MATH(BQ150) -> #DIV/0! | BS150: =BR150*BI150 -> #DIV/0! | BV150: =(BT150*$G150+BU150/$I150)/$G150 -> #DIV/0! | BW150: =BV150/$F150 -> #DIV/0! | BX150: =_xlfn.CEILING.MATH(BW150) -> #DIV/0! | BY150: =BX150*BO150 -> #DIV/0! | CB150: =(BZ150*$G150+CA150/$I150)/$G150 -> #DIV/0! | CC150: =CB150/$F150 -> #DIV/0! | CD150: =_xlfn.CEILING.MATH(CC150) -> #DIV/0! | CE150: =CD150*BU150 -> #DIV/0!

Sheet 計算（業務便1）
A1: 計算(業務便1)
D2: セット名詳細 | F2: ='宅配便 仮計算'!D2 -> 0.85 | G2: 入数情報 | H2: 混載情報 | J2: セット情報 | K2: 送料情報 | L2: 地域別卸値計算
A3: 番号 | B3: JANコード | C3: 商品名 | D3: セット名種類 | E3: セット名追加情報 | F3: 原価率 | G3: 入数 (合計数計算) | H3: グループ番号 | I3: 数 | J3: 種類 | K3: 適用送料 | L3: 関東 仕入単価 | M3: 関東送料 | N3: 送料込み 仕入単価 | O3: 卸単価計算 | P3: 切り上げ 卸値単価 | Q3: 関東 卸ケース単価 | R3: 北海道 仕入単価 | S3: 北海道 送料 | T3: 送料込み 仕入単価 | U3: 卸単価計算 | V3: 切り上げ 卸値単価 | W3: 北海道 卸ケース単価 | X3: 北東北 仕入単価 | Y3: 北東北 送料 | Z3: 送料込み 仕入単価 | AA3: 卸単価計算 | AB3: 切り上げ 卸値単価 | AC3: 北東北 卸ケース単価 | AD3: 南東北 仕入単価 | AE3: 南東北 送料 | AF3: 送料込み 仕入単価 | AG3: 卸単価計算 | AH3: 切り上げ 卸値単価 | AI3: 南東北 卸ケース単価 | AJ3: 信越 仕入単価 | AK3: 信越送料 | AL3: 送料込み 仕入単価 | AM3: 卸単価計算 | AN3: 切り上げ 卸値単価 | AO3: 信越 卸ケース単価 | AP3: 北陸 仕入単価 | AQ3: 北陸送料 | AR3: 送料込み 仕入単価 | AS3: 卸単価計算 | AT3: 切り上げ 卸値単価 | AU3: 北陸 卸ケース単価 | AV3: 中部 仕入単価 | AW3: 中部送料 | AX3: 送料込み 仕入単価 | AY3: 卸単価計算 | AZ3: 切り上げ 卸値単価 | BA3: 中部 卸ケース単価 | BB3: 関西 仕入単価 | BC3: 関西送料 | BD3: 送料込み 仕入単価 | BE3: 卸単価計算 | BF3: 切り上げ 卸値単価 | BG3: 関西 卸ケース単価 | BH3: 中国 仕入単価 | BI3: 中国送料 | BJ3: 送料込み 仕入単価 | BK3: 卸単価計算 | BL3: 切り上げ 卸値単価 | BM3: 中国 卸ケース単価 | BN3: 四国 仕入単価 | BO3: 四国送料 | BP3: 送料込み 仕入単価 | BQ3: 卸単価計算 | BR3: 切り上げ 卸値単価 | BS3: 四国 卸ケース単価 | BT3: 九州 仕入単価 | BU3: 九州送料 | BV3: 送料込み 仕入単価 | BW3: 卸単価計算 | BX3: 切り上げ 卸値単価 | BY3: 九州 卸ケース単価 | BZ3: 沖縄 仕入単価 | CA3: 沖縄送料 | CB3: 送料込み 仕入単価 | CC3: 卸単価計算 | CD3: 切り上げ 卸値単価 | CE3: 沖縄 卸ケース単価
A4: 1 | D4: 【冷凍販売用】 | F4: =$F$2 -> 0.85 | G4: 100 | H4: 業1 | I4: 1 | J4: (送料込) | K4: 業① | N4: =(L4*$G4+M4/$I4)/$G4 -> 0 | O4: =N4/$F4 -> 0 | P4: =_xlfn.CEILING.MATH(O4) -> 0 | Q4: =P4*G4 -> 0 | T4: =(R4*$G4+S4/$I4)/$G4 -> 0 | U4: =T4/$F4 -> 0 | V4: =_xlfn.CEILING.MATH(U4) -> 0 | W4: =V4*M4 -> 0 | Z4: =(X4*$G4+Y4/$I4)/$G4 -> 0 | AA4: =Z4/$F4 -> 0 | AB4: =_xlfn.CEILING.MATH(AA4) -> 0 | AC4: =AB4*S4 -> 0 | AF4: =(AD4*$G4+AE4/$I4)/$G4 -> 0 | AG4: =AF4/$F4 -> 0 | AH4: =_xlfn.CEILING.MATH(AG4) -> 0 | AI4: =AH4*Y4 -> 0 | AL4: =(AJ4*$G4+AK4/$I4)/$G4 -> 0 | AM4: =AL4/$F4 -> 0 | AN4: =_xlfn.CEILING.MATH(AM4) -> 0 | AO4: =AN4*AE4 -> 0 | AR4: =(AP4*$G4+AQ4/$I4)/$G4 -> 0 | AS4: =AR4/$F4 -> 0 | AT4: =_xlfn.CEILING.MATH(AS4) -> 0 | AU4: =AT4*AK4 -> 0 | AX4: =(AV4*$G4+AW4/$I4)/$G4 -> 0 | AY4: =AX4/$F4 -> 0 | AZ4: =_xlfn.CEILING.MATH(AY4) -> 0 | BA4: =AZ4*AQ4 -> 0 | BD4: =(BB4*$G4+BC4/$I4)/$G4 -> 0 | BE4: =BD4/$F4 -> 0 | BF4: =_xlfn.CEILING.MATH(BE4) -> 0 | BG4: =BF4*AW4 -> 0 | BJ4: =(BH4*$G4+BI4/$I4)/$G4 -> 0 | BK4: =BJ4/$F4 -> 0 | BL4: =_xlfn.CEILING.MATH(BK4) -> 0 | BM4: =BL4*BC4 -> 0 | BP4: =(BN4*$G4+BO4/$I4)/$G4 -> 0 | BQ4: =BP4/$F4 -> 0 | BR4: =_xlfn.CEILING.MATH(BQ4) -> 0 | BS4: =BR4*BI4 -> 0 | BV4: =(BT4*$G4+BU4/$I4)/$G4 -> 0 | BW4: =BV4/$F4 -> 0 | BX4: =_xlfn.CEILING.MATH(BW4) -> 0 | BY4: =BX4*BO4 -> 0 | CB4: =(BZ4*$G4+CA4/$I4)/$G4 -> 0 | CC4: =CB4/$F4 -> 0 | CD4: =_xlfn.CEILING.MATH(CC4) -> 0 | CE4: =CD4*BU4 -> 0
A5: 2 | E5: ※混載1～3ケース | F5: =$F$2 -> 0.85 | N5: =(L5*$G5+M5/$I5)/$G5 -> #DIV/0! | O5: =N5/$F5 -> #DIV/0! | P5: =_xlfn.CEILING.MATH(O5) -> #DIV/0! | Q5: =P5*G5 -> #DIV/0! | T5: =(R5*$G5+S5/$I5)/$G5 -> #DIV/0! | U5: =T5/$F5 -> #DIV/0! | V5: =_xlfn.CEILING.MATH(U5) -> #DIV/0! | W5: =V5*M5 -> #DIV/0! | Z5: =(X5*$G5+Y5/$I5)/$G5 -> #DIV/0! | AA5: =Z5/$F5 -> #DIV/0! | AB5: =_xlfn.CEILING.MATH(AA5) -> #DIV/0! | AC5: =AB5*S5 -> #DIV/0! | AF5: =(AD5*$G5+AE5/$I5)/$G5 -> #DIV/0! | AG5: =AF5/$F5 -> #DIV/0! | AH5: =_xlfn.CEILING.MATH(AG5) -> #DIV/0! | AI5: =AH5*Y5 -> #DIV/0! | AL5: =(AJ5*$G5+AK5/$I5)/$G5 -> #DIV/0! | AM5: =AL5/$F5 -> #DIV/0! | AN5: =_xlfn.CEILING.MATH(AM5) -> #DIV/0! | AO5: =AN5*AE5 -> #DIV/0! | AR5: =(AP5*$G5+AQ5/$I5)/$G5 -> #DIV/0! | AS5: =AR5/$F5 -> #DIV/0! | AT5: =_xlfn.CEILING.MATH(AS5) -> #DIV/0! | AU5: =AT5*AK5 -> #DIV/0! | AX5: =(AV5*$G5+AW5/$I5)/$G5 -> #DIV/0! | AY5: =AX5/$F5 -> #DIV/0! | AZ5: =_xlfn.CEILING.MATH(AY5) -> #DIV/0! | BA5: =AZ5*AQ5 -> #DIV/0! | BD5: =(BB5*$G5+BC5/$I5)/$G5 -> #DIV/0! | BE5: =BD5/$F5 -> #DIV/0! | BF5: =_xlfn.CEILING.MATH(BE5) -> #DIV/0! | BG5: =BF5*AW5 -> #DIV/0! | BJ5: =(BH5*$G5+BI5/$I5)/$G5 -> #DIV/0! | BK5: =BJ5/$F5 -> #DIV/0! | BL5: =_xlfn.CEILING.MATH(BK5) -> #DIV/0! | BM5: =BL5*BC5 -> #DIV/0! | BP5: =(BN5*$G5+BO5/$I5)/$G5 -> #DIV/0! | BQ5: =BP5/$F5 -> #DIV/0! | BR5: =_xlfn.CEILING.MATH(BQ5) -> #DIV/0! | BS5: =BR5*BI5 -> #DIV/0! | BV5: =(BT5*$G5+BU5/$I5)/$G5 -> #DIV/0! | BW5: =BV5/$F5 -> #DIV/0! | BX5: =_xlfn.CEILING.MATH(BW5) -> #DIV/0! | BY5: =BX5*BO5 -> #DIV/0! | CB5: =(BZ5*$G5+CA5/$I5)/$G5 -> #DIV/0! | CC5: =CB5/$F5 -> #DIV/0! | CD5: =_xlfn.CEILING.MATH(CC5) -> #DIV/0! | CE5: =CD5*BU5 -> #DIV/0!
A6: 3 | F6: =$F$2 -> 0.85 | N6: =(L6*$G6+M6/$I6)/$G6 -> #DIV/0! | O6: =N6/$F6 -> #DIV/0! | P6: =_xlfn.CEILING.MATH(O6) -> #DIV/0! | Q6: =P6*G6 -> #DIV/0! | T6: =(R6*$G6+S6/$I6)/$G6 -> #DIV/0! | U6: =T6/$F6 -> #DIV/0! | V6: =_xlfn.CEILING.MATH(U6) -> #DIV/0! | W6: =V6*M6 -> #DIV/0! | Z6: =(X6*$G6+Y6/$I6)/$G6 -> #DIV/0! | AA6: =Z6/$F6 -> #DIV/0! | AB6: =_xlfn.CEILING.MATH(AA6) -> #DIV/0! | AC6: =AB6*S6 -> #DIV/0! | AF6: =(AD6*$G6+AE6/$I6)/$G6 -> #DIV/0! | AG6: =AF6/$F6 -> #DIV/0! | AH6: =_xlfn.CEILING.MATH(AG6) -> #DIV/0! | AI6: =AH6*Y6 -> #DIV/0! | AL6: =(AJ6*$G6+AK6/$I6)/$G6 -> #DIV/0! | AM6: =AL6/$F6 -> #DIV/0! | AN6: =_xlfn.CEILING.MATH(AM6) -> #DIV/0! | AO6: =AN6*AE6 -> #DIV/0! | AR6: =(AP6*$G6+AQ6/$I6)/$G6 -> #DIV/0! | AS6: =AR6/$F6 -> #DIV/0! | AT6: =_xlfn.CEILING.MATH(AS6) -> #DIV/0! | AU6: =AT6*AK6 -> #DIV/0! | AX6: =(AV6*$G6+AW6/$I6)/$G6 -> #DIV/0! | AY6: =AX6/$F6 -> #DIV/0! | AZ6: =_xlfn.CEILING.MATH(AY6) -> #DIV/0! | BA6: =AZ6*AQ6 -> #DIV/0! | BD6: =(BB6*$G6+BC6/$I6)/$G6 -> #DIV/0! | BE6: =BD6/$F6 -> #DIV/0! | BF6: =_xlfn.CEILING.MATH(BE6) -> #DIV/0! | BG6: =BF6*AW6 -> #DIV/0! | BJ6: =(BH6*$G6+BI6/$I6)/$G6 -> #DIV/0! | BK6: =BJ6/$F6 -> #DIV/0! | BL6: =_xlfn.CEILING.MATH(BK6) -> #DIV/0! | BM6: =BL6*BC6 -> #DIV/0! | BP6: =(BN6*$G6+BO6/$I6)/$G6 -> #DIV/0! | BQ6: =BP6/$F6 -> #DIV/0! | BR6: =_xlfn.CEILING.MATH(BQ6) -> #DIV/0! | BS6: =BR6*BI6 -> #DIV/0! | BV6: =(BT6*$G6+BU6/$I6)/$G6 -> #DIV/0! | BW6: =BV6/$F6 -> #DIV/0! | BX6: =_xlfn.CEILING.MATH(BW6) -> #DIV/0! | BY6: =BX6*BO6 -> #DIV/0! | CB6: =(BZ6*$G6+CA6/$I6)/$G6 -> #DIV/0! | CC6: =CB6/$F6 -> #DIV/0! | CD6: =_xlfn.CEILING.MATH(CC6) -> #DIV/0! | CE6: =CD6*BU6 -> #DIV/0!
A7: 4 | F7: =$F$2 -> 0.85 | N7: =(L7*$G7+M7/$I7)/$G7 -> #DIV/0! | O7: =N7/$F7 -> #DIV/0! | P7: =_xlfn.CEILING.MATH(O7) -> #DIV/0! | Q7: =P7*G7 -> #DIV/0! | T7: =(R7*$G7+S7/$I7)/$G7 -> #DIV/0! | U7: =T7/$F7 -> #DIV/0! | V7: =_xlfn.CEILING.MATH(U7) -> #DIV/0! | W7: =V7*M7 -> #DIV/0! | Z7: =(X7*$G7+Y7/$I7)/$G7 -> #DIV/0! | AA7: =Z7/$F7 -> #DIV/0! | AB7: =_xlfn.CEILING.MATH(AA7) -> #DIV/0! | AC7: =AB7*S7 -> #DIV/0! | AF7: =(AD7*$G7+AE7/$I7)/$G7 -> #DIV/0! | AG7: =AF7/$F7 -> #DIV/0! | AH7: =_xlfn.CEILING.MATH(AG7) -> #DIV/0! | AI7: =AH7*Y7 -> #DIV/0! | AL7: =(AJ7*$G7+AK7/$I7)/$G7 -> #DIV/0! | AM7: =AL7/$F7 -> #DIV/0! | AN7: =_xlfn.CEILING.MATH(AM7) -> #DIV/0! | AO7: =AN7*AE7 -> #DIV/0! | AR7: =(AP7*$G7+AQ7/$I7)/$G7 -> #DIV/0! | AS7: =AR7/$F7 -> #DIV/0! | AT7: =_xlfn.CEILING.MATH(AS7) -> #DIV/0! | AU7: =AT7*AK7 -> #DIV/0! | AX7: =(AV7*$G7+AW7/$I7)/$G7 -> #DIV/0! | AY7: =AX7/$F7 -> #DIV/0! | AZ7: =_xlfn.CEILING.MATH(AY7) -> #DIV/0! | BA7: =AZ7*AQ7 -> #DIV/0! | BD7: =(BB7*$G7+BC7/$I7)/$G7 -> #DIV/0! | BE7: =BD7/$F7 -> #DIV/0! | BF7: =_xlfn.CEILING.MATH(BE7) -> #DIV/0! | BG7: =BF7*AW7 -> #DIV/0! | BJ7: =(BH7*$G7+BI7/$I7)/$G7 -> #DIV/0! | BK7: =BJ7/$F7 -> #DIV/0! | BL7: =_xlfn.CEILING.MATH(BK7) -> #DIV/0! | BM7: =BL7*BC7 -> #DIV/0! | BP7: =(BN7*$G7+BO7/$I7)/$G7 -> #DIV/0! | BQ7: =BP7/$F7 -> #DIV/0! | BR7: =_xlfn.CEILING.MATH(BQ7) -> #DIV/0! | BS7: =BR7*BI7 -> #DIV/0! | BV7: =(BT7*$G7+BU7/$I7)/$G7 -> #DIV/0! | BW7: =BV7/$F7 -> #DIV/0! | BX7: =_xlfn.CEILING.MATH(BW7) -> #DIV/0! | BY7: =BX7*BO7 -> #DIV/0! | CB7: =(BZ7*$G7+CA7/$I7)/$G7 -> #DIV/0! | CC7: =CB7/$F7 -> #DIV/0! | CD7: =_xlfn.CEILING.MATH(CC7) -> #DIV/0! | CE7: =CD7*BU7 -> #DIV/0!
A8: 5 | F8: =$F$2 -> 0.85 | N8: =(L8*$G8+M8/$I8)/$G8 -> #DIV/0! | O8: =N8/$F8 -> #DIV/0! | P8: =_xlfn.CEILING.MATH(O8) -> #DIV/0! | Q8: =P8*G8 -> #DIV/0! | T8: =(R8*$G8+S8/$I8)/$G8 -> #DIV/0! | U8: =T8/$F8 -> #DIV/0! | V8: =_xlfn.CEILING.MATH(U8) -> #DIV/0! | W8: =V8*M8 -> #DIV/0! | Z8: =(X8*$G8+Y8/$I8)/$G8 -> #DIV/0! | AA8: =Z8/$F8 -> #DIV/0! | AB8: =_xlfn.CEILING.MATH(AA8) -> #DIV/0! | AC8: =AB8*S8 -> #DIV/0! | AF8: =(AD8*$G8+AE8/$I8)/$G8 -> #DIV/0! | AG8: =AF8/$F8 -> #DIV/0! | AH8: =_xlfn.CEILING.MATH(AG8) -> #DIV/0! | AI8: =AH8*Y8 -> #DIV/0! | AL8: =(AJ8*$G8+AK8/$I8)/$G8 -> #DIV/0! | AM8: =AL8/$F8 -> #DIV/0! | AN8: =_xlfn.CEILING.MATH(AM8) -> #DIV/0! | AO8: =AN8*AE8 -> #DIV/0! | AR8: =(AP8*$G8+AQ8/$I8)/$G8 -> #DIV/0! | AS8: =AR8/$F8 -> #DIV/0! | AT8: =_xlfn.CEILING.MATH(AS8) -> #DIV/0! | AU8: =AT8*AK8 -> #DIV/0! | AX8: =(AV8*$G8+AW8/$I8)/$G8 -> #DIV/0! | AY8: =AX8/$F8 -> #DIV/0! | AZ8: =_xlfn.CEILING.MATH(AY8) -> #DIV/0! | BA8: =AZ8*AQ8 -> #DIV/0! | BD8: =(BB8*$G8+BC8/$I8)/$G8 -> #DIV/0! | BE8: =BD8/$F8 -> #DIV/0! | BF8: =_xlfn.CEILING.MATH(BE8) -> #DIV/0! | BG8: =BF8*AW8 -> #DIV/0! | BJ8: =(BH8*$G8+BI8/$I8)/$G8 -> #DIV/0! | BK8: =BJ8/$F8 -> #DIV/0! | BL8: =_xlfn.CEILING.MATH(BK8) -> #DIV/0! | BM8: =BL8*BC8 -> #DIV/0! | BP8: =(BN8*$G8+BO8/$I8)/$G8 -> #DIV/0! | BQ8: =BP8/$F8 -> #DIV/0! | BR8: =_xlfn.CEILING.MATH(BQ8) -> #DIV/0! | BS8: =BR8*BI8 -> #DIV/0! | BV8: =(BT8*$G8+BU8/$I8)/$G8 -> #DIV/0! | BW8: =BV8/$F8 -> #DIV/0! | BX8: =_xlfn.CEILING.MATH(BW8) -> #DIV/0! | BY8: =BX8*BO8 -> #DIV/0! | CB8: =(BZ8*$G8+CA8/$I8)/$G8 -> #DIV/0! | CC8: =CB8/$F8 -> #DIV/0! | CD8: =_xlfn.CEILING.MATH(CC8) -> #DIV/0! | CE8: =CD8*BU8 -> #DIV/0!
A9: 6 | F9: =$F$2 -> 0.85 | N9: =(L9*$G9+M9/$I9)/$G9 -> #DIV/0! | O9: =N9/$F9 -> #DIV/0! | P9: =_xlfn.CEILING.MATH(O9) -> #DIV/0! | Q9: =P9*G9 -> #DIV/0! | T9: =(R9*$G9+S9/$I9)/$G9 -> #DIV/0! | U9: =T9/$F9 -> #DIV/0! | V9: =_xlfn.CEILING.MATH(U9) -> #DIV/0! | W9: =V9*M9 -> #DIV/0! | Z9: =(X9*$G9+Y9/$I9)/$G9 -> #DIV/0! | AA9: =Z9/$F9 -> #DIV/0! | AB9: =_xlfn.CEILING.MATH(AA9) -> #DIV/0! | AC9: =AB9*S9 -> #DIV/0! | AF9: =(AD9*$G9+AE9/$I9)/$G9 -> #DIV/0! | AG9: =AF9/$F9 -> #DIV/0! | AH9: =_xlfn.CEILING.MATH(AG9) -> #DIV/0! | AI9: =AH9*Y9 -> #DIV/0! | AL9: =(AJ9*$G9+AK9/$I9)/$G9 -> #DIV/0! | AM9: =AL9/$F9 -> #DIV/0! | AN9: =_xlfn.CEILING.MATH(AM9) -> #DIV/0! | AO9: =AN9*AE9 -> #DIV/0! | AR9: =(AP9*$G9+AQ9/$I9)/$G9 -> #DIV/0! | AS9: =AR9/$F9 -> #DIV/0! | AT9: =_xlfn.CEILING.MATH(AS9) -> #DIV/0! | AU9: =AT9*AK9 -> #DIV/0! | AX9: =(AV9*$G9+AW9/$I9)/$G9 -> #DIV/0! | AY9: =AX9/$F9 -> #DIV/0! | AZ9: =_xlfn.CEILING.MATH(AY9) -> #DIV/0! | BA9: =AZ9*AQ9 -> #DIV/0! | BD9: =(BB9*$G9+BC9/$I9)/$G9 -> #DIV/0! | BE9: =BD9/$F9 -> #DIV/0! | BF9: =_xlfn.CEILING.MATH(BE9) -> #DIV/0! | BG9: =BF9*AW9 -> #DIV/0! | BJ9: =(BH9*$G9+BI9/$I9)/$G9 -> #DIV/0! | BK9: =BJ9/$F9 -> #DIV/0! | BL9: =_xlfn.CEILING.MATH(BK9) -> #DIV/0! | BM9: =BL9*BC9 -> #DIV/0! | BP9: =(BN9*$G9+BO9/$I9)/$G9 -> #DIV/0! | BQ9: =BP9/$F9 -> #DIV/0! | BR9: =_xlfn.CEILING.MATH(BQ9) -> #DIV/0! | BS9: =BR9*BI9 -> #DIV/0! | BV9: =(BT9*$G9+BU9/$I9)/$G9 -> #DIV/0! | BW9: =BV9/$F9 -> #DIV/0! | BX9: =_xlfn.CEILING.MATH(BW9) -> #DIV/0! | BY9: =BX9*BO9 -> #DIV/0! | CB9: =(BZ9*$G9+CA9/$I9)/$G9 -> #DIV/0! | CC9: =CB9/$F9 -> #DIV/0! | CD9: =_xlfn.CEILING.MATH(CC9) -> #DIV/0! | CE9: =CD9*BU9 -> #DIV/0!
A10: 7 | F10: =$F$2 -> 0.85 | N10: =(L10*$G10+M10/$I10)/$G10 -> #DIV/0! | O10: =N10/$F10 -> #DIV/0! | P10: =_xlfn.CEILING.MATH(O10) -> #DIV/0! | Q10: =P10*G10 -> #DIV/0! | T10: =(R10*$G10+S10/$I10)/$G10 -> #DIV/0! | U10: =T10/$F10 -> #DIV/0! | V10: =_xlfn.CEILING.MATH(U10) -> #DIV/0! | W10: =V10*M10 -> #DIV/0! | Z10: =(X10*$G10+Y10/$I10)/$G10 -> #DIV/0! | AA10: =Z10/$F10 -> #DIV/0! | AB10: =_xlfn.CEILING.MATH(AA10) -> #DIV/0! | AC10: =AB10*S10 -> #DIV/0! | AF10: =(AD10*$G10+AE10/$I10)/$G10 -> #DIV/0! | AG10: =AF10/$F10 -> #DIV/0! | AH10: =_xlfn.CEILING.MATH(AG10) -> #DIV/0! | AI10: =AH10*Y10 -> #DIV/0! | AL10: =(AJ10*$G10+AK10/$I10)/$G10 -> #DIV/0! | AM10: =AL10/$F10 -> #DIV/0! | AN10: =_xlfn.CEILING.MATH(AM10) -> #DIV/0! | AO10: =AN10*AE10 -> #DIV/0! | AR10: =(AP10*$G10+AQ10/$I10)/$G10 -> #DIV/0! | AS10: =AR10/$F10 -> #DIV/0! | AT10: =_xlfn.CEILING.MATH(AS10) -> #DIV/0! | AU10: =AT10*AK10 -> #DIV/0! | AX10: =(AV10*$G10+AW10/$I10)/$G10 -> #DIV/0! | AY10: =AX10/$F10 -> #DIV/0! | AZ10: =_xlfn.CEILING.MATH(AY10) -> #DIV/0! | BA10: =AZ10*AQ10 -> #DIV/0! | BD10: =(BB10*$G10+BC10/$I10)/$G10 -> #DIV/0! | BE10: =BD10/$F10 -> #DIV/0! | BF10: =_xlfn.CEILING.MATH(BE10) -> #DIV/0! | BG10: =BF10*AW10 -> #DIV/0! | BJ10: =(BH10*$G10+BI10/$I10)/$G10 -> #DIV/0! | BK10: =BJ10/$F10 -> #DIV/0! | BL10: =_xlfn.CEILING.MATH(BK10) -> #DIV/0! | BM10: =BL10*BC10 -> #DIV/0! | BP10: =(BN10*$G10+BO10/$I10)/$G10 -> #DIV/0! | BQ10: =BP10/$F10 -> #DIV/0! | BR10: =_xlfn.CEILING.MATH(BQ10) -> #DIV/0! | BS10: =BR10*BI10 -> #DIV/0! | BV10: =(BT10*$G10+BU10/$I10)/$G10 -> #DIV/0! | BW10: =BV10/$F10 -> #DIV/0! | BX10: =_xlfn.CEILING.MATH(BW10) -> #DIV/0! | BY10: =BX10*BO10 -> #DIV/0! | CB10: =(BZ10*$G10+CA10/$I10)/$G10 -> #DIV/0! | CC10: =CB10/$F10 -> #DIV/0! | CD10: =_xlfn.CEILING.MATH(CC10) -> #DIV/0! | CE10: =CD10*BU10 -> #DIV/0!
A11: 8 | F11: =$F$2 -> 0.85 | N11: =(L11*$G11+M11/$I11)/$G11 -> #DIV/0! | O11: =N11/$F11 -> #DIV/0! | P11: =_xlfn.CEILING.MATH(O11) -> #DIV/0! | Q11: =P11*G11 -> #DIV/0! | T11: =(R11*$G11+S11/$I11)/$G11 -> #DIV/0! | U11: =T11/$F11 -> #DIV/0! | V11: =_xlfn.CEILING.MATH(U11) -> #DIV/0! | W11: =V11*M11 -> #DIV/0! | Z11: =(X11*$G11+Y11/$I11)/$G11 -> #DIV/0! | AA11: =Z11/$F11 -> #DIV/0! | AB11: =_xlfn.CEILING.MATH(AA11) -> #DIV/0! | AC11: =AB11*S11 -> #DIV/0! | AF11: =(AD11*$G11+AE11/$I11)/$G11 -> #DIV/0! | AG11: =AF11/$F11 -> #DIV/0! | AH11: =_xlfn.CEILING.MATH(AG11) -> #DIV/0! | AI11: =AH11*Y11 -> #DIV/0! | AL11: =(AJ11*$G11+AK11/$I11)/$G11 -> #DIV/0! | AM11: =AL11/$F11 -> #DIV/0! | AN11: =_xlfn.CEILING.MATH(AM11) -> #DIV/0! | AO11: =AN11*AE11 -> #DIV/0! | AR11: =(AP11*$G11+AQ11/$I11)/$G11 -> #DIV/0! | AS11: =AR11/$F11 -> #DIV/0! | AT11: =_xlfn.CEILING.MATH(AS11) -> #DIV/0! | AU11: =AT11*AK11 -> #DIV/0! | AX11: =(AV11*$G11+AW11/$I11)/$G11 -> #DIV/0! | AY11: =AX11/$F11 -> #DIV/0! | AZ11: =_xlfn.CEILING.MATH(AY11) -> #DIV/0! | BA11: =AZ11*AQ11 -> #DIV/0! | BD11: =(BB11*$G11+BC11/$I11)/$G11 -> #DIV/0! | BE11: =BD11/$F11 -> #DIV/0! | BF11: =_xlfn.CEILING.MATH(BE11) -> #DIV/0! | BG11: =BF11*AW11 -> #DIV/0! | BJ11: =(BH11*$G11+BI11/$I11)/$G11 -> #DIV/0! | BK11: =BJ11/$F11 -> #DIV/0! | BL11: =_xlfn.CEILING.MATH(BK11) -> #DIV/0! | BM11: =BL11*BC11 -> #DIV/0! | BP11: =(BN11*$G11+BO11/$I11)/$G11 -> #DIV/0! | BQ11: =BP11/$F11 -> #DIV/0! | BR11: =_xlfn.CEILING.MATH(BQ11) -> #DIV/0! | BS11: =BR11*BI11 -> #DIV/0! | BV11: =(BT11*$G11+BU11/$I11)/$G11 -> #DIV/0! | BW11: =BV11/$F11 -> #DIV/0! | BX11: =_xlfn.CEILING.MATH(BW11) -> #DIV/0! | BY11: =BX11*BO11 -> #DIV/0! | CB11: =(BZ11*$G11+CA11/$I11)/$G11 -> #DIV/0! | CC11: =CB11/$F11 -> #DIV/0! | CD11: =_xlfn.CEILING.MATH(CC11) -> #DIV/0! | CE11: =CD11*BU11 -> #DIV/0!
A12: 9 | F12: =$F$2 -> 0.85 | N12: =(L12*$G12+M12/$I12)/$G12 -> #DIV/0! | O12: =N12/$F12 -> #DIV/0! | P12: =_xlfn.CEILING.MATH(O12) -> #DIV/0! | Q12: =P12*G12 -> #DIV/0! | T12: =(R12*$G12+S12/$I12)/$G12 -> #DIV/0! | U12: =T12/$F12 -> #DIV/0! | V12: =_xlfn.CEILING.MATH(U12) -> #DIV/0! | W12: =V12*M12 -> #DIV/0! | Z12: =(X12*$G12+Y12/$I12)/$G12 -> #DIV/0! | AA12: =Z12/$F12 -> #DIV/0! | AB12: =_xlfn.CEILING.MATH(AA12) -> #DIV/0! | AC12: =AB12*S12 -> #DIV/0! | AF12: =(AD12*$G12+AE12/$I12)/$G12 -> #DIV/0! | AG12: =AF12/$F12 -> #DIV/0! | AH12: =_xlfn.CEILING.MATH(AG12) -> #DIV/0! | AI12: =AH12*Y12 -> #DIV/0! | AL12: =(AJ12*$G12+AK12/$I12)/$G12 -> #DIV/0! | AM12: =AL12/$F12 -> #DIV/0! | AN12: =_xlfn.CEILING.MATH(AM12) -> #DIV/0! | AO12: =AN12*AE12 -> #DIV/0! | AR12: =(AP12*$G12+AQ12/$I12)/$G12 -> #DIV/0! | AS12: =AR12/$F12 -> #DIV/0! | AT12: =_xlfn.CEILING.MATH(AS12) -> #DIV/0! | AU12: =AT12*AK12 -> #DIV/0! | AX12: =(AV12*$G12+AW12/$I12)/$G12 -> #DIV/0! | AY12: =AX12/$F12 -> #DIV/0! | AZ12: =_xlfn.CEILING.MATH(AY12) -> #DIV/0! | BA12: =AZ12*AQ12 -> #DIV/0! | BD12: =(BB12*$G12+BC12/$I12)/$G12 -> #DIV/0! | BE12: =BD12/$F12 -> #DIV/0! | BF12: =_xlfn.CEILING.MATH(BE12) -> #DIV/0! | BG12: =BF12*AW12 -> #DIV/0! | BJ12: =(BH12*$G12+BI12/$I12)/$G12 -> #DIV/0! | BK12: =BJ12/$F12 -> #DIV/0! | BL12: =_xlfn.CEILING.MATH(BK12) -> #DIV/0! | BM12: =BL12*BC12 -> #DIV/0! | BP12: =(BN12*$G12+BO12/$I12)/$G12 -> #DIV/0! | BQ12: =BP12/$F12 -> #DIV/0! | BR12: =_xlfn.CEILING.MATH(BQ12) -> #DIV/0! | BS12: =BR12*BI12 -> #DIV/0! | BV12: =(BT12*$G12+BU12/$I12)/$G12 -> #DIV/0! | BW12: =BV12/$F12 -> #DIV/0! | BX12: =_xlfn.CEILING.MATH(BW12) -> #DIV/0! | BY12: =BX12*BO12 -> #DIV/0! | CB12: =(BZ12*$G12+CA12/$I12)/$G12 -> #DIV/0! | CC12: =CB12/$F12 -> #DIV/0! | CD12: =_xlfn.CEILING.MATH(CC12) -> #DIV/0! | CE12: =CD12*BU12 -> #DIV/0!
A13: 10 | F13: =$F$2 -> 0.85 | N13: =(L13*$G13+M13/$I13)/$G13 -> #DIV/0! | O13: =N13/$F13 -> #DIV/0! | P13: =_xlfn.CEILING.MATH(O13) -> #DIV/0! | Q13: =P13*G13 -> #DIV/0! | T13: =(R13*$G13+S13/$I13)/$G13 -> #DIV/0! | U13: =T13/$F13 -> #DIV/0! | V13: =_xlfn.CEILING.MATH(U13) -> #DIV/0! | W13: =V13*M13 -> #DIV/0! | Z13: =(X13*$G13+Y13/$I13)/$G13 -> #DIV/0! | AA13: =Z13/$F13 -> #DIV/0! | AB13: =_xlfn.CEILING.MATH(AA13) -> #DIV/0! | AC13: =AB13*S13 -> #DIV/0! | AF13: =(AD13*$G13+AE13/$I13)/$G13 -> #DIV/0! | AG13: =AF13/$F13 -> #DIV/0! | AH13: =_xlfn.CEILING.MATH(AG13) -> #DIV/0! | AI13: =AH13*Y13 -> #DIV/0! | AL13: =(AJ13*$G13+AK13/$I13)/$G13 -> #DIV/0! | AM13: =AL13/$F13 -> #DIV/0! | AN13: =_xlfn.CEILING.MATH(AM13) -> #DIV/0! | AO13: =AN13*AE13 -> #DIV/0! | AR13: =(AP13*$G13+AQ13/$I13)/$G13 -> #DIV/0! | AS13: =AR13/$F13 -> #DIV/0! | AT13: =_xlfn.CEILING.MATH(AS13) -> #DIV/0! | AU13: =AT13*AK13 -> #DIV/0! | AX13: =(AV13*$G13+AW13/$I13)/$G13 -> #DIV/0! | AY13: =AX13/$F13 -> #DIV/0! | AZ13: =_xlfn.CEILING.MATH(AY13) -> #DIV/0! | BA13: =AZ13*AQ13 -> #DIV/0! | BD13: =(BB13*$G13+BC13/$I13)/$G13 -> #DIV/0! | BE13: =BD13/$F13 -> #DIV/0! | BF13: =_xlfn.CEILING.MATH(BE13) -> #DIV/0! | BG13: =BF13*AW13 -> #DIV/0! | BJ13: =(BH13*$G13+BI13/$I13)/$G13 -> #DIV/0! | BK13: =BJ13/$F13 -> #DIV/0! | BL13: =_xlfn.CEILING.MATH(BK13) -> #DIV/0! | BM13: =BL13*BC13 -> #DIV/0! | BP13: =(BN13*$G13+BO13/$I13)/$G13 -> #DIV/0! | BQ13: =BP13/$F13 -> #DIV/0! | BR13: =_xlfn.CEILING.MATH(BQ13) -> #DIV/0! | BS13: =BR13*BI13 -> #DIV/0! | BV13: =(BT13*$G13+BU13/$I13)/$G13 -> #DIV/0! | BW13: =BV13/$F13 -> #DIV/0! | BX13: =_xlfn.CEILING.MATH(BW13) -> #DIV/0! | BY13: =BX13*BO13 -> #DIV/0! | CB13: =(BZ13*$G13+CA13/$I13)/$G13 -> #DIV/0! | CC13: =CB13/$F13 -> #DIV/0! | CD13: =_xlfn.CEILING.MATH(CC13) -> #DIV/0! | CE13: =CD13*BU13 -> #DIV/0!
A14: 11 | F14: =$F$2 -> 0.85 | N14: =(L14*$G14+M14/$I14)/$G14 -> #DIV/0! | O14: =N14/$F14 -> #DIV/0! | P14: =_xlfn.CEILING.MATH(O14) -> #DIV/0! | Q14: =P14*G14 -> #DIV/0! | T14: =(R14*$G14+S14/$I14)/$G14 -> #DIV/0! | U14: =T14/$F14 -> #DIV/0! | V14: =_xlfn.CEILING.MATH(U14) -> #DIV/0! | W14: =V14*M14 -> #DIV/0! | Z14: =(X14*$G14+Y14/$I14)/$G14 -> #DIV/0! | AA14: =Z14/$F14 -> #DIV/0! | AB14: =_xlfn.CEILING.MATH(AA14) -> #DIV/0! | AC14: =AB14*S14 -> #DIV/0! | AF14: =(AD14*$G14+AE14/$I14)/$G14 -> #DIV/0! | AG14: =AF14/$F14 -> #DIV/0! | AH14: =_xlfn.CEILING.MATH(AG14) -> #DIV/0! | AI14: =AH14*Y14 -> #DIV/0! | AL14: =(AJ14*$G14+AK14/$I14)/$G14 -> #DIV/0! | AM14: =AL14/$F14 -> #DIV/0! | AN14: =_xlfn.CEILING.MATH(AM14) -> #DIV/0! | AO14: =AN14*AE14 -> #DIV/0! | AR14: =(AP14*$G14+AQ14/$I14)/$G14 -> #DIV/0! | AS14: =AR14/$F14 -> #DIV/0! | AT14: =_xlfn.CEILING.MATH(AS14) -> #DIV/0! | AU14: =AT14*AK14 -> #DIV/0! | AX14: =(AV14*$G14+AW14/$I14)/$G14 -> #DIV/0! | AY14: =AX14/$F14 -> #DIV/0! | AZ14: =_xlfn.CEILING.MATH(AY14) -> #DIV/0! | BA14: =AZ14*AQ14 -> #DIV/0! | BD14: =(BB14*$G14+BC14/$I14)/$G14 -> #DIV/0! | BE14: =BD14/$F14 -> #DIV/0! | BF14: =_xlfn.CEILING.MATH(BE14) -> #DIV/0! | BG14: =BF14*AW14 -> #DIV/0! | BJ14: =(BH14*$G14+BI14/$I14)/$G14 -> #DIV/0! | BK14: =BJ14/$F14 -> #DIV/0! | BL14: =_xlfn.CEILING.MATH(BK14) -> #DIV/0! | BM14: =BL14*BC14 -> #DIV/0! | BP14: =(BN14*$G14+BO14/$I14)/$G14 -> #DIV/0! | BQ14: =BP14/$F14 -> #DIV/0! | BR14: =_xlfn.CEILING.MATH(BQ14) -> #DIV/0! | BS14: =BR14*BI14 -> #DIV/0! | BV14: =(BT14*$G14+BU14/$I14)/$G14 -> #DIV/0! | BW14: =BV14/$F14 -> #DIV/0! | BX14: =_xlfn.CEILING.MATH(BW14) -> #DIV/0! | BY14: =BX14*BO14 -> #DIV/0! | CB14: =(BZ14*$G14+CA14/$I14)/$G14 -> #DIV/0! | CC14: =CB14/$F14 -> #DIV/0! | CD14: =_xlfn.CEILING.MATH(CC14) -> #DIV/0! | CE14: =CD14*BU14 -> #DIV/0!
A15: 12 | F15: =$F$2 -> 0.85 | N15: =(L15*$G15+M15/$I15)/$G15 -> #DIV/0! | O15: =N15/$F15 -> #DIV/0! | P15: =_xlfn.CEILING.MATH(O15) -> #DIV/0! | Q15: =P15*G15 -> #DIV/0! | T15: =(R15*$G15+S15/$I15)/$G15 -> #DIV/0! | U15: =T15/$F15 -> #DIV/0! | V15: =_xlfn.CEILING.MATH(U15) -> #DIV/0! | W15: =V15*M15 -> #DIV/0! | Z15: =(X15*$G15+Y15/$I15)/$G15 -> #DIV/0! | AA15: =Z15/$F15 -> #DIV/0! | AB15: =_xlfn.CEILING.MATH(AA15) -> #DIV/0! | AC15: =AB15*S15 -> #DIV/0! | AF15: =(AD15*$G15+AE15/$I15)/$G15 -> #DIV/0! | AG15: =AF15/$F15 -> #DIV/0! | AH15: =_xlfn.CEILING.MATH(AG15) -> #DIV/0! | AI15: =AH15*Y15 -> #DIV/0! | AL15: =(AJ15*$G15+AK15/$I15)/$G15 -> #DIV/0! | AM15: =AL15/$F15 -> #DIV/0! | AN15: =_xlfn.CEILING.MATH(AM15) -> #DIV/0! | AO15: =AN15*AE15 -> #DIV/0! | AR15: =(AP15*$G15+AQ15/$I15)/$G15 -> #DIV/0! | AS15: =AR15/$F15 -> #DIV/0! | AT15: =_xlfn.CEILING.MATH(AS15) -> #DIV/0! | AU15: =AT15*AK15 -> #DIV/0! | AX15: =(AV15*$G15+AW15/$I15)/$G15 -> #DIV/0! | AY15: =AX15/$F15 -> #DIV/0! | AZ15: =_xlfn.CEILING.MATH(AY15) -> #DIV/0! | BA15: =AZ15*AQ15 -> #DIV/0! | BD15: =(BB15*$G15+BC15/$I15)/$G15 -> #DIV/0! | BE15: =BD15/$F15 -> #DIV/0! | BF15: =_xlfn.CEILING.MATH(BE15) -> #DIV/0! | BG15: =BF15*AW15 -> #DIV/0! | BJ15: =(BH15*$G15+BI15/$I15)/$G15 -> #DIV/0! | BK15: =BJ15/$F15 -> #DIV/0! | BL15: =_xlfn.CEILING.MATH(BK15) -> #DIV/0! | BM15: =BL15*BC15 -> #DIV/0! | BP15: =(BN15*$G15+BO15/$I15)/$G15 -> #DIV/0! | BQ15: =BP15/$F15 -> #DIV/0! | BR15: =_xlfn.CEILING.MATH(BQ15) -> #DIV/0! | BS15: =BR15*BI15 -> #DIV/0! | BV15: =(BT15*$G15+BU15/$I15)/$G15 -> #DIV/0! | BW15: =BV15/$F15 -> #DIV/0! | BX15: =_xlfn.CEILING.MATH(BW15) -> #DIV/0! | BY15: =BX15*BO15 -> #DIV/0! | CB15: =(BZ15*$G15+CA15/$I15)/$G15 -> #DIV/0! | CC15: =CB15/$F15 -> #DIV/0! | CD15: =_xlfn.CEILING.MATH(CC15) -> #DIV/0! | CE15: =CD15*BU15 -> #DIV/0!
A16: 13 | F16: =$F$2 -> 0.85 | N16: =(L16*$G16+M16/$I16)/$G16 -> #DIV/0! | O16: =N16/$F16 -> #DIV/0! | P16: =_xlfn.CEILING.MATH(O16) -> #DIV/0! | Q16: =P16*G16 -> #DIV/0! | T16: =(R16*$G16+S16/$I16)/$G16 -> #DIV/0! | U16: =T16/$F16 -> #DIV/0! | V16: =_xlfn.CEILING.MATH(U16) -> #DIV/0! | W16: =V16*M16 -> #DIV/0! | Z16: =(X16*$G16+Y16/$I16)/$G16 -> #DIV/0! | AA16: =Z16/$F16 -> #DIV/0! | AB16: =_xlfn.CEILING.MATH(AA16) -> #DIV/0! | AC16: =AB16*S16 -> #DIV/0! | AF16: =(AD16*$G16+AE16/$I16)/$G16 -> #DIV/0! | AG16: =AF16/$F16 -> #DIV/0! | AH16: =_xlfn.CEILING.MATH(AG16) -> #DIV/0! | AI16: =AH16*Y16 -> #DIV/0! | AL16: =(AJ16*$G16+AK16/$I16)/$G16 -> #DIV/0! | AM16: =AL16/$F16 -> #DIV/0! | AN16: =_xlfn.CEILING.MATH(AM16) -> #DIV/0! | AO16: =AN16*AE16 -> #DIV/0! | AR16: =(AP16*$G16+AQ16/$I16)/$G16 -> #DIV/0! | AS16: =AR16/$F16 -> #DIV/0! | AT16: =_xlfn.CEILING.MATH(AS16) -> #DIV/0! | AU16: =AT16*AK16 -> #DIV/0! | AX16: =(AV16*$G16+AW16/$I16)/$G16 -> #DIV/0! | AY16: =AX16/$F16 -> #DIV/0! | AZ16: =_xlfn.CEILING.MATH(AY16) -> #DIV/0! | BA16: =AZ16*AQ16 -> #DIV/0! | BD16: =(BB16*$G16+BC16/$I16)/$G16 -> #DIV/0! | BE16: =BD16/$F16 -> #DIV/0! | BF16: =_xlfn.CEILING.MATH(BE16) -> #DIV/0! | BG16: =BF16*AW16 -> #DIV/0! | BJ16: =(BH16*$G16+BI16/$I16)/$G16 -> #DIV/0! | BK16: =BJ16/$F16 -> #DIV/0! | BL16: =_xlfn.CEILING.MATH(BK16) -> #DIV/0! | BM16: =BL16*BC16 -> #DIV/0! | BP16: =(BN16*$G16+BO16/$I16)/$G16 -> #DIV/0! | BQ16: =BP16/$F16 -> #DIV/0! | BR16: =_xlfn.CEILING.MATH(BQ16) -> #DIV/0! | BS16: =BR16*BI16 -> #DIV/0! | BV16: =(BT16*$G16+BU16/$I16)/$G16 -> #DIV/0! | BW16: =BV16/$F16 -> #DIV/0! | BX16: =_xlfn.CEILING.MATH(BW16) -> #DIV/0! | BY16: =BX16*BO16 -> #DIV/0! | CB16: =(BZ16*$G16+CA16/$I16)/$G16 -> #DIV/0! | CC16: =CB16/$F16 -> #DIV/0! | CD16: =_xlfn.CEILING.MATH(CC16) -> #DIV/0! | CE16: =CD16*BU16 -> #DIV/0!
A17: 14 | F17: =$F$2 -> 0.85 | N17: =(L17*$G17+M17/$I17)/$G17 -> #DIV/0! | O17: =N17/$F17 -> #DIV/0! | P17: =_xlfn.CEILING.MATH(O17) -> #DIV/0! | Q17: =P17*G17 -> #DIV/0! | T17: =(R17*$G17+S17/$I17)/$G17 -> #DIV/0! | U17: =T17/$F17 -> #DIV/0! | V17: =_xlfn.CEILING.MATH(U17) -> #DIV/0! | W17: =V17*M17 -> #DIV/0! | Z17: =(X17*$G17+Y17/$I17)/$G17 -> #DIV/0! | AA17: =Z17/$F17 -> #DIV/0! | AB17: =_xlfn.CEILING.MATH(AA17) -> #DIV/0! | AC17: =AB17*S17 -> #DIV/0! | AF17: =(AD17*$G17+AE17/$I17)/$G17 -> #DIV/0! | AG17: =AF17/$F17 -> #DIV/0! | AH17: =_xlfn.CEILING.MATH(AG17) -> #DIV/0! | AI17: =AH17*Y17 -> #DIV/0! | AL17: =(AJ17*$G17+AK17/$I17)/$G17 -> #DIV/0! | AM17: =AL17/$F17 -> #DIV/0! | AN17: =_xlfn.CEILING.MATH(AM17) -> #DIV/0! | AO17: =AN17*AE17 -> #DIV/0! | AR17: =(AP17*$G17+AQ17/$I17)/$G17 -> #DIV/0! | AS17: =AR17/$F17 -> #DIV/0! | AT17: =_xlfn.CEILING.MATH(AS17) -> #DIV/0! | AU17: =AT17*AK17 -> #DIV/0! | AX17: =(AV17*$G17+AW17/$I17)/$G17 -> #DIV/0! | AY17: =AX17/$F17 -> #DIV/0! | AZ17: =_xlfn.CEILING.MATH(AY17) -> #DIV/0! | BA17: =AZ17*AQ17 -> #DIV/0! | BD17: =(BB17*$G17+BC17/$I17)/$G17 -> #DIV/0! | BE17: =BD17/$F17 -> #DIV/0! | BF17: =_xlfn.CEILING.MATH(BE17) -> #DIV/0! | BG17: =BF17*AW17 -> #DIV/0! | BJ17: =(BH17*$G17+BI17/$I17)/$G17 -> #DIV/0! | BK17: =BJ17/$F17 -> #DIV/0! | BL17: =_xlfn.CEILING.MATH(BK17) -> #DIV/0! | BM17: =BL17*BC17 -> #DIV/0! | BP17: =(BN17*$G17+BO17/$I17)/$G17 -> #DIV/0! | BQ17: =BP17/$F17 -> #DIV/0! | BR17: =_xlfn.CEILING.MATH(BQ17) -> #DIV/0! | BS17: =BR17*BI17 -> #DIV/0! | BV17: =(BT17*$G17+BU17/$I17)/$G17 -> #DIV/0! | BW17: =BV17/$F17 -> #DIV/0! | BX17: =_xlfn.CEILING.MATH(BW17) -> #DIV/0! | BY17: =BX17*BO17 -> #DIV/0! | CB17: =(BZ17*$G17+CA17/$I17)/$G17 -> #DIV/0! | CC17: =CB17/$F17 -> #DIV/0! | CD17: =_xlfn.CEILING.MATH(CC17) -> #DIV/0! | CE17: =CD17*BU17 -> #DIV/0!
... A150: 147 | F150: =$F$2 -> 0.85 | N150: =(L150*$G150+M150/$I150)/$G150 -> #DIV/0! | O150: =N150/$F150 -> #DIV/0! | P150: =_xlfn.CEILING.MATH(O150) -> #DIV/0! | Q150: =P150*G150 -> #DIV/0! | T150: =(R150*$G150+S150/$I150)/$G150 -> #DIV/0! | U150: =T150/$F150 -> #DIV/0! | V150: =_xlfn.CEILING.MATH(U150) -> #DIV/0! | W150: =V150*M150 -> #DIV/0! | Z150: =(X150*$G150+Y150/$I150)/$G150 -> #DIV/0! | AA150: =Z150/$F150 -> #DIV/0! | AB150: =_xlfn.CEILING.MATH(AA150) -> #DIV/0! | AC150: =AB150*S150 -> #DIV/0! | AF150: =(AD150*$G150+AE150/$I150)/$G150 -> #DIV/0! | AG150: =AF150/$F150 -> #DIV/0! | AH150: =_xlfn.CEILING.MATH(AG150) -> #DIV/0! | AI150: =AH150*Y150 -> #DIV/0! | AL150: =(AJ150*$G150+AK150/$I150)/$G150 -> #DIV/0! | AM150: =AL150/$F150 -> #DIV/0! | AN150: =_xlfn.CEILING.MATH(AM150) -> #DIV/0! | AO150: =AN150*AE150 -> #DIV/0! | AR150: =(AP150*$G150+AQ150/$I150)/$G150 -> #DIV/0! | AS150: =AR150/$F150 -> #DIV/0! | AT150: =_xlfn.CEILING.MATH(AS150) -> #DIV/0! | AU150: =AT150*AK150 -> #DIV/0! | AX150: =(AV150*$G150+AW150/$I150)/$G150 -> #DIV/0! | AY150: =AX150/$F150 -> #DIV/0! | AZ150: =_xlfn.CEILING.MATH(AY150) -> #DIV/0! | BA150: =AZ150*AQ150 -> #DIV/0! | BD150: =(BB150*$G150+BC150/$I150)/$G150 -> #DIV/0! | BE150: =BD150/$F150 -> #DIV/0! | BF150: =_xlfn.CEILING.MATH(BE150) -> #DIV/0! | BG150: =BF150*AW150 -> #DIV/0! | BJ150: =(BH150*$G150+BI150/$I150)/$G150 -> #DIV/0! | BK150: =BJ150/$F150 -> #DIV/0! | BL150: =_xlfn.CEILING.MATH(BK150) -> #DIV/0! | BM150: =BL150*BC150 -> #DIV/0! | BP150: =(BN150*$G150+BO150/$I150)/$G150 -> #DIV/0! | BQ150: =BP150/$F150 -> #DIV/0! | BR150: =_xlfn.CEILING.MATH(BQ150) -> #DIV/0! | BS150: =BR150*BI150 -> #DIV/0! | BV150: =(BT150*$G150+BU150/$I150)/$G150 -> #DIV/0! | BW150: =BV150/$F150 -> #DIV/0! | BX150: =_xlfn.CEILING.MATH(BW150) -> #DIV/0! | BY150: =BX150*BO150 -> #DIV/0! | CB150: =(BZ150*$G150+CA150/$I150)/$G150 -> #DIV/0! | CC150: =CB150/$F150 -> #DIV/0! | CD150: =_xlfn.CEILING.MATH(CC150) -> #DIV/0! | CE150: =CD150*BU150 -> #DIV/0!

Sheet 計算（業務便2）
A1: 計算(業務便2)
D2: セット名詳細 | F2: ='宅配便 仮計算'!D2 -> 0.85 | G2: 入数情報 | H2: 混載情報 | J2: セット情報 | K2: 送料情報 | L2: 地域別卸値計算
A3: 番号 | B3: JANコード | C3: 商品名 | D3: セット名種類 | E3: セット名追加情報 | F3: 原価率 | G3: 入数 (合計数計算) | H3: グループ番号 | I3: 数 | J3: 種類 | K3: 適用送料 | L3: 関東 仕入単価 | M3: 関東送料 | N3: 送料込み 仕入単価 | O3: 卸単価計算 | P3: 切り上げ 卸値単価 | Q3: 関東 卸ケース単価 | R3: 北海道 仕入単価 | S3: 北海道 送料 | T3: 送料込み 仕入単価 | U3: 卸単価計算 | V3: 切り上げ 卸値単価 | W3: 北海道 卸ケース単価 | X3: 北東北 仕入単価 | Y3: 北東北 送料 | Z3: 送料込み 仕入単価 | AA3: 卸単価計算 | AB3: 切り上げ 卸値単価 | AC3: 北東北 卸ケース単価 | AD3: 南東北 仕入単価 | AE3: 南東北 送料 | AF3: 送料込み 仕入単価 | AG3: 卸単価計算 | AH3: 切り上げ 卸値単価 | AI3: 南東北 卸ケース単価 | AJ3: 信越 仕入単価 | AK3: 信越送料 | AL3: 送料込み 仕入単価 | AM3: 卸単価計算 | AN3: 切り上げ 卸値単価 | AO3: 信越 卸ケース単価 | AP3: 北陸 仕入単価 | AQ3: 北陸送料 | AR3: 送料込み 仕入単価 | AS3: 卸単価計算 | AT3: 切り上げ 卸値単価 | AU3: 北陸 卸ケース単価 | AV3: 中部 仕入単価 | AW3: 中部送料 | AX3: 送料込み 仕入単価 | AY3: 卸単価計算 | AZ3: 切り上げ 卸値単価 | BA3: 中部 卸ケース単価 | BB3: 関西 仕入単価 | BC3: 関西送料 | BD3: 送料込み 仕入単価 | BE3: 卸単価計算 | BF3: 切り上げ 卸値単価 | BG3: 関西 卸ケース単価 | BH3: 中国 仕入単価 | BI3: 中国送料 | BJ3: 送料込み 仕入単価 | BK3: 卸単価計算 | BL3: 切り上げ 卸値単価 | BM3: 中国 卸ケース単価 | BN3: 四国 仕入単価 | BO3: 四国送料 | BP3: 送料込み 仕入単価 | BQ3: 卸単価計算 | BR3: 切り上げ 卸値単価 | BS3: 四国 卸ケース単価 | BT3: 九州 仕入単価 | BU3: 九州送料 | BV3: 送料込み 仕入単価 | BW3: 卸単価計算 | BX3: 切り上げ 卸値単価 | BY3: 九州 卸ケース単価 | BZ3: 沖縄 仕入単価 | CA3: 沖縄送料 | CB3: 送料込み 仕入単価 | CC3: 卸単価計算 | CD3: 切り上げ 卸値単価 | CE3: 沖縄 卸ケース単価
A4: 1 | D4: 【冷凍販売用】 | F4: =$F$2 -> 0.85 | G4: 100 | H4: 業1 | I4: 1 | J4: (送料込) | K4: 業① | N4: =(L4*$G4+M4/$I4)/$G4 -> 0 | O4: =N4/$F4 -> 0 | P4: =_xlfn.CEILING.MATH(O4) -> 0 | Q4: =P4*G4 -> 0 | T4: =(R4*$G4+S4/$I4)/$G4 -> 0 | U4: =T4/$F4 -> 0 | V4: =_xlfn.CEILING.MATH(U4) -> 0 | W4: =V4*M4 -> 0 | Z4: =(X4*$G4+Y4/$I4)/$G4 -> 0 | AA4: =Z4/$F4 -> 0 | AB4: =_xlfn.CEILING.MATH(AA4) -> 0 | AC4: =AB4*S4 -> 0 | AF4: =(AD4*$G4+AE4/$I4)/$G4 -> 0 | AG4: =AF4/$F4 -> 0 | AH4: =_xlfn.CEILING.MATH(AG4) -> 0 | AI4: =AH4*Y4 -> 0 | AL4: =(AJ4*$G4+AK4/$I4)/$G4 -> 0 | AM4: =AL4/$F4 -> 0 | AN4: =_xlfn.CEILING.MATH(AM4) -> 0 | AO4: =AN4*AE4 -> 0 | AR4: =(AP4*$G4+AQ4/$I4)/$G4 -> 0 | AS4: =AR4/$F4 -> 0 | AT4: =_xlfn.CEILING.MATH(AS4) -> 0 | AU4: =AT4*AK4 -> 0 | AX4: =(AV4*$G4+AW4/$I4)/$G4 -> 0 | AY4: =AX4/$F4 -> 0 | AZ4: =_xlfn.CEILING.MATH(AY4) -> 0 | BA4: =AZ4*AQ4 -> 0 | BD4: =(BB4*$G4+BC4/$I4)/$G4 -> 0 | BE4: =BD4/$F4 -> 0 | BF4: =_xlfn.CEILING.MATH(BE4) -> 0 | BG4: =BF4*AW4 -> 0 | BJ4: =(BH4*$G4+BI4/$I4)/$G4 -> 0 | BK4: =BJ4/$F4 -> 0 | BL4: =_xlfn.CEILING.MATH(BK4) -> 0 | BM4: =BL4*BC4 -> 0 | BP4: =(BN4*$G4+BO4/$I4)/$G4 -> 0 | BQ4: =BP4/$F4 -> 0 | BR4: =_xlfn.CEILING.MATH(BQ4) -> 0 | BS4: =BR4*BI4 -> 0 | BV4: =(BT4*$G4+BU4/$I4)/$G4 -> 0 | BW4: =BV4/$F4 -> 0 | BX4: =_xlfn.CEILING.MATH(BW4) -> 0 | BY4: =BX4*BO4 -> 0 | CB4: =(BZ4*$G4+CA4/$I4)/$G4 -> 0 | CC4: =CB4/$F4 -> 0 | CD4: =_xlfn.CEILING.MATH(CC4) -> 0 | CE4: =CD4*BU4 -> 0
A5: 2 | E5: ※混載1～3ケース | F5: =$F$2 -> 0.85 | N5: =(L5*$G5+M5/$I5)/$G5 -> #DIV/0! | O5: =N5/$F5 -> #DIV/0! | P5: =_xlfn.CEILING.MATH(O5) -> #DIV/0! | Q5: =P5*G5 -> #DIV/0! | T5: =(R5*$G5+S5/$I5)/$G5 -> #DIV/0! | U5: =T5/$F5 -> #DIV/0! | V5: =_xlfn.CEILING.MATH(U5) -> #DIV/0! | W5: =V5*M5 -> #DIV/0! | Z5: =(X5*$G5+Y5/$I5)/$G5 -> #DIV/0! | AA5: =Z5/$F5 -> #DIV/0! | AB5: =_xlfn.CEILING.MATH(AA5) -> #DIV/0! | AC5: =AB5*S5 -> #DIV/0! | AF5: =(AD5*$G5+AE5/$I5)/$G5 -> #DIV/0! | AG5: =AF5/$F5 -> #DIV/0! | AH5: =_xlfn.CEILING.MATH(AG5) -> #DIV/0! | AI5: =AH5*Y5 -> #DIV/0! | AL5: =(AJ5*$G5+AK5/$I5)/$G5 -> #DIV/0! | AM5: =AL5/$F5 -> #DIV/0! | AN5: =_xlfn.CEILING.MATH(AM5) -> #DIV/0! | AO5: =AN5*AE5 -> #DIV/0! | AR5: =(AP5*$G5+AQ5/$I5)/$G5 -> #DIV/0! | AS5: =AR5/$F5 -> #DIV/0! | AT5: =_xlfn.CEILING.MATH(AS5) -> #DIV/0! | AU5: =AT5*AK5 -> #DIV/0! | AX5: =(AV5*$G5+AW5/$I5)/$G5 -> #DIV/0! | AY5: =AX5/$F5 -> #DIV/0! | AZ5: =_xlfn.CEILING.MATH(AY5) -> #DIV/0! | BA5: =AZ5*AQ5 -> #DIV/0! | BD5: =(BB5*$G5+BC5/$I5)/$G5 -> #DIV/0! | BE5: =BD5/$F5 -> #DIV/0! | BF5: =_xlfn.CEILING.MATH(BE5) -> #DIV/0! | BG5: =BF5*AW5 -> #DIV/0! | BJ5: =(BH5*$G5+BI5/$I5)/$G5 -> #DIV/0! | BK5: =BJ5/$F5 -> #DIV/0! | BL5: =_xlfn.CEILING.MATH(BK5) -> #DIV/0! | BM5: =BL5*BC5 -> #DIV/0! | BP5: =(BN5*$G5+BO5/$I5)/$G5 -> #DIV/0! | BQ5: =BP5/$F5 -> #DIV/0! | BR5: =_xlfn.CEILING.MATH(BQ5) -> #DIV/0! | BS5: =BR5*BI5 -> #DIV/0! | BV5: =(BT5*$G5+BU5/$I5)/$G5 -> #DIV/0! | BW5: =BV5/$F5 -> #DIV/0! | BX5: =_xlfn.CEILING.MATH(BW5) -> #DIV/0! | BY5: =BX5*BO5 -> #DIV/0! | CB5: =(BZ5*$G5+CA5/$I5)/$G5 -> #DIV/0! | CC5: =CB5/$F5 -> #DIV/0! | CD5: =_xlfn.CEILING.MATH(CC5) -> #DIV/0! | CE5: =CD5*BU5 -> #DIV/0!
A6: 3 | F6: =$F$2 -> 0.85 | N6: =(L6*$G6+M6/$I6)/$G6 -> #DIV/0! | O6: =N6/$F6 -> #DIV/0! | P6: =_xlfn.CEILING.MATH(O6) -> #DIV/0! | Q6: =P6*G6 -> #DIV/0! | T6: =(R6*$G6+S6/$I6)/$G6 -> #DIV/0! | U6: =T6/$F6 -> #DIV/0! | V6: =_xlfn.CEILING.MATH(U6) -> #DIV/0! | W6: =V6*M6 -> #DIV/0! | Z6: =(X6*$G6+Y6/$I6)/$G6 -> #DIV/0! | AA6: =Z6/$F6 -> #DIV/0! | AB6: =_xlfn.CEILING.MATH(AA6) -> #DIV/0! | AC6: =AB6*S6 -> #DIV/0! | AF6: =(AD6*$G6+AE6/$I6)/$G6 -> #DIV/0! | AG6: =AF6/$F6 -> #DIV/0! | AH6: =_xlfn.CEILING.MATH(AG6) -> #DIV/0! | AI6: =AH6*Y6 -> #DIV/0! | AL6: =(AJ6*$G6+AK6/$I6)/$G6 -> #DIV/0! | AM6: =AL6/$F6 -> #DIV/0! | AN6: =_xlfn.CEILING.MATH(AM6) -> #DIV/0! | AO6: =AN6*AE6 -> #DIV/0! | AR6: =(AP6*$G6+AQ6/$I6)/$G6 -> #DIV/0! | AS6: =AR6/$F6 -> #DIV/0! | AT6: =_xlfn.CEILING.MATH(AS6) -> #DIV/0! | AU6: =AT6*AK6 -> #DIV/0! | AX6: =(AV6*$G6+AW6/$I6)/$G6 -> #DIV/0! | AY6: =AX6/$F6 -> #DIV/0! | AZ6: =_xlfn.CEILING.MATH(AY6) -> #DIV/0! | BA6: =AZ6*AQ6 -> #DIV/0! | BD6: =(BB6*$G6+BC6/$I6)/$G6 -> #DIV/0! | BE6: =BD6/$F6 -> #DIV/0! | BF6: =_xlfn.CEILING.MATH(BE6) -> #DIV/0! | BG6: =BF6*AW6 -> #DIV/0! | BJ6: =(BH6*$G6+BI6/$I6)/$G6 -> #DIV/0! | BK6: =BJ6/$F6 -> #DIV/0! | BL6: =_xlfn.CEILING.MATH(BK6) -> #DIV/0! | BM6: =BL6*BC6 -> #DIV/0! | BP6: =(BN6*$G6+BO6/$I6)/$G6 -> #DIV/0! | BQ6: =BP6/$F6 -> #DIV/0! | BR6: =_xlfn.CEILING.MATH(BQ6) -> #DIV/0! | BS6: =BR6*BI6 -> #DIV/0! | BV6: =(BT6*$G6+BU6/$I6)/$G6 -> #DIV/0! | BW6: =BV6/$F6 -> #DIV/0! | BX6: =_xlfn.CEILING.MATH(BW6) -> #DIV/0! | BY6: =BX6*BO6 -> #DIV/0! | CB6: =(BZ6*$G6+CA6/$I6)/$G6 -> #DIV/0! | CC6: =CB6/$F6 -> #DIV/0! | CD6: =_xlfn.CEILING.MATH(CC6) -> #DIV/0! | CE6: =CD6*BU6 -> #DIV/0!
A7: 4 | F7: =$F$2 -> 0.85 | N7: =(L7*$G7+M7/$I7)/$G7 -> #DIV/0! | O7: =N7/$F7 -> #DIV/0! | P7: =_xlfn.CEILING.MATH(O7) -> #DIV/0! | Q7: =P7*G7 -> #DIV/0! | T7: =(R7*$G7+S7/$I7)/$G7 -> #DIV/0! | U7: =T7/$F7 -> #DIV/0! | V7: =_xlfn.CEILING.MATH(U7) -> #DIV/0! | W7: =V7*M7 -> #DIV/0! | Z7: =(X7*$G7+Y7/$I7)/$G7 -> #DIV/0! | AA7: =Z7/$F7 -> #DIV/0! | AB7: =_xlfn.CEILING.MATH(AA7) -> #DIV/0! | AC7: =AB7*S7 -> #DIV/0! | AF7: =(AD7*$G7+AE7/$I7)/$G7 -> #DIV/0! | AG7: =AF7/$F7 -> #DIV/0! | AH7: =_xlfn.CEILING.MATH(AG7) -> #DIV/0! | AI7: =AH7*Y7 -> #DIV/0! | AL7: =(AJ7*$G7+AK7/$I7)/$G7 -> #DIV/0! | AM7: =AL7/$F7 -> #DIV/0! | AN7: =_xlfn.CEILING.MATH(AM7) -> #DIV/0! | AO7: =AN7*AE7 -> #DIV/0! | AR7: =(AP7*$G7+AQ7/$I7)/$G7 -> #DIV/0! | AS7: =AR7/$F7 -> #DIV/0! | AT7: =_xlfn.CEILING.MATH(AS7) -> #DIV/0! | AU7: =AT7*AK7 -> #DIV/0! | AX7: =(AV7*$G7+AW7/$I7)/$G7 -> #DIV/0! | AY7: =AX7/$F7 -> #DIV/0! | AZ7: =_xlfn.CEILING.MATH(AY7) -> #DIV/0! | BA7: =AZ7*AQ7 -> #DIV/0! | BD7: =(BB7*$G7+BC7/$I7)/$G7 -> #DIV/0! | BE7: =BD7/$F7 -> #DIV/0! | BF7: =_xlfn.CEILING.MATH(BE7) -> #DIV/0! | BG7: =BF7*AW7 -> #DIV/0! | BJ7: =(BH7*$G7+BI7/$I7)/$G7 -> #DIV/0! | BK7: =BJ7/$F7 -> #DIV/0! | BL7: =_xlfn.CEILING.MATH(BK7) -> #DIV/0! | BM7: =BL7*BC7 -> #DIV/0! | BP7: =(BN7*$G7+BO7/$I7)/$G7 -> #DIV/0! | BQ7: =BP7/$F7 -> #DIV/0! | BR7: =_xlfn.CEILING.MATH(BQ7) -> #DIV/0! | BS7: =BR7*BI7 -> #DIV/0! | BV7: =(BT7*$G7+BU7/$I7)/$G7 -> #DIV/0! | BW7: =BV7/$F7 -> #DIV/0! | BX7: =_xlfn.CEILING.MATH(BW7) -> #DIV/0! | BY7: =BX7*BO7 -> #DIV/0! | CB7: =(BZ7*$G7+CA7/$I7)/$G7 -> #DIV/0! | CC7: =CB7/$F7 -> #DIV/0! | CD7: =_xlfn.CEILING.MATH(CC7) -> #DIV/0! | CE7: =CD7*BU7 -> #DIV/0!
A8: 5 | F8: =$F$2 -> 0.85 | N8: =(L8*$G8+M8/$I8)/$G8 -> #DIV/0! | O8: =N8/$F8 -> #DIV/0! | P8: =_xlfn.CEILING.MATH(O8) -> #DIV/0! | Q8: =P8*G8 -> #DIV/0! | T8: =(R8*$G8+S8/$I8)/$G8 -> #DIV/0! | U8: =T8/$F8 -> #DIV/0! | V8: =_xlfn.CEILING.MATH(U8) -> #DIV/0! | W8: =V8*M8 -> #DIV/0! | Z8: =(X8*$G8+Y8/$I8)/$G8 -> #DIV/0! | AA8: =Z8/$F8 -> #DIV/0! | AB8: =_xlfn.CEILING.MATH(AA8) -> #DIV/0! | AC8: =AB8*S8 -> #DIV/0! | AF8: =(AD8*$G8+AE8/$I8)/$G8 -> #DIV/0! | AG8: =AF8/$F8 -> #DIV/0! | AH8: =_xlfn.CEILING.MATH(AG8) -> #DIV/0! | AI8: =AH8*Y8 -> #DIV/0! | AL8: =(AJ8*$G8+AK8/$I8)/$G8 -> #DIV/0! | AM8: =AL8/$F8 -> #DIV/0! | AN8: =_xlfn.CEILING.MATH(AM8) -> #DIV/0! | AO8: =AN8*AE8 -> #DIV/0! | AR8: =(AP8*$G8+AQ8/$I8)/$G8 -> #DIV/0! | AS8: =AR8/$F8 -> #DIV/0! | AT8: =_xlfn.CEILING.MATH(AS8) -> #DIV/0! | AU8: =AT8*AK8 -> #DIV/0! | AX8: =(AV8*$G8+AW8/$I8)/$G8 -> #DIV/0! | AY8: =AX8/$F8 -> #DIV/0! | AZ8: =_xlfn.CEILING.MATH(AY8) -> #DIV/0! | BA8: =AZ8*AQ8 -> #DIV/0! | BD8: =(BB8*$G8+BC8/$I8)/$G8 -> #DIV/0! | BE8: =BD8/$F8 -> #DIV/0! | BF8: =_xlfn.CEILING.MATH(BE8) -> #DIV/0! | BG8: =BF8*AW8 -> #DIV/0! | BJ8: =(BH8*$G8+BI8/$I8)/$G8 -> #DIV/0! | BK8: =BJ8/$F8 -> #DIV/0! | BL8: =_xlfn.CEILING.MATH(BK8) -> #DIV/0! | BM8: =BL8*BC8 -> #DIV/0! | BP8: =(BN8*$G8+BO8/$I8)/$G8 -> #DIV/0! | BQ8: =BP8/$F8 -> #DIV/0! | BR8: =_xlfn.CEILING.MATH(BQ8) -> #DIV/0! | BS8: =BR8*BI8 -> #DIV/0! | BV8: =(BT8*$G8+BU8/$I8)/$G8 -> #DIV/0! | BW8: =BV8/$F8 -> #DIV/0! | BX8: =_xlfn.CEILING.MATH(BW8) -> #DIV/0! | BY8: =BX8*BO8 -> #DIV/0! | CB8: =(BZ8*$G8+CA8/$I8)/$G8 -> #DIV/0! | CC8: =CB8/$F8 -> #DIV/0! | CD8: =_xlfn.CEILING.MATH(CC8) -> #DIV/0! | CE8: =CD8*BU8 -> #DIV/0!
A9: 6 | F9: =$F$2 -> 0.85 | N9: =(L9*$G9+M9/$I9)/$G9 -> #DIV/0! | O9: =N9/$F9 -> #DIV/0! | P9: =_xlfn.CEILING.MATH(O9) -> #DIV/0! | Q9: =P9*G9 -> #DIV/0! | T9: =(R9*$G9+S9/$I9)/$G9 -> #DIV/0! | U9: =T9/$F9 -> #DIV/0! | V9: =_xlfn.CEILING.MATH(U9) -> #DIV/0! | W9: =V9*M9 -> #DIV/0! | Z9: =(X9*$G9+Y9/$I9)/$G9 -> #DIV/0! | AA9: =Z9/$F9 -> #DIV/0! | AB9: =_xlfn.CEILING.MATH(AA9) -> #DIV/0! | AC9: =AB9*S9 -> #DIV/0! | AF9: =(AD9*$G9+AE9/$I9)/$G9 -> #DIV/0! | AG9: =AF9/$F9 -> #DIV/0! | AH9: =_xlfn.CEILING.MATH(AG9) -> #DIV/0! | AI9: =AH9*Y9 -> #DIV/0! | AL9: =(AJ9*$G9+AK9/$I9)/$G9 -> #DIV/0! | AM9: =AL9/$F9 -> #DIV/0! | AN9: =_xlfn.CEILING.MATH(AM9) -> #DIV/0! | AO9: =AN9*AE9 -> #DIV/0! | AR9: =(AP9*$G9+AQ9/$I9)/$G9 -> #DIV/0! | AS9: =AR9/$F9 -> #DIV/0! | AT9: =_xlfn.CEILING.MATH(AS9) -> #DIV/0! | AU9: =AT9*AK9 -> #DIV/0! | AX9: =(AV9*$G9+AW9/$I9)/$G9 -> #DIV/0! | AY9: =AX9/$F9 -> #DIV/0! | AZ9: =_xlfn.CEILING.MATH(AY9) -> #DIV/0! | BA9: =AZ9*AQ9 -> #DIV/0! | BD9: =(BB9*$G9+BC9/$I9)/$G9 -> #DIV/0! | BE9: =BD9/$F9 -> #DIV/0! | BF9: =_xlfn.CEILING.MATH(BE9) -> #DIV/0! | BG9: =BF9*AW9 -> #DIV/0! | BJ9: =(BH9*$G9+BI9/$I9)/$G9 -> #DIV/0! | BK9: =BJ9/$F9 -> #DIV/0! | BL9: =_xlfn.CEILING.MATH(BK9) -> #DIV/0! | BM9: =BL9*BC9 -> #DIV/0! | BP9: =(BN9*$G9+BO9/$I9)/$G9 -> #DIV/0! | BQ9: =BP9/$F9 -> #DIV/0! | BR9: =_xlfn.CEILING.MATH(BQ9) -> #DIV/0! | BS9: =BR9*BI9 -> #DIV/0! | BV9: =(BT9*$G9+BU9/$I9)/$G9 -> #DIV/0! | BW9: =BV9/$F9 -> #DIV/0! | BX9: =_xlfn.CEILING.MATH(BW9) -> #DIV/0! | BY9: =BX9*BO9 -> #DIV/0! | CB9: =(BZ9*$G9+CA9/$I9)/$G9 -> #DIV/0! | CC9: =CB9/$F9 -> #DIV/0! | CD9: =_xlfn.CEILING.MATH(CC9) -> #DIV/0! | CE9: =CD9*BU9 -> #DIV/0!
A10: 7 | F10: =$F$2 -> 0.85 | N10: =(L10*$G10+M10/$I10)/$G10 -> #DIV/0! | O10: =N10/$F10 -> #DIV/0! | P10: =_xlfn.CEILING.MATH(O10) -> #DIV/0! | Q10: =P10*G10 -> #DIV/0! | T10: =(R10*$G10+S10/$I10)/$G10 -> #DIV/0! | U10: =T10/$F10 -> #DIV/0! | V10: =_xlfn.CEILING.MATH(U10) -> #DIV/0! | W10: =V10*M10 -> #DIV/0! | Z10: =(X10*$G10+Y10/$I10)/$G10 -> #DIV/0! | AA10: =Z10/$F10 -> #DIV/0! | AB10: =_xlfn.CEILING.MATH(AA10) -> #DIV/0! | AC10: =AB10*S10 -> #DIV/0! | AF10: =(AD10*$G10+AE10/$I10)/$G10 -> #DIV/0! | AG10: =AF10/$F10 -> #DIV/0! | AH10: =_xlfn.CEILING.MATH(AG10) -> #DIV/0! | AI10: =AH10*Y10 -> #DIV/0! | AL10: =(AJ10*$G10+AK10/$I10)/$G10 -> #DIV/0! | AM10: =AL10/$F10 -> #DIV/0! | AN10: =_xlfn.CEILING.MATH(AM10) -> #DIV/0! | AO10: =AN10*AE10 -> #DIV/0! | AR10: =(AP10*$G10+AQ10/$I10)/$G10 -> #DIV/0! | AS10: =AR10/$F10 -> #DIV/0! | AT10: =_xlfn.CEILING.MATH(AS10) -> #DIV/0! | AU10: =AT10*AK10 -> #DIV/0! | AX10: =(AV10*$G10+AW10/$I10)/$G10 -> #DIV/0! | AY10: =AX10/$F10 -> #DIV/0! | AZ10: =_xlfn.CEILING.MATH(AY10) -> #DIV/0! | BA10: =AZ10*AQ10 -> #DIV/0! | BD10: =(BB10*$G10+BC10/$I10)/$G10 -> #DIV/0! | BE10: =BD10/$F10 -> #DIV/0! | BF10: =_xlfn.CEILING.MATH(BE10) -> #DIV/0! | BG10: =BF10*AW10 -> #DIV/0! | BJ10: =(BH10*$G10+BI10/$I10)/$G10 -> #DIV/0! | BK10: =BJ10/$F10 -> #DIV/0! | BL10: =_xlfn.CEILING.MATH(BK10) -> #DIV/0! | BM10: =BL10*BC10 -> #DIV/0! | BP10: =(BN10*$G10+BO10/$I10)/$G10 -> #DIV/0! | BQ10: =BP10/$F10 -> #DIV/0! | BR10: =_xlfn.CEILING.MATH(BQ10) -> #DIV/0! | BS10: =BR10*BI10 -> #DIV/0! | BV10: =(BT10*$G10+BU10/$I10)/$G10 -> #DIV/0! | BW10: =BV10/$F10 -> #DIV/0! | BX10: =_xlfn.CEILING.MATH(BW10) -> #DIV/0! | BY10: =BX10*BO10 -> #DIV/0! | CB10: =(BZ10*$G10+CA10/$I10)/$G10 -> #DIV/0! | CC10: =CB10/$F10 -> #DIV/0! | CD10: =_xlfn.CEILING.MATH(CC10) -> #DIV/0! | CE10: =CD10*BU10 -> #DIV/0!
A11: 8 | F11: =$F$2 -> 0.85 | N11: =(L11*$G11+M11/$I11)/$G11 -> #DIV/0! | O11: =N11/$F11 -> #DIV/0! | P11: =_xlfn.CEILING.MATH(O11) -> #DIV/0! | Q11: =P11*G11 -> #DIV/0! | T11: =(R11*$G11+S11/$I11)/$G11 -> #DIV/0! | U11: =T11/$F11 -> #DIV/0! | V11: =_xlfn.CEILING.MATH(U11) -> #DIV/0! | W11: =V11*M11 -> #DIV/0! | Z11: =(X11*$G11+Y11/$I11)/$G11 -> #DIV/0! | AA11: =Z11/$F11 -> #DIV/0! | AB11: =_xlfn.CEILING.MATH(AA11) -> #DIV/0! | AC11: =AB11*S11 -> #DIV/0! | AF11: =(AD11*$G11+AE11/$I11)/$G11 -> #DIV/0! | AG11: =AF11/$F11 -> #DIV/0! | AH11: =_xlfn.CEILING.MATH(AG11) -> #DIV/0! | AI11: =AH11*Y11 -> #DIV/0! | AL11: =(AJ11*$G11+AK11/$I11)/$G11 -> #DIV/0! | AM11: =AL11/$F11 -> #DIV/0! | AN11: =_xlfn.CEILING.MATH(AM11) -> #DIV/0! | AO11: =AN11*AE11 -> #DIV/0! | AR11: =(AP11*$G11+AQ11/$I11)/$G11 -> #DIV/0! | AS11: =AR11/$F11 -> #DIV/0! | AT11: =_xlfn.CEILING.MATH(AS11) -> #DIV/0! | AU11: =AT11*AK11 -> #DIV/0! | AX11: =(AV11*$G11+AW11/$I11)/$G11 -> #DIV/0! | AY11: =AX11/$F11 -> #DIV/0! | AZ11: =_xlfn.CEILING.MATH(AY11) -> #DIV/0! | BA11: =AZ11*AQ11 -> #DIV/0! | BD11: =(BB11*$G11+BC11/$I11)/$G11 -> #DIV/0! | BE11: =BD11/$F11 -> #DIV/0! | BF11: =_xlfn.CEILING.MATH(BE11) -> #DIV/0! | BG11: =BF11*AW11 -> #DIV/0! | BJ11: =(BH11*$G11+BI11/$I11)/$G11 -> #DIV/0! | BK11: =BJ11/$F11 -> #DIV/0! | BL11: =_xlfn.CEILING.MATH(BK11) -> #DIV/0! | BM11: =BL11*BC11 -> #DIV/0! | BP11: =(BN11*$G11+BO11/$I11)/$G11 -> #DIV/0! | BQ11: =BP11/$F11 -> #DIV/0! | BR11: =_xlfn.CEILING.MATH(BQ11) -> #DIV/0! | BS11: =BR11*BI11 -> #DIV/0! | BV11: =(BT11*$G11+BU11/$I11)/$G11 -> #DIV/0! | BW11: =BV11/$F11 -> #DIV/0! | BX11: =_xlfn.CEILING.MATH(BW11) -> #DIV/0! | BY11: =BX11*BO11 -> #DIV/0! | CB11: =(BZ11*$G11+CA11/$I11)/$G11 -> #DIV/0! | CC11: =CB11/$F11 -> #DIV/0! | CD11: =_xlfn.CEILING.MATH(CC11) -> #DIV/0! | CE11: =CD11*BU11 -> #DIV/0!
A12: 9 | F12: =$F$2 -> 0.85 | N12: =(L12*$G12+M12/$I12)/$G12 -> #DIV/0! | O12: =N12/$F12 -> #DIV/0! | P12: =_xlfn.CEILING.MATH(O12) -> #DIV/0! | Q12: =P12*G12 -> #DIV/0! | T12: =(R12*$G12+S12/$I12)/$G12 -> #DIV/0! | U12: =T12/$F12 -> #DIV/0! | V12: =_xlfn.CEILING.MATH(U12) -> #DIV/0! | W12: =V12*M12 -> #DIV/0! | Z12: =(X12*$G12+Y12/$I12)/$G12 -> #DIV/0! | AA12: =Z12/$F12 -> #DIV/0! | AB12: =_xlfn.CEILING.MATH(AA12) -> #DIV/0! | AC12: =AB12*S12 -> #DIV/0! | AF12: =(AD12*$G12+AE12/$I12)/$G12 -> #DIV/0! | AG12: =AF12/$F12 -> #DIV/0! | AH12: =_xlfn.CEILING.MATH(AG12) -> #DIV/0! | AI12: =AH12*Y12 -> #DIV/0! | AL12: =(AJ12*$G12+AK12/$I12)/$G12 -> #DIV/0! | AM12: =AL12/$F12 -> #DIV/0! | AN12: =_xlfn.CEILING.MATH(AM12) -> #DIV/0! | AO12: =AN12*AE12 -> #DIV/0! | AR12: =(AP12*$G12+AQ12/$I12)/$G12 -> #DIV/0! | AS12: =AR12/$F12 -> #DIV/0! | AT12: =_xlfn.CEILING.MATH(AS12) -> #DIV/0! | AU12: =AT12*AK12 -> #DIV/0! | AX12: =(AV12*$G12+AW12/$I12)/$G12 -> #DIV/0! | AY12: =AX12/$F12 -> #DIV/0! | AZ12: =_xlfn.CEILING.MATH(AY12) -> #DIV/0! | BA12: =AZ12*AQ12 -> #DIV/0! | BD12: =(BB12*$G12+BC12/$I12)/$G12 -> #DIV/0! | BE12: =BD12/$F12 -> #DIV/0! | BF12: =_xlfn.CEILING.MATH(BE12) -> #DIV/0! | BG12: =BF12*AW12 -> #DIV/0! | BJ12: =(BH12*$G12+BI12/$I12)/$G12 -> #DIV/0! | BK12: =BJ12/$F12 -> #DIV/0! | BL12: =_xlfn.CEILING.MATH(BK12) -> #DIV/0! | BM12: =BL12*BC12 -> #DIV/0! | BP12: =(BN12*$G12+BO12/$I12)/$G12 -> #DIV/0! | BQ12: =BP12/$F12 -> #DIV/0! | BR12: =_xlfn.CEILING.MATH(BQ12) -> #DIV/0! | BS12: =BR12*BI12 -> #DIV/0! | BV12: =(BT12*$G12+BU12/$I12)/$G12 -> #DIV/0! | BW12: =BV12/$F12 -> #DIV/0! | BX12: =_xlfn.CEILING.MATH(BW12) -> #DIV/0! | BY12: =BX12*BO12 -> #DIV/0! | CB12: =(BZ12*$G12+CA12/$I12)/$G12 -> #DIV/0! | CC12: =CB12/$F12 -> #DIV/0! | CD12: =_xlfn.CEILING.MATH(CC12) -> #DIV/0! | CE12: =CD12*BU12 -> #DIV/0!
A13: 10 | F13: =$F$2 -> 0.85 | N13: =(L13*$G13+M13/$I13)/$G13 -> #DIV/0! | O13: =N13/$F13 -> #DIV/0! | P13: =_xlfn.CEILING.MATH(O13) -> #DIV/0! | Q13: =P13*G13 -> #DIV/0! | T13: =(R13*$G13+S13/$I13)/$G13 -> #DIV/0! | U13: =T13/$F13 -> #DIV/0! | V13: =_xlfn.CEILING.MATH(U13) -> #DIV/0! | W13: =V13*M13 -> #DIV/0! | Z13: =(X13*$G13+Y13/$I13)/$G13 -> #DIV/0! | AA13: =Z13/$F13 -> #DIV/0! | AB13: =_xlfn.CEILING.MATH(AA13) -> #DIV/0! | AC13: =AB13*S13 -> #DIV/0! | AF13: =(AD13*$G13+AE13/$I13)/$G13 -> #DIV/0! | AG13: =AF13/$F13 -> #DIV/0! | AH13: =_xlfn.CEILING.MATH(AG13) -> #DIV/0! | AI13: =AH13*Y13 -> #DIV/0! | AL13: =(AJ13*$G13+AK13/$I13)/$G13 -> #DIV/0! | AM13: =AL13/$F13 -> #DIV/0! | AN13: =_xlfn.CEILING.MATH(AM13) -> #DIV/0! | AO13: =AN13*AE13 -> #DIV/0! | AR13: =(AP13*$G13+AQ13/$I13)/$G13 -> #DIV/0! | AS13: =AR13/$F13 -> #DIV/0! | AT13: =_xlfn.CEILING.MATH(AS13) -> #DIV/0! | AU13: =AT13*AK13 -> #DIV/0! | AX13: =(AV13*$G13+AW13/$I13)/$G13 -> #DIV/0! | AY13: =AX13/$F13 -> #DIV/0! | AZ13: =_xlfn.CEILING.MATH(AY13) -> #DIV/0! | BA13: =AZ13*AQ13 -> #DIV/0! | BD13: =(BB13*$G13+BC13/$I13)/$G13 -> #DIV/0! | BE13: =BD13/$F13 -> #DIV/0! | BF13: =_xlfn.CEILING.MATH(BE13) -> #DIV/0! | BG13: =BF13*AW13 -> #DIV/0! | BJ13: =(BH13*$G13+BI13/$I13)/$G13 -> #DIV/0! | BK13: =BJ13/$F13 -> #DIV/0! | BL13: =_xlfn.CEILING.MATH(BK13) -> #DIV/0! | BM13: =BL13*BC13 -> #DIV/0! | BP13: =(BN13*$G13+BO13/$I13)/$G13 -> #DIV/0! | BQ13: =BP13/$F13 -> #DIV/0! | BR13: =_xlfn.CEILING.MATH(BQ13) -> #DIV/0! | BS13: =BR13*BI13 -> #DIV/0! | BV13: =(BT13*$G13+BU13/$I13)/$G13 -> #DIV/0! | BW13: =BV13/$F13 -> #DIV/0! | BX13: =_xlfn.CEILING.MATH(BW13) -> #DIV/0! | BY13: =BX13*BO13 -> #DIV/0! | CB13: =(BZ13*$G13+CA13/$I13)/$G13 -> #DIV/0! | CC13: =CB13/$F13 -> #DIV/0! | CD13: =_xlfn.CEILING.MATH(CC13) -> #DIV/0! | CE13: =CD13*BU13 -> #DIV/0!
A14: 11 | F14: =$F$2 -> 0.85 | N14: =(L14*$G14+M14/$I14)/$G14 -> #DIV/0! | O14: =N14/$F14 -> #DIV/0! | P14: =_xlfn.CEILING.MATH(O14) -> #DIV/0! | Q14: =P14*G14 -> #DIV/0! | T14: =(R14*$G14+S14/$I14)/$G14 -> #DIV/0! | U14: =T14/$F14 -> #DIV/0! | V14: =_xlfn.CEILING.MATH(U14) -> #DIV/0! | W14: =V14*M14 -> #DIV/0! | Z14: =(X14*$G14+Y14/$I14)/$G14 -> #DIV/0! | AA14: =Z14/$F14 -> #DIV/0! | AB14: =_xlfn.CEILING.MATH(AA14) -> #DIV/0! | AC14: =AB14*S14 -> #DIV/0! | AF14: =(AD14*$G14+AE14/$I14)/$G14 -> #DIV/0! | AG14: =AF14/$F14 -> #DIV/0! | AH14: =_xlfn.CEILING.MATH(AG14) -> #DIV/0! | AI14: =AH14*Y14 -> #DIV/0! | AL14: =(AJ14*$G14+AK14/$I14)/$G14 -> #DIV/0! | AM14: =AL14/$F14 -> #DIV/0! | AN14: =_xlfn.CEILING.MATH(AM14) -> #DIV/0! | AO14: =AN14*AE14 -> #DIV/0! | AR14: =(AP14*$G14+AQ14/$I14)/$G14 -> #DIV/0! | AS14: =AR14/$F14 -> #DIV/0! | AT14: =_xlfn.CEILING.MATH(AS14) -> #DIV/0! | AU14: =AT14*AK14 -> #DIV/0! | AX14: =(AV14*$G14+AW14/$I14)/$G14 -> #DIV/0! | AY14: =AX14/$F14 -> #DIV/0! | AZ14: =_xlfn.CEILING.MATH(AY14) -> #DIV/0! | BA14: =AZ14*AQ14 -> #DIV/0! | BD14: =(BB14*$G14+BC14/$I14)/$G14 -> #DIV/0! | BE14: =BD14/$F14 -> #DIV/0! | BF14: =_xlfn.CEILING.MATH(BE14) -> #DIV/0! | BG14: =BF14*AW14 -> #DIV/0! | BJ14: =(BH14*$G14+BI14/$I14)/$G14 -> #DIV/0! | BK14: =BJ14/$F14 -> #DIV/0! | BL14: =_xlfn.CEILING.MATH(BK14) -> #DIV/0! | BM14: =BL14*BC14 -> #DIV/0! | BP14: =(BN14*$G14+BO14/$I14)/$G14 -> #DIV/0! | BQ14: =BP14/$F14 -> #DIV/0! | BR14: =_xlfn.CEILING.MATH(BQ14) -> #DIV/0! | BS14: =BR14*BI14 -> #DIV/0! | BV14: =(BT14*$G14+BU14/$I14)/$G14 -> #DIV/0! | BW14: =BV14/$F14 -> #DIV/0! | BX14: =_xlfn.CEILING.MATH(BW14) -> #DIV/0! | BY14: =BX14*BO14 -> #DIV/0! | CB14: =(BZ14*$G14+CA14/$I14)/$G14 -> #DIV/0! | CC14: =CB14/$F14 -> #DIV/0! | CD14: =_xlfn.CEILING.MATH(CC14) -> #DIV/0! | CE14: =CD14*BU14 -> #DIV/0!
A15: 12 | F15: =$F$2 -> 0.85 | N15: =(L15*$G15+M15/$I15)/$G15 -> #DIV/0! | O15: =N15/$F15 -> #DIV/0! | P15: =_xlfn.CEILING.MATH(O15) -> #DIV/0! | Q15: =P15*G15 -> #DIV/0! | T15: =(R15*$G15+S15/$I15)/$G15 -> #DIV/0! | U15: =T15/$F15 -> #DIV/0! | V15: =_xlfn.CEILING.MATH(U15) -> #DIV/0! | W15: =V15*M15 -> #DIV/0! | Z15: =(X15*$G15+Y15/$I15)/$G15 -> #DIV/0! | AA15: =Z15/$F15 -> #DIV/0! | AB15: =_xlfn.CEILING.MATH(AA15) -> #DIV/0! | AC15: =AB15*S15 -> #DIV/0! | AF15: =(AD15*$G15+AE15/$I15)/$G15 -> #DIV/0! | AG15: =AF15/$F15 -> #DIV/0! | AH15: =_xlfn.CEILING.MATH(AG15) -> #DIV/0! | AI15: =AH15*Y15 -> #DIV/0! | AL15: =(AJ15*$G15+AK15/$I15)/$G15 -> #DIV/0! | AM15: =AL15/$F15 -> #DIV/0! | AN15: =_xlfn.CEILING.MATH(AM15) -> #DIV/0! | AO15: =AN15*AE15 -> #DIV/0! | AR15: =(AP15*$G15+AQ15/$I15)/$G15 -> #DIV/0! | AS15: =AR15/$F15 -> #DIV/0! | AT15: =_xlfn.CEILING.MATH(AS15) -> #DIV/0! | AU15: =AT15*AK15 -> #DIV/0! | AX15: =(AV15*$G15+AW15/$I15)/$G15 -> #DIV/0! | AY15: =AX15/$F15 -> #DIV/0! | AZ15: =_xlfn.CEILING.MATH(AY15) -> #DIV/0! | BA15: =AZ15*AQ15 -> #DIV/0! | BD15: =(BB15*$G15+BC15/$I15)/$G15 -> #DIV/0! | BE15: =BD15/$F15 -> #DIV/0! | BF15: =_xlfn.CEILING.MATH(BE15) -> #DIV/0! | BG15: =BF15*AW15 -> #DIV/0! | BJ15: =(BH15*$G15+BI15/$I15)/$G15 -> #DIV/0! | BK15: =BJ15/$F15 -> #DIV/0! | BL15: =_xlfn.CEILING.MATH(BK15) -> #DIV/0! | BM15: =BL15*BC15 -> #DIV/0! | BP15: =(BN15*$G15+BO15/$I15)/$G15 -> #DIV/0! | BQ15: =BP15/$F15 -> #DIV/0! | BR15: =_xlfn.CEILING.MATH(BQ15) -> #DIV/0! | BS15: =BR15*BI15 -> #DIV/0! | BV15: =(BT15*$G15+BU15/$I15)/$G15 -> #DIV/0! | BW15: =BV15/$F15 -> #DIV/0! | BX15: =_xlfn.CEILING.MATH(BW15) -> #DIV/0! | BY15: =BX15*BO15 -> #DIV/0! | CB15: =(BZ15*$G15+CA15/$I15)/$G15 -> #DIV/0! | CC15: =CB15/$F15 -> #DIV/0! | CD15: =_xlfn.CEILING.MATH(CC15) -> #DIV/0! | CE15: =CD15*BU15 -> #DIV/0!
A16: 13 | F16: =$F$2 -> 0.85 | N16: =(L16*$G16+M16/$I16)/$G16 -> #DIV/0! | O16: =N16/$F16 -> #DIV/0! | P16: =_xlfn.CEILING.MATH(O16) -> #DIV/0! | Q16: =P16*G16 -> #DIV/0! | T16: =(R16*$G16+S16/$I16)/$G16 -> #DIV/0! | U16: =T16/$F16 -> #DIV/0! | V16: =_xlfn.CEILING.MATH(U16) -> #DIV/0! | W16: =V16*M16 -> #DIV/0! | Z16: =(X16*$G16+Y16/$I16)/$G16 -> #DIV/0! | AA16: =Z16/$F16 -> #DIV/0! | AB16: =_xlfn.CEILING.MATH(AA16) -> #DIV/0! | AC16: =AB16*S16 -> #DIV/0! | AF16: =(AD16*$G16+AE16/$I16)/$G16 -> #DIV/0! | AG16: =AF16/$F16 -> #DIV/0! | AH16: =_xlfn.CEILING.MATH(AG16) -> #DIV/0! | AI16: =AH16*Y16 -> #DIV/0! | AL16: =(AJ16*$G16+AK16/$I16)/$G16 -> #DIV/0! | AM16: =AL16/$F16 -> #DIV/0! | AN16: =_xlfn.CEILING.MATH(AM16) -> #DIV/0! | AO16: =AN16*AE16 -> #DIV/0! | AR16: =(AP16*$G16+AQ16/$I16)/$G16 -> #DIV/0! | AS16: =AR16/$F16 -> #DIV/0! | AT16: =_xlfn.CEILING.MATH(AS16) -> #DIV/0! | AU16: =AT16*AK16 -> #DIV/0! | AX16: =(AV16*$G16+AW16/$I16)/$G16 -> #DIV/0! | AY16: =AX16/$F16 -> #DIV/0! | AZ16: =_xlfn.CEILING.MATH(AY16) -> #DIV/0! | BA16: =AZ16*AQ16 -> #DIV/0! | BD16: =(BB16*$G16+BC16/$I16)/$G16 -> #DIV/0! | BE16: =BD16/$F16 -> #DIV/0! | BF16: =_xlfn.CEILING.MATH(BE16) -> #DIV/0! | BG16: =BF16*AW16 -> #DIV/0! | BJ16: =(BH16*$G16+BI16/$I16)/$G16 -> #DIV/0! | BK16: =BJ16/$F16 -> #DIV/0! | BL16: =_xlfn.CEILING.MATH(BK16) -> #DIV/0! | BM16: =BL16*BC16 -> #DIV/0! | BP16: =(BN16*$G16+BO16/$I16)/$G16 -> #DIV/0! | BQ16: =BP16/$F16 -> #DIV/0! | BR16: =_xlfn.CEILING.MATH(BQ16) -> #DIV/0! | BS16: =BR16*BI16 -> #DIV/0! | BV16: =(BT16*$G16+BU16/$I16)/$G16 -> #DIV/0! | BW16: =BV16/$F16 -> #DIV/0! | BX16: =_xlfn.CEILING.MATH(BW16) -> #DIV/0! | BY16: =BX16*BO16 -> #DIV/0! | CB16: =(BZ16*$G16+CA16/$I16)/$G16 -> #DIV/0! | CC16: =CB16/$F16 -> #DIV/0! | CD16: =_xlfn.CEILING.MATH(CC16) -> #DIV/0! | CE16: =CD16*BU16 -> #DIV/0!
A17: 14 | F17: =$F$2 -> 0.85 | N17: =(L17*$G17+M17/$I17)/$G17 -> #DIV/0! | O17: =N17/$F17 -> #DIV/0! | P17: =_xlfn.CEILING.MATH(O17) -> #DIV/0! | Q17: =P17*G17 -> #DIV/0! | T17: =(R17*$G17+S17/$I17)/$G17 -> #DIV/0! | U17: =T17/$F17 -> #DIV/0! | V17: =_xlfn.CEILING.MATH(U17) -> #DIV/0! | W17: =V17*M17 -> #DIV/0! | Z17: =(X17*$G17+Y17/$I17)/$G17 -> #DIV/0! | AA17: =Z17/$F17 -> #DIV/0! | AB17: =_xlfn.CEILING.MATH(AA17) -> #DIV/0! | AC17: =AB17*S17 -> #DIV/0! | AF17: =(AD17*$G17+AE17/$I17)/$G17 -> #DIV/0! | AG17: =AF17/$F17 -> #DIV/0! | AH17: =_xlfn.CEILING.MATH(AG17) -> #DIV/0! | AI17: =AH17*Y17 -> #DIV/0! | AL17: =(AJ17*$G17+AK17/$I17)/$G17 -> #DIV/0! | AM17: =AL17/$F17 -> #DIV/0! | AN17: =_xlfn.CEILING.MATH(AM17) -> #DIV/0! | AO17: =AN17*AE17 -> #DIV/0! | AR17: =(AP17*$G17+AQ17/$I17)/$G17 -> #DIV/0! | AS17: =AR17/$F17 -> #DIV/0! | AT17: =_xlfn.CEILING.MATH(AS17) -> #DIV/0! | AU17: =AT17*AK17 -> #DIV/0! | AX17: =(AV17*$G17+AW17/$I17)/$G17 -> #DIV/0! | AY17: =AX17/$F17 -> #DIV/0! | AZ17: =_xlfn.CEILING.MATH(AY17) -> #DIV/0! | BA17: =AZ17*AQ17 -> #DIV/0! | BD17: =(BB17*$G17+BC17/$I17)/$G17 -> #DIV/0! | BE17: =BD17/$F17 -> #DIV/0! | BF17: =_xlfn.CEILING.MATH(BE17) -> #DIV/0! | BG17: =BF17*AW17 -> #DIV/0! | BJ17: =(BH17*$G17+BI17/$I17)/$G17 -> #DIV/0! | BK17: =BJ17/$F17 -> #DIV/0! | BL17: =_xlfn.CEILING.MATH(BK17) -> #DIV/0! | BM17: =BL17*BC17 -> #DIV/0! | BP17: =(BN17*$G17+BO17/$I17)/$G17 -> #DIV/0! | BQ17: =BP17/$F17 -> #DIV/0! | BR17: =_xlfn.CEILING.MATH(BQ17) -> #DIV/0! | BS17: =BR17*BI17 -> #DIV/0! | BV17: =(BT17*$G17+BU17/$I17)/$G17 -> #DIV/0! | BW17: =BV17/$F17 -> #DIV/0! | BX17: =_xlfn.CEILING.MATH(BW17) -> #DIV/0! | BY17: =BX17*BO17 -> #DIV/0! | CB17: =(BZ17*$G17+CA17/$I17)/$G17 -> #DIV/0! | CC17: =CB17/$F17 -> #DIV/0! | CD17: =_xlfn.CEILING.MATH(CC17) -> #DIV/0! | CE17: =CD17*BU17 -> #DIV/0!
... A150: 147 | F150: =$F$2 -> 0.85 | N150: =(L150*$G150+M150/$I150)/$G150 -> #DIV/0! | O150: =N150/$F150 -> #DIV/0! | P150: =_xlfn.CEILING.MATH(O150) -> #DIV/0! | Q150: =P150*G150 -> #DIV/0! | T150: =(R150*$G150+S150/$I150)/$G150 -> #DIV/0! | U150: =T150/$F150 -> #DIV/0! | V150: =_xlfn.CEILING.MATH(U150) -> #DIV/0! | W150: =V150*M150 -> #DIV/0! | Z150: =(X150*$G150+Y150/$I150)/$G150 -> #DIV/0! | AA150: =Z150/$F150 -> #DIV/0! | AB150: =_xlfn.CEILING.MATH(AA150) -> #DIV/0! | AC150: =AB150*S150 -> #DIV/0! | AF150: =(AD150*$G150+AE150/$I150)/$G150 -> #DIV/0! | AG150: =AF150/$F150 -> #DIV/0! | AH150: =_xlfn.CEILING.MATH(AG150) -> #DIV/0! | AI150: =AH150*Y150 -> #DIV/0! | AL150: =(AJ150*$G150+AK150/$I150)/$G150 -> #DIV/0! | AM150: =AL150/$F150 -> #DIV/0! | AN150: =_xlfn.CEILING.MATH(AM150) -> #DIV/0! | AO150: =AN150*AE150 -> #DIV/0! | AR150: =(AP150*$G150+AQ150/$I150)/$G150 -> #DIV/0! | AS150: =AR150/$F150 -> #DIV/0! | AT150: =_xlfn.CEILING.MATH(AS150) -> #DIV/0! | AU150: =AT150*AK150 -> #DIV/0! | AX150: =(AV150*$G150+AW150/$I150)/$G150 -> #DIV/0! | AY150: =AX150/$F150 -> #DIV/0! | AZ150: =_xlfn.CEILING.MATH(AY150) -> #DIV/0! | BA150: =AZ150*AQ150 -> #DIV/0! | BD150: =(BB150*$G150+BC150/$I150)/$G150 -> #DIV/0! | BE150: =BD150/$F150 -> #DIV/0! | BF150: =_xlfn.CEILING.MATH(BE150) -> #DIV/0! | BG150: =BF150*AW150 -> #DIV/0! | BJ150: =(BH150*$G150+BI150/$I150)/$G150 -> #DIV/0! | BK150: =BJ150/$F150 -> #DIV/0! | BL150: =_xlfn.CEILING.MATH(BK150) -> #DIV/0! | BM150: =BL150*BC150 -> #DIV/0! | BP150: =(BN150*$G150+BO150/$I150)/$G150 -> #DIV/0! | BQ150: =BP150/$F150 -> #DIV/0! | BR150: =_xlfn.CEILING.MATH(BQ150) -> #DIV/0! | BS150: =BR150*BI150 -> #DIV/0! | BV150: =(BT150*$G150+BU150/$I150)/$G150 -> #DIV/0! | BW150: =BV150/$F150 -> #DIV/0! | BX150: =_xlfn.CEILING.MATH(BW150) -> #DIV/0! | BY150: =BX150*BO150 -> #DIV/0! | CB150: =(BZ150*$G150+CA150/$I150)/$G150 -> #DIV/0! | CC150: =CB150/$F150 -> #DIV/0! | CD150: =_xlfn.CEILING.MATH(CC150) -> #DIV/0! | CE150: =CD150*BU150 -> #DIV/0!

Sheet 計算(サンプル)
A1: 計算(サンプル)
D2: 入数情報 | E2: 地域別サンプル価格計算
A3: 番号 | B3: JANコード | C3: 商品名 | D3: 入数 (合計数計算) | E3: 宅配便 関東単価 | F3: サンプル 関東単価 | G3: 宅配便 北海道単価 | H3: サンプル 北海道単価 | I3: 宅配便 北東北単価 | J3: サンプル 北東北単価 | K3: 宅配便 南東北単価 | L3: サンプル 南東北単価 | M3: 宅配便 信越単価 | N3: サンプル 信越単価 | O3: 宅配便 北陸単価 | P3: サンプル 北陸単価 | Q3: 宅配便 中部単価 | R3: サンプル 中部単価 | S3: 宅配便 関西単価 | T3: サンプル 関西単価 | U3: 宅配便 中国単価 | V3: サンプル 中国単価 | W3: 宅配便 四国単価 | X3: サンプル 四国単価 | Y3: 宅配便 九州単価 | Z3: サンプル 九州単価 | AA3: 宅配便 沖縄単価 | AB3: サンプル 沖縄単価
A4: 1 | D4: 1 | F4: =$D4*E4 -> 0 | H4: =$D4*G4 -> 0 | J4: =$D4*I4 -> 0 | L4: =$D4*K4 -> 0 | N4: =$D4*M4 -> 0 | P4: =$D4*O4 -> 0 | R4: =$D4*Q4 -> 0 | T4: =$D4*S4 -> 0 | V4: =$D4*U4 -> 0 | X4: =$D4*W4 -> 0 | Z4: =$D4*Y4 -> 0 | AB4: =$D4*AA4 -> 0
A5: 2 | D5: 10 | F5: =$D5*E5 -> 0 | H5: =$D5*G5 -> 0 | J5: =$D5*I5 -> 0 | L5: =$D5*K5 -> 0 | N5: =$D5*M5 -> 0 | P5: =$D5*O5 -> 0 | R5: =$D5*Q5 -> 0 | T5: =$D5*S5 -> 0 | V5: =$D5*U5 -> 0 | X5: =$D5*W5 -> 0 | Z5: =$D5*Y5 -> 0 | AB5: =$D5*AA5 -> 0
A6: 3 | F6: =$D6*E6 -> 0 | H6: =$D6*G6 -> 0 | J6: =$D6*I6 -> 0 | L6: =$D6*K6 -> 0 | N6: =$D6*M6 -> 0 | P6: =$D6*O6 -> 0 | R6: =$D6*Q6 -> 0 | T6: =$D6*S6 -> 0 | V6: =$D6*U6 -> 0 | X6: =$D6*W6 -> 0 | Z6: =$D6*Y6 -> 0 | AB6: =$D6*AA6 -> 0
A7: 4 | F7: =$D7*E7 -> 0 | H7: =$D7*G7 -> 0 | J7: =$D7*I7 -> 0 | L7: =$D7*K7 -> 0 | N7: =$D7*M7 -> 0 | P7: =$D7*O7 -> 0 | R7: =$D7*Q7 -> 0 | T7: =$D7*S7 -> 0 | V7: =$D7*U7 -> 0 | X7: =$D7*W7 -> 0 | Z7: =$D7*Y7 -> 0 | AB7: =$D7*AA7 -> 0
A8: 5 | F8: =$D8*E8 -> 0 | H8: =$D8*G8 -> 0 | J8: =$D8*I8 -> 0 | L8: =$D8*K8 -> 0 | N8: =$D8*M8 -> 0 | P8: =$D8*O8 -> 0 | R8: =$D8*Q8 -> 0 | T8: =$D8*S8 -> 0 | V8: =$D8*U8 -> 0 | X8: =$D8*W8 -> 0 | Z8: =$D8*Y8 -> 0 | AB8: =$D8*AA8 -> 0
A9: 6 | F9: =$D9*E9 -> 0 | H9: =$D9*G9 -> 0 | J9: =$D9*I9 -> 0 | L9: =$D9*K9 -> 0 | N9: =$D9*M9 -> 0 | P9: =$D9*O9 -> 0 | R9: =$D9*Q9 -> 0 | T9: =$D9*S9 -> 0 | V9: =$D9*U9 -> 0 | X9: =$D9*W9 -> 0 | Z9: =$D9*Y9 -> 0 | AB9: =$D9*AA9 -> 0
A10: 7 | F10: =$D10*E10 -> 0 | H10: =$D10*G10 -> 0 | J10: =$D10*I10 -> 0 | L10: =$D10*K10 -> 0 | N10: =$D10*M10 -> 0 | P10: =$D10*O10 -> 0 | R10: =$D10*Q10 -> 0 | T10: =$D10*S10 -> 0 | V10: =$D10*U10 -> 0 | X10: =$D10*W10 -> 0 | Z10: =$D10*Y10 -> 0 | AB10: =$D10*AA10 -> 0
A11: 8 | F11: =$D11*E11 -> 0 | H11: =$D11*G11 -> 0 | J11: =$D11*I11 -> 0 | L11: =$D11*K11 -> 0 | N11: =$D11*M11 -> 0 | P11: =$D11*O11 -> 0 | R11: =$D11*Q11 -> 0 | T11: =$D11*S11 -> 0 | V11: =$D11*U11 -> 0 | X11: =$D11*W11 -> 0 | Z11: =$D11*Y11 -> 0 | AB11: =$D11*AA11 -> 0
A12: 9 | F12: =$D12*E12 -> 0 | H12: =$D12*G12 -> 0 | J12: =$D12*I12 -> 0 | L12: =$D12*K12 -> 0 | N12: =$D12*M12 -> 0 | P12: =$D12*O12 -> 0 | R12: =$D12*Q12 -> 0 | T12: =$D12*S12 -> 0 | V12: =$D12*U12 -> 0 | X12: =$D12*W12 -> 0 | Z12: =$D12*Y12 -> 0 | AB12: =$D12*AA12 -> 0
A13: 10 | F13: =$D13*E13 -> 0 | H13: =$D13*G13 -> 0 | J13: =$D13*I13 -> 0 | L13: =$D13*K13 -> 0 | N13: =$D13*M13 -> 0 | P13: =$D13*O13 -> 0 | R13: =$D13*Q13 -> 0 | T13: =$D13*S13 -> 0 | V13: =$D13*U13 -> 0 | X13: =$D13*W13 -> 0 | Z13: =$D13*Y13 -> 0 | AB13: =$D13*AA13 -> 0
A14: 11 | F14: =$D14*E14 -> 0 | H14: =$D14*G14 -> 0 | J14: =$D14*I14 -> 0 | L14: =$D14*K14 -> 0 | N14: =$D14*M14 -> 0 | P14: =$D14*O14 -> 0 | R14: =$D14*Q14 -> 0 | T14: =$D14*S14 -> 0 | V14: =$D14*U14 -> 0 | X14: =$D14*W14 -> 0 | Z14: =$D14*Y14 -> 0 | AB14: =$D14*AA14 -> 0
A15: 12 | F15: =$D15*E15 -> 0 | H15: =$D15*G15 -> 0 | J15: =$D15*I15 -> 0 | L15: =$D15*K15 -> 0 | N15: =$D15*M15 -> 0 | P15: =$D15*O15 -> 0 | R15: =$D15*Q15 -> 0 | T15: =$D15*S15 -> 0 | V15: =$D15*U15 -> 0 | X15: =$D15*W15 -> 0 | Z15: =$D15*Y15 -> 0 | AB15: =$D15*AA15 -> 0
A16: 13 | F16: =$D16*E16 -> 0 | H16: =$D16*G16 -> 0 | J16: =$D16*I16 -> 0 | L16: =$D16*K16 -> 0 | N16: =$D16*M16 -> 0 | P16: =$D16*O16 -> 0 | R16: =$D16*Q16 -> 0 | T16: =$D16*S16 -> 0 | V16: =$D16*U16 -> 0 | X16: =$D16*W16 -> 0 | Z16: =$D16*Y16 -> 0 | AB16: =$D16*AA16 -> 0
A17: 14 | F17: =$D17*E17 -> 0 | H17: =$D17*G17 -> 0 | J17: =$D17*I17 -> 0 | L17: =$D17*K17 -> 0 | N17: =$D17*M17 -> 0 | P17: =$D17*O17 -> 0 | R17: =$D17*Q17 -> 0 | T17: =$D17*S17 -> 0 | V17: =$D17*U17 -> 0 | X17: =$D17*W17 -> 0 | Z17: =$D17*Y17 -> 0 | AB17: =$D17*AA17 -> 0
... A63: 60 | F63: =$D63*E63 -> 0 | H63: =$D63*G63 -> 0 | J63: =$D63*I63 -> 0 | L63: =$D63*K63 -> 0 | N63: =$D63*M63 -> 0 | P63: =$D63*O63 -> 0 | R63: =$D63*Q63 -> 0 | T63: =$D63*S63 -> 0 | V63: =$D63*U63 -> 0 | X63: =$D63*W63 -> 0 | Z63: =$D63*Y63 -> 0 | AB63: =$D63*AA63 -> 0
A64: 61 | D64: =#REF!&"" -> #REF! | F64: =$D64*E64 -> #REF! | H64: =$D64*G64 -> #REF! | J64: =$D64*I64 -> #REF! | L64: =$D64*K64 -> #REF! | N64: =$D64*M64 -> #REF! | P64: =$D64*O64 -> #REF! | R64: =$D64*Q64 -> #REF! | T64: =$D64*S64 -> #REF! | V64: =$D64*U64 -> #REF! | X64: =$D64*W64 -> #REF! | Z64: =$D64*Y64 -> #REF! | AB64: =$D64*AA64 -> #REF!
A65: 62 | D65: =#REF!&"" -> #REF! | F65: =$D65*E65 -> #REF! | H65: =$D65*G65 -> #REF! | J65: =$D65*I65 -> #REF! | L65: =$D65*K65 -> #REF! | N65: =$D65*M65 -> #REF! | P65: =$D65*O65 -> #REF! | R65: =$D65*Q65 -> #REF! | T65: =$D65*S65 -> #REF! | V65: =$D65*U65 -> #REF! | X65: =$D65*W65 -> #REF! | Z65: =$D65*Y65 -> #REF! | AB65: =$D65*AA65 -> #REF!
A66: 63 | D66: =#REF!&"" -> #REF! | F66: =$D66*E66 -> #REF! | H66: =$D66*G66 -> #REF! | J66: =$D66*I66 -> #REF! | L66: =$D66*K66 -> #REF! | N66: =$D66*M66 -> #REF! | P66: =$D66*O66 -> #REF! | R66: =$D66*Q66 -> #REF! | T66: =$D66*S66 -> #REF! | V66: =$D66*U66 -> #REF! | X66: =$D66*W66 -> #REF! | Z66: =$D66*Y66 -> #REF! | AB66: =$D66*AA66 -> #REF!
A67: 64 | D67: =#REF!&"" -> #REF! | F67: =$D67*E67 -> #REF! | H67: =$D67*G67 -> #REF! | J67: =$D67*I67 -> #REF! | L67: =$D67*K67 -> #REF! | N67: =$D67*M67 -> #REF! | P67: =$D67*O67 -> #REF! | R67: =$D67*Q67 -> #REF! | T67: =$D67*S67 -> #REF! | V67: =$D67*U67 -> #REF! | X67: =$D67*W67 -> #REF! | Z67: =$D67*Y67 -> #REF! | AB67: =$D67*AA67 -> #REF!
A68: 65 | D68: =#REF!&"" -> #REF! | F68: =$D68*E68 -> #REF! | H68: =$D68*G68 -> #REF! | J68: =$D68*I68 -> #REF! | L68: =$D68*K68 -> #REF! | N68: =$D68*M68 -> #REF! | P68: =$D68*O68 -> #REF! | R68: =$D68*Q68 -> #REF! | T68: =$D68*S68 -> #REF! | V68: =$D68*U68 -> #REF! | X68: =$D68*W68 -> #REF! | Z68: =$D68*Y68 -> #REF! | AB68: =$D68*AA68 -> #REF!
A69: 66 | D69: =#REF!&"" -> #REF! | F69: =$D69*E69 -> #REF! | H69: =$D69*G69 -> #REF! | J69: =$D69*I69 -> #REF! | L69: =$D69*K69 -> #REF! | N69: =$D69*M69 -> #REF! | P69: =$D69*O69 -> #REF! | R69: =$D69*Q69 -> #REF! | T69: =$D69*S69 -> #REF! | V69: =$D69*U69 -> #REF! | X69: =$D69*W69 -> #REF! | Z69: =$D69*Y69 -> #REF! | AB69: =$D69*AA69 -> #REF!
A70: 67 | D70: =#REF!&"" -> #REF! | F70: =$D70*E70 -> #REF! | H70: =$D70*G70 -> #REF! | J70: =$D70*I70 -> #REF! | L70: =$D70*K70 -> #REF! | N70: =$D70*M70 -> #REF! | P70: =$D70*O70 -> #REF! | R70: =$D70*Q70 -> #REF! | T70: =$D70*S70 -> #REF! | V70: =$D70*U70 -> #REF! | X70: =$D70*W70 -> #REF! | Z70: =$D70*Y70 -> #REF! | AB70: =$D70*AA70 -> #REF!
A71: 68 | D71: =#REF!&"" -> #REF! | F71: =$D71*E71 -> #REF! | H71: =$D71*G71 -> #REF! | J71: =$D71*I71 -> #REF! | L71: =$D71*K71 -> #REF! | N71: =$D71*M71 -> #REF! | P71: =$D71*O71 -> #REF! | R71: =$D71*Q71 -> #REF! | T71: =$D71*S71 -> #REF! | V71: =$D71*U71 -> #REF! | X71: =$D71*W71 -> #REF! | Z71: =$D71*Y71 -> #REF! | AB71: =$D71*AA71 -> #REF!
A72: 69 | D72: =#REF!&"" -> #REF! | F72: =$D72*E72 -> #REF! | H72: =$D72*G72 -> #REF! | J72: =$D72*I72 -> #REF! | L72: =$D72*K72 -> #REF! | N72: =$D72*M72 -> #REF! | P72: =$D72*O72 -> #REF! | R72: =$D72*Q72 -> #REF! | T72: =$D72*S72 -> #REF! | V72: =$D72*U72 -> #REF! | X72: =$D72*W72 -> #REF! | Z72: =$D72*Y72 -> #REF! | AB72: =$D72*AA72 -> #REF!
A73: 70 | D73: =#REF!&"" -> #REF! | F73: =$D73*E73 -> #REF! | H73: =$D73*G73 -> #REF! | J73: =$D73*I73 -> #REF! | L73: =$D73*K73 -> #REF! | N73: =$D73*M73 -> #REF! | P73: =$D73*O73 -> #REF! | R73: =$D73*Q73 -> #REF! | T73: =$D73*S73 -> #REF! | V73: =$D73*U73 -> #REF! | X73: =$D73*W73 -> #REF! | Z73: =$D73*Y73 -> #REF! | AB73: =$D73*AA73 -> #REF!
A74: 71 | D74: =#REF!&"" -> #REF! | F74: =$D74*E74 -> #REF! | H74: =$D74*G74 -> #REF! | J74: =$D74*I74 -> #REF! | L74: =$D74*K74 -> #REF! | N74: =$D74*M74 -> #REF! | P74: =$D74*O74 -> #REF! | R74: =$D74*Q74 -> #REF! | T74: =$D74*S74 -> #REF! | V74: =$D74*U74 -> #REF! | X74: =$D74*W74 -> #REF! | Z74: =$D74*Y74 -> #REF! | AB74: =$D74*AA74 -> #REF!
A75: 72 | D75: =#REF!&"" -> #REF! | F75: =$D75*E75 -> #REF! | H75: =$D75*G75 -> #REF! | J75: =$D75*I75 -> #REF! | L75: =$D75*K75 -> #REF! | N75: =$D75*M75 -> #REF! | P75: =$D75*O75 -> #REF! | R75: =$D75*Q75 -> #REF! | T75: =$D75*S75 -> #REF! | V75: =$D75*U75 -> #REF! | X75: =$D75*W75 -> #REF! | Z75: =$D75*Y75 -> #REF! | AB75: =$D75*AA75 -> #REF!
... A150: 147 | D150: =#REF!&"" -> #REF! | F150: =$D150*E150 -> #REF! | H150: =$D150*G150 -> #REF! | J150: =$D150*I150 -> #REF! | L150: =$D150*K150 -> #REF! | N150: =$D150*M150 -> #REF! | P150: =$D150*O150 -> #REF! | R150: =$D150*Q150 -> #REF! | T150: =$D150*S150 -> #REF! | V150: =$D150*U150 -> #REF! | X150: =$D150*W150 -> #REF! | Z150: =$D150*Y150 -> #REF! | AB150: =$D150*AA150 -> #REF!

Sheet 計算（イレギュラーサンプル）
A1: 計算(イレギュラーサンプル)
E2: ='宅配便 仮計算'!D2 -> 0.85 | F2: 入数情報 | G2: サンプルグループ | H2: セット情報 | I2: 送料情報 | J2: 地域別卸値計算
A3: 番号 | B3: JANコード | C3: 商品名 | D3: 備考（セット内容・規格など） | E3: 原価率 | F3: 入数 (合計数計算) | G3: グループ番号 | H3: 種類 | I3: 適用送料 | J3: 関東 仕入単価 | K3: 関東送料 | L3: 送料込み 仕入単価 | M3: 卸単価計算 | N3: 切り上げ 卸値単価 | O3: 関東 卸ケース単価 | P3: 北海道 仕入単価 | Q3: 北海道 送料 | R3: 送料込み 仕入単価 | S3: 卸単価計算 | T3: 切り上げ 卸値単価 | U3: 北海道 卸ケース単価 | V3: 北東北 仕入単価 | W3: 北東北 送料 | X3: 送料込み 仕入単価 | Y3: 卸単価計算 | Z3: 切り上げ 卸値単価 | AA3: 北東北 卸ケース単価 | AB3: 南東北 仕入単価 | AC3: 南東北 送料 | AD3: 送料込み 仕入単価 | AE3: 卸単価計算 | AF3: 切り上げ 卸値単価 | AG3: 南東北 卸ケース単価 | AH3: 信越 仕入単価 | AI3: 信越送料 | AJ3: 送料込み 仕入単価 | AK3: 卸単価計算 | AL3: 切り上げ 卸値単価 | AM3: 信越 卸ケース単価 | AN3: 北陸 仕入単価 | AO3: 北陸送料 | AP3: 送料込み 仕入単価 | AQ3: 卸単価計算 | AR3: 切り上げ 卸値単価 | AS3: 北陸 卸ケース単価 | AT3: 中部 仕入単価 | AU3: 中部送料 | AV3: 送料込み 仕入単価 | AW3: 卸単価計算 | AX3: 切り上げ 卸値単価 | AY3: 中部 卸ケース単価 | AZ3: 関西 仕入単価 | BA3: 関西送料 | BB3: 送料込み 仕入単価 | BC3: 卸単価計算 | BD3: 切り上げ 卸値単価 | BE3: 関西 卸ケース単価 | BF3: 中国 仕入単価 | BG3: 中国送料 | BH3: 送料込み 仕入単価 | BI3: 卸単価計算 | BJ3: 切り上げ 卸値単価 | BK3: 中国 卸ケース単価 | BL3: 四国 仕入単価 | BM3: 四国送料 | BN3: 送料込み 仕入単価 | BO3: 卸単価計算 | BP3: 切り上げ 卸値単価 | BQ3: 四国 卸ケース単価 | BR3: 九州 仕入単価 | BS3: 九州送料 | BT3: 送料込み 仕入単価 | BU3: 卸単価計算 | BV3: 切り上げ 卸値単価 | BW3: 九州 卸ケース単価 | BX3: 沖縄 仕入単価 | BY3: 沖縄送料 | BZ3: 送料込み 仕入単価 | CA3: 卸単価計算 | CB3: 切り上げ 卸値単価 | CC3: 沖縄 卸ケース単価
A4: 1 | D4: 桜塩、桜ジュレ、桜花の３点セット | E4: =$E$2 -> 0.85 | F4: 100 | G4: サンプル1 | H4: (送料込) | I4: サン① | L4: =(J4*$F4+K4)/$F4 -> 0 | M4: =L4/$E4 -> 0 | N4: =_xlfn.CEILING.MATH(M4) -> 0 | O4: =N4*F4 -> 0 | R4: =(P4*$F4+Q4)/$F4 -> 0 | S4: =R4/$E4 -> 0 | T4: =_xlfn.CEILING.MATH(S4) -> 0 | U4: =T4*K4 -> 0 | X4: =(V4*$F4+W4)/$F4 -> 0 | Y4: =X4/$E4 -> 0 | Z4: =_xlfn.CEILING.MATH(Y4) -> 0 | AA4: =Z4*Q4 -> 0 | AD4: =(AB4*$F4+AC4)/$F4 -> 0 | AE4: =AD4/$E4 -> 0 | AF4: =_xlfn.CEILING.MATH(AE4) -> 0 | AG4: =AF4*W4 -> 0 | AJ4: =(AH4*$F4+AI4)/$F4 -> 0 | AK4: =AJ4/$E4 -> 0 | AL4: =_xlfn.CEILING.MATH(AK4) -> 0 | AM4: =AL4*AC4 -> 0 | AP4: =(AN4*$F4+AO4)/$F4 -> 0 | AQ4: =AP4/$E4 -> 0 | AR4: =_xlfn.CEILING.MATH(AQ4) -> 0 | AS4: =AR4*AI4 -> 0 | AV4: =(AT4*$F4+AU4)/$F4 -> 0 | AW4: =AV4/$E4 -> 0 | AX4: =_xlfn.CEILING.MATH(AW4) -> 0 | AY4: =AX4*AO4 -> 0 | BB4: =(AZ4*$F4+BA4)/$F4 -> 0 | BC4: =BB4/$E4 -> 0 | BD4: =_xlfn.CEILING.MATH(BC4) -> 0 | BE4: =BD4*AU4 -> 0 | BH4: =(BF4*$F4+BG4)/$F4 -> 0 | BI4: =BH4/$E4 -> 0 | BJ4: =_xlfn.CEILING.MATH(BI4) -> 0 | BK4: =BJ4*BA4 -> 0 | BN4: =(BL4*$F4+BM4)/$F4 -> 0 | BO4: =BN4/$E4 -> 0 | BP4: =_xlfn.CEILING.MATH(BO4) -> 0 | BQ4: =BP4*BG4 -> 0 | BT4: =(BR4*$F4+BS4)/$F4 -> 0 | BU4: =BT4/$E4 -> 0 | BV4: =_xlfn.CEILING.MATH(BU4) -> 0 | BW4: =BV4*BM4 -> 0 | BZ4: =(BX4*$F4+BY4)/$F4 -> 0 | CA4: =BZ4/$E4 -> 0 | CB4: =_xlfn.CEILING.MATH(CA4) -> 0 | CC4: =CB4*BS4 -> 0
A5: 2 | D5: 100ｇ小瓶入り | E5: =$E$2 -> 0.85 | L5: =(J5*$F5+K5)/$F5 -> #DIV/0! | M5: =L5/$E5 -> #DIV/0! | N5: =_xlfn.CEILING.MATH(M5) -> #DIV/0! | O5: =N5*F5 -> #DIV/0! | R5: =(P5*$F5+Q5)/$F5 -> #DIV/0! | S5: =R5/$E5 -> #DIV/0! | T5: =_xlfn.CEILING.MATH(S5) -> #DIV/0! | U5: =T5*K5 -> #DIV/0! | X5: =(V5*$F5+W5)/$F5 -> #DIV/0! | Y5: =X5/$E5 -> #DIV/0! | Z5: =_xlfn.CEILING.MATH(Y5) -> #DIV/0! | AA5: =Z5*Q5 -> #DIV/0! | AD5: =(AB5*$F5+AC5)/$F5 -> #DIV/0! | AE5: =AD5/$E5 -> #DIV/0! | AF5: =_xlfn.CEILING.MATH(AE5) -> #DIV/0! | AG5: =AF5*W5 -> #DIV/0! | AJ5: =(AH5*$F5+AI5)/$F5 -> #DIV/0! | AK5: =AJ5/$E5 -> #DIV/0! | AL5: =_xlfn.CEILING.MATH(AK5) -> #DIV/0! | AM5: =AL5*AC5 -> #DIV/0! | AP5: =(AN5*$F5+AO5)/$F5 -> #DIV/0! | AQ5: =AP5/$E5 -> #DIV/0! | AR5: =_xlfn.CEILING.MATH(AQ5) -> #DIV/0! | AS5: =AR5*AI5 -> #DIV/0! | AV5: =(AT5*$F5+AU5)/$F5 -> #DIV/0! | AW5: =AV5/$E5 -> #DIV/0! | AX5: =_xlfn.CEILING.MATH(AW5) -> #DIV/0! | AY5: =AX5*AO5 -> #DIV/0! | BB5: =(AZ5*$F5+BA5)/$F5 -> #DIV/0! | BC5: =BB5/$E5 -> #DIV/0! | BD5: =_xlfn.CEILING.MATH(BC5) -> #DIV/0! | BE5: =BD5*AU5 -> #DIV/0! | BH5: =(BF5*$F5+BG5)/$F5 -> #DIV/0! | BI5: =BH5/$E5 -> #DIV/0! | BJ5: =_xlfn.CEILING.MATH(BI5) -> #DIV/0! | BK5: =BJ5*BA5 -> #DIV/0! | BN5: =(BL5*$F5+BM5)/$F5 -> #DIV/0! | BO5: =BN5/$E5 -> #DIV/0! | BP5: =_xlfn.CEILING.MATH(BO5) -> #DIV/0! | BQ5: =BP5*BG5 -> #DIV/0! | BT5: =(BR5*$F5+BS5)/$F5 -> #DIV/0! | BU5: =BT5/$E5 -> #DIV/0! | BV5: =_xlfn.CEILING.MATH(BU5) -> #DIV/0! | BW5: =BV5*BM5 -> #DIV/0! | BZ5: =(BX5*$F5+BY5)/$F5 -> #DIV/0! | CA5: =BZ5/$E5 -> #DIV/0! | CB5: =_xlfn.CEILING.MATH(CA5) -> #DIV/0! | CC5: =CB5*BS5 -> #DIV/0!
A6: 3 | E6: =$E$2 -> 0.85 | L6: =(J6*$F6+K6)/$F6 -> #DIV/0! | M6: =L6/$E6 -> #DIV/0! | N6: =_xlfn.CEILING.MATH(M6) -> #DIV/0! | O6: =N6*F6 -> #DIV/0! | R6: =(P6*$F6+Q6)/$F6 -> #DIV/0! | S6: =R6/$E6 -> #DIV/0! | T6: =_xlfn.CEILING.MATH(S6) -> #DIV/0! | U6: =T6*K6 -> #DIV/0! | X6: =(V6*$F6+W6)/$F6 -> #DIV/0! | Y6: =X6/$E6 -> #DIV/0! | Z6: =_xlfn.CEILING.MATH(Y6) -> #DIV/0! | AA6: =Z6*Q6 -> #DIV/0! | AD6: =(AB6*$F6+AC6)/$F6 -> #DIV/0! | AE6: =AD6/$E6 -> #DIV/0! | AF6: =_xlfn.CEILING.MATH(AE6) -> #DIV/0! | AG6: =AF6*W6 -> #DIV/0! | AJ6: =(AH6*$F6+AI6)/$F6 -> #DIV/0! | AK6: =AJ6/$E6 -> #DIV/0! | AL6: =_xlfn.CEILING.MATH(AK6) -> #DIV/0! | AM6: =AL6*AC6 -> #DIV/0! | AP6: =(AN6*$F6+AO6)/$F6 -> #DIV/0! | AQ6: =AP6/$E6 -> #DIV/0! | AR6: =_xlfn.CEILING.MATH(AQ6) -> #DIV/0! | AS6: =AR6*AI6 -> #DIV/0! | AV6: =(AT6*$F6+AU6)/$F6 -> #DIV/0! | AW6: =AV6/$E6 -> #DIV/0! | AX6: =_xlfn.CEILING.MATH(AW6) -> #DIV/0! | AY6: =AX6*AO6 -> #DIV/0! | BB6: =(AZ6*$F6+BA6)/$F6 -> #DIV/0! | BC6: =BB6/$E6 -> #DIV/0! | BD6: =_xlfn.CEILING.MATH(BC6) -> #DIV/0! | BE6: =BD6*AU6 -> #DIV/0! | BH6: =(BF6*$F6+BG6)/$F6 -> #DIV/0! | BI6: =BH6/$E6 -> #DIV/0! | BJ6: =_xlfn.CEILING.MATH(BI6) -> #DIV/0! | BK6: =BJ6*BA6 -> #DIV/0! | BN6: =(BL6*$F6+BM6)/$F6 -> #DIV/0! | BO6: =BN6/$E6 -> #DIV/0! | BP6: =_xlfn.CEILING.MATH(BO6) -> #DIV/0! | BQ6: =BP6*BG6 -> #DIV/0! | BT6: =(BR6*$F6+BS6)/$F6 -> #DIV/0! | BU6: =BT6/$E6 -> #DIV/0! | BV6: =_xlfn.CEILING.MATH(BU6) -> #DIV/0! | BW6: =BV6*BM6 -> #DIV/0! | BZ6: =(BX6*$F6+BY6)/$F6 -> #DIV/0! | CA6: =BZ6/$E6 -> #DIV/0! | CB6: =_xlfn.CEILING.MATH(CA6) -> #DIV/0! | CC6: =CB6*BS6 -> #DIV/0!
A7: 4 | E7: =$E$2 -> 0.85 | L7: =(J7*$F7+K7)/$F7 -> #DIV/0! | M7: =L7/$E7 -> #DIV/0! | N7: =_xlfn.CEILING.MATH(M7) -> #DIV/0! | O7: =N7*F7 -> #DIV/0! | R7: =(P7*$F7+Q7)/$F7 -> #DIV/0! | S7: =R7/$E7 -> #DIV/0! | T7: =_xlfn.CEILING.MATH(S7) -> #DIV/0! | U7: =T7*K7 -> #DIV/0! | X7: =(V7*$F7+W7)/$F7 -> #DIV/0! | Y7: =X7/$E7 -> #DIV/0! | Z7: =_xlfn.CEILING.MATH(Y7) -> #DIV/0! | AA7: =Z7*Q7 -> #DIV/0! | AD7: =(AB7*$F7+AC7)/$F7 -> #DIV/0! | AE7: =AD7/$E7 -> #DIV/0! | AF7: =_xlfn.CEILING.MATH(AE7) -> #DIV/0! | AG7: =AF7*W7 -> #DIV/0! | AJ7: =(AH7*$F7+AI7)/$F7 -> #DIV/0! | AK7: =AJ7/$E7 -> #DIV/0! | AL7: =_xlfn.CEILING.MATH(AK7) -> #DIV/0! | AM7: =AL7*AC7 -> #DIV/0! | AP7: =(AN7*$F7+AO7)/$F7 -> #DIV/0! | AQ7: =AP7/$E7 -> #DIV/0! | AR7: =_xlfn.CEILING.MATH(AQ7) -> #DIV/0! | AS7: =AR7*AI7 -> #DIV/0! | AV7: =(AT7*$F7+AU7)/$F7 -> #DIV/0! | AW7: =AV7/$E7 -> #DIV/0! | AX7: =_xlfn.CEILING.MATH(AW7) -> #DIV/0! | AY7: =AX7*AO7 -> #DIV/0! | BB7: =(AZ7*$F7+BA7)/$F7 -> #DIV/0! | BC7: =BB7/$E7 -> #DIV/0! | BD7: =_xlfn.CEILING.MATH(BC7) -> #DIV/0! | BE7: =BD7*AU7 -> #DIV/0! | BH7: =(BF7*$F7+BG7)/$F7 -> #DIV/0! | BI7: =BH7/$E7 -> #DIV/0! | BJ7: =_xlfn.CEILING.MATH(BI7) -> #DIV/0! | BK7: =BJ7*BA7 -> #DIV/0! | BN7: =(BL7*$F7+BM7)/$F7 -> #DIV/0! | BO7: =BN7/$E7 -> #DIV/0! | BP7: =_xlfn.CEILING.MATH(BO7) -> #DIV/0! | BQ7: =BP7*BG7 -> #DIV/0! | BT7: =(BR7*$F7+BS7)/$F7 -> #DIV/0! | BU7: =BT7/$E7 -> #DIV/0! | BV7: =_xlfn.CEILING.MATH(BU7) -> #DIV/0! | BW7: =BV7*BM7 -> #DIV/0! | BZ7: =(BX7*$F7+BY7)/$F7 -> #DIV/0! | CA7: =BZ7/$E7 -> #DIV/0! | CB7: =_xlfn.CEILING.MATH(CA7) -> #DIV/0! | CC7: =CB7*BS7 -> #DIV/0!
A8: 5 | E8: =$E$2 -> 0.85 | L8: =(J8*$F8+K8)/$F8 -> #DIV/0! | M8: =L8/$E8 -> #DIV/0! | N8: =_xlfn.CEILING.MATH(M8) -> #DIV/0! | O8: =N8*F8 -> #DIV/0! | R8: =(P8*$F8+Q8)/$F8 -> #DIV/0! | S8: =R8/$E8 -> #DIV/0! | T8: =_xlfn.CEILING.MATH(S8) -> #DIV/0! | U8: =T8*K8 -> #DIV/0! | X8: =(V8*$F8+W8)/$F8 -> #DIV/0! | Y8: =X8/$E8 -> #DIV/0! | Z8: =_xlfn.CEILING.MATH(Y8) -> #DIV/0! | AA8: =Z8*Q8 -> #DIV/0! | AD8: =(AB8*$F8+AC8)/$F8 -> #DIV/0! | AE8: =AD8/$E8 -> #DIV/0! | AF8: =_xlfn.CEILING.MATH(AE8) -> #DIV/0! | AG8: =AF8*W8 -> #DIV/0! | AJ8: =(AH8*$F8+AI8)/$F8 -> #DIV/0! | AK8: =AJ8/$E8 -> #DIV/0! | AL8: =_xlfn.CEILING.MATH(AK8) -> #DIV/0! | AM8: =AL8*AC8 -> #DIV/0! | AP8: =(AN8*$F8+AO8)/$F8 -> #DIV/0! | AQ8: =AP8/$E8 -> #DIV/0! | AR8: =_xlfn.CEILING.MATH(AQ8) -> #DIV/0! | AS8: =AR8*AI8 -> #DIV/0! | AV8: =(AT8*$F8+AU8)/$F8 -> #DIV/0! | AW8: =AV8/$E8 -> #DIV/0! | AX8: =_xlfn.CEILING.MATH(AW8) -> #DIV/0! | AY8: =AX8*AO8 -> #DIV/0! | BB8: =(AZ8*$F8+BA8)/$F8 -> #DIV/0! | BC8: =BB8/$E8 -> #DIV/0! | BD8: =_xlfn.CEILING.MATH(BC8) -> #DIV/0! | BE8: =BD8*AU8 -> #DIV/0! | BH8: =(BF8*$F8+BG8)/$F8 -> #DIV/0! | BI8: =BH8/$E8 -> #DIV/0! | BJ8: =_xlfn.CEILING.MATH(BI8) -> #DIV/0! | BK8: =BJ8*BA8 -> #DIV/0! | BN8: =(BL8*$F8+BM8)/$F8 -> #DIV/0! | BO8: =BN8/$E8 -> #DIV/0! | BP8: =_xlfn.CEILING.MATH(BO8) -> #DIV/0! | BQ8: =BP8*BG8 -> #DIV/0! | BT8: =(BR8*$F8+BS8)/$F8 -> #DIV/0! | BU8: =BT8/$E8 -> #DIV/0! | BV8: =_xlfn.CEILING.MATH(BU8) -> #DIV/0! | BW8: =BV8*BM8 -> #DIV/0! | BZ8: =(BX8*$F8+BY8)/$F8 -> #DIV/0! | CA8: =BZ8/$E8 -> #DIV/0! | CB8: =_xlfn.CEILING.MATH(CA8) -> #DIV/0! | CC8: =CB8*BS8 -> #DIV/0!
A9: 6 | E9: =$E$2 -> 0.85 | L9: =(J9*$F9+K9)/$F9 -> #DIV/0! | M9: =L9/$E9 -> #DIV/0! | N9: =_xlfn.CEILING.MATH(M9) -> #DIV/0! | O9: =N9*F9 -> #DIV/0! | R9: =(P9*$F9+Q9)/$F9 -> #DIV/0! | S9: =R9/$E9 -> #DIV/0! | T9: =_xlfn.CEILING.MATH(S9) -> #DIV/0! | U9: =T9*K9 -> #DIV/0! | X9: =(V9*$F9+W9)/$F9 -> #DIV/0! | Y9: =X9/$E9 -> #DIV/0! | Z9: =_xlfn.CEILING.MATH(Y9) -> #DIV/0! | AA9: =Z9*Q9 -> #DIV/0! | AD9: =(AB9*$F9+AC9)/$F9 -> #DIV/0! | AE9: =AD9/$E9 -> #DIV/0! | AF9: =_xlfn.CEILING.MATH(AE9) -> #DIV/0! | AG9: =AF9*W9 -> #DIV/0! | AJ9: =(AH9*$F9+AI9)/$F9 -> #DIV/0! | AK9: =AJ9/$E9 -> #DIV/0! | AL9: =_xlfn.CEILING.MATH(AK9) -> #DIV/0! | AM9: =AL9*AC9 -> #DIV/0! | AP9: =(AN9*$F9+AO9)/$F9 -> #DIV/0! | AQ9: =AP9/$E9 -> #DIV/0! | AR9: =_xlfn.CEILING.MATH(AQ9) -> #DIV/0! | AS9: =AR9*AI9 -> #DIV/0! | AV9: =(AT9*$F9+AU9)/$F9 -> #DIV/0! | AW9: =AV9/$E9 -> #DIV/0! | AX9: =_xlfn.CEILING.MATH(AW9) -> #DIV/0! | AY9: =AX9*AO9 -> #DIV/0! | BB9: =(AZ9*$F9+BA9)/$F9 -> #DIV/0! | BC9: =BB9/$E9 -> #DIV/0! | BD9: =_xlfn.CEILING.MATH(BC9) -> #DIV/0! | BE9: =BD9*AU9 -> #DIV/0! | BH9: =(BF9*$F9+BG9)/$F9 -> #DIV/0! | BI9: =BH9/$E9 -> #DIV/0! | BJ9: =_xlfn.CEILING.MATH(BI9) -> #DIV/0! | BK9: =BJ9*BA9 -> #DIV/0! | BN9: =(BL9*$F9+BM9)/$F9 -> #DIV/0! | BO9: =BN9/$E9 -> #DIV/0! | BP9: =_xlfn.CEILING.MATH(BO9) -> #DIV/0! | BQ9: =BP9*BG9 -> #DIV/0! | BT9: =(BR9*$F9+BS9)/$F9 -> #DIV/0! | BU9: =BT9/$E9 -> #DIV/0! | BV9: =_xlfn.CEILING.MATH(BU9) -> #DIV/0! | BW9: =BV9*BM9 -> #DIV/0! | BZ9: =(BX9*$F9+BY9)/$F9 -> #DIV/0! | CA9: =BZ9/$E9 -> #DIV/0! | CB9: =_xlfn.CEILING.MATH(CA9) -> #DIV/0! | CC9: =CB9*BS9 -> #DIV/0!
A10: 7 | E10: =$E$2 -> 0.85 | L10: =(J10*$F10+K10)/$F10 -> #DIV/0! | M10: =L10/$E10 -> #DIV/0! | N10: =_xlfn.CEILING.MATH(M10) -> #DIV/0! | O10: =N10*F10 -> #DIV/0! | R10: =(P10*$F10+Q10)/$F10 -> #DIV/0! | S10: =R10/$E10 -> #DIV/0! | T10: =_xlfn.CEILING.MATH(S10) -> #DIV/0! | U10: =T10*K10 -> #DIV/0! | X10: =(V10*$F10+W10)/$F10 -> #DIV/0! | Y10: =X10/$E10 -> #DIV/0! | Z10: =_xlfn.CEILING.MATH(Y10) -> #DIV/0! | AA10: =Z10*Q10 -> #DIV/0! | AD10: =(AB10*$F10+AC10)/$F10 -> #DIV/0! | AE10: =AD10/$E10 -> #DIV/0! | AF10: =_xlfn.CEILING.MATH(AE10) -> #DIV/0! | AG10: =AF10*W10 -> #DIV/0! | AJ10: =(AH10*$F10+AI10)/$F10 -> #DIV/0! | AK10: =AJ10/$E10 -> #DIV/0! | AL10: =_xlfn.CEILING.MATH(AK10) -> #DIV/0! | AM10: =AL10*AC10 -> #DIV/0! | AP10: =(AN10*$F10+AO10)/$F10 -> #DIV/0! | AQ10: =AP10/$E10 -> #DIV/0! | AR10: =_xlfn.CEILING.MATH(AQ10) -> #DIV/0! | AS10: =AR10*AI10 -> #DIV/0! | AV10: =(AT10*$F10+AU10)/$F10 -> #DIV/0! | AW10: =AV10/$E10 -> #DIV/0! | AX10: =_xlfn.CEILING.MATH(AW10) -> #DIV/0! | AY10: =AX10*AO10 -> #DIV/0! | BB10: =(AZ10*$F10+BA10)/$F10 -> #DIV/0! | BC10: =BB10/$E10 -> #DIV/0! | BD10: =_xlfn.CEILING.MATH(BC10) -> #DIV/0! | BE10: =BD10*AU10 -> #DIV/0! | BH10: =(BF10*$F10+BG10)/$F10 -> #DIV/0! | BI10: =BH10/$E10 -> #DIV/0! | BJ10: =_xlfn.CEILING.MATH(BI10) -> #DIV/0! | BK10: =BJ10*BA10 -> #DIV/0! | BN10: =(BL10*$F10+BM10)/$F10 -> #DIV/0! | BO10: =BN10/$E10 -> #DIV/0! | BP10: =_xlfn.CEILING.MATH(BO10) -> #DIV/0! | BQ10: =BP10*BG10 -> #DIV/0! | BT10: =(BR10*$F10+BS10)/$F10 -> #DIV/0! | BU10: =BT10/$E10 -> #DIV/0! | BV10: =_xlfn.CEILING.MATH(BU10) -> #DIV/0! | BW10: =BV10*BM10 -> #DIV/0! | BZ10: =(BX10*$F10+BY10)/$F10 -> #DIV/0! | CA10: =BZ10/$E10 -> #DIV/0! | CB10: =_xlfn.CEILING.MATH(CA10) -> #DIV/0! | CC10: =CB10*BS10 -> #DIV/0!
A11: 8 | E11: =$E$2 -> 0.85 | L11: =(J11*$F11+K11)/$F11 -> #DIV/0! | M11: =L11/$E11 -> #DIV/0! | N11: =_xlfn.CEILING.MATH(M11) -> #DIV/0! | O11: =N11*F11 -> #DIV/0! | R11: =(P11*$F11+Q11)/$F11 -> #DIV/0! | S11: =R11/$E11 -> #DIV/0! | T11: =_xlfn.CEILING.MATH(S11) -> #DIV/0! | U11: =T11*K11 -> #DIV/0! | X11: =(V11*$F11+W11)/$F11 -> #DIV/0! | Y11: =X11/$E11 -> #DIV/0! | Z11: =_xlfn.CEILING.MATH(Y11) -> #DIV/0! | AA11: =Z11*Q11 -> #DIV/0! | AD11: =(AB11*$F11+AC11)/$F11 -> #DIV/0! | AE11: =AD11/$E11 -> #DIV/0! | AF11: =_xlfn.CEILING.MATH(AE11) -> #DIV/0! | AG11: =AF11*W11 -> #DIV/0! | AJ11: =(AH11*$F11+AI11)/$F11 -> #DIV/0! | AK11: =AJ11/$E11 -> #DIV/0! | AL11: =_xlfn.CEILING.MATH(AK11) -> #DIV/0! | AM11: =AL11*AC11 -> #DIV/0! | AP11: =(AN11*$F11+AO11)/$F11 -> #DIV/0! | AQ11: =AP11/$E11 -> #DIV/0! | AR11: =_xlfn.CEILING.MATH(AQ11) -> #DIV/0! | AS11: =AR11*AI11 -> #DIV/0! | AV11: =(AT11*$F11+AU11)/$F11 -> #DIV/0! | AW11: =AV11/$E11 -> #DIV/0! | AX11: =_xlfn.CEILING.MATH(AW11) -> #DIV/0! | AY11: =AX11*AO11 -> #DIV/0! | BB11: =(AZ11*$F11+BA11)/$F11 -> #DIV/0! | BC11: =BB11/$E11 -> #DIV/0! | BD11: =_xlfn.CEILING.MATH(BC11) -> #DIV/0! | BE11: =BD11*AU11 -> #DIV/0! | BH11: =(BF11*$F11+BG11)/$F11 -> #DIV/0! | BI11: =BH11/$E11 -> #DIV/0! | BJ11: =_xlfn.CEILING.MATH(BI11) -> #DIV/0! | BK11: =BJ11*BA11 -> #DIV/0! | BN11: =(BL11*$F11+BM11)/$F11 -> #DIV/0! | BO11: =BN11/$E11 -> #DIV/0! | BP11: =_xlfn.CEILING.MATH(BO11) -> #DIV/0! | BQ11: =BP11*BG11 -> #DIV/0! | BT11: =(BR11*$F11+BS11)/$F11 -> #DIV/0! | BU11: =BT11/$E11 -> #DIV/0! | BV11: =_xlfn.CEILING.MATH(BU11) -> #DIV/0! | BW11: =BV11*BM11 -> #DIV/0! | BZ11: =(BX11*$F11+BY11)/$F11 -> #DIV/0! | CA11: =BZ11/$E11 -> #DIV/0! | CB11: =_xlfn.CEILING.MATH(CA11) -> #DIV/0! | CC11: =CB11*BS11 -> #DIV/0!
A12: 9 | E12: =$E$2 -> 0.85 | L12: =(J12*$F12+K12)/$F12 -> #DIV/0! | M12: =L12/$E12 -> #DIV/0! | N12: =_xlfn.CEILING.MATH(M12) -> #DIV/0! | O12: =N12*F12 -> #DIV/0! | R12: =(P12*$F12+Q12)/$F12 -> #DIV/0! | S12: =R12/$E12 -> #DIV/0! | T12: =_xlfn.CEILING.MATH(S12) -> #DIV/0! | U12: =T12*K12 -> #DIV/0! | X12: =(V12*$F12+W12)/$F12 -> #DIV/0! | Y12: =X12/$E12 -> #DIV/0! | Z12: =_xlfn.CEILING.MATH(Y12) -> #DIV/0! | AA12: =Z12*Q12 -> #DIV/0! | AD12: =(AB12*$F12+AC12)/$F12 -> #DIV/0! | AE12: =AD12/$E12 -> #DIV/0! | AF12: =_xlfn.CEILING.MATH(AE12) -> #DIV/0! | AG12: =AF12*W12 -> #DIV/0! | AJ12: =(AH12*$F12+AI12)/$F12 -> #DIV/0! | AK12: =AJ12/$E12 -> #DIV/0! | AL12: =_xlfn.CEILING.MATH(AK12) -> #DIV/0! | AM12: =AL12*AC12 -> #DIV/0! | AP12: =(AN12*$F12+AO12)/$F12 -> #DIV/0! | AQ12: =AP12/$E12 -> #DIV/0! | AR12: =_xlfn.CEILING.MATH(AQ12) -> #DIV/0! | AS12: =AR12*AI12 -> #DIV/0! | AV12: =(AT12*$F12+AU12)/$F12 -> #DIV/0! | AW12: =AV12/$E12 -> #DIV/0! | AX12: =_xlfn.CEILING.MATH(AW12) -> #DIV/0! | AY12: =AX12*AO12 -> #DIV/0! | BB12: =(AZ12*$F12+BA12)/$F12 -> #DIV/0! | BC12: =BB12/$E12 -> #DIV/0! | BD12: =_xlfn.CEILING.MATH(BC12) -> #DIV/0! | BE12: =BD12*AU12 -> #DIV/0! | BH12: =(BF12*$F12+BG12)/$F12 -> #DIV/0! | BI12: =BH12/$E12 -> #DIV/0! | BJ12: =_xlfn.CEILING.MATH(BI12) -> #DIV/0! | BK12: =BJ12*BA12 -> #DIV/0! | BN12: =(BL12*$F12+BM12)/$F12 -> #DIV/0! | BO12: =BN12/$E12 -> #DIV/0! | BP12: =_xlfn.CEILING.MATH(BO12) -> #DIV/0! | BQ12: =BP12*BG12 -> #DIV/0! | BT12: =(BR12*$F12+BS12)/$F12 -> #DIV/0! | BU12: =BT12/$E12 -> #DIV/0! | BV12: =_xlfn.CEILING.MATH(BU12) -> #DIV/0! | BW12: =BV12*BM12 -> #DIV/0! | BZ12: =(BX12*$F12+BY12)/$F12 -> #DIV/0! | CA12: =BZ12/$E12 -> #DIV/0! | CB12: =_xlfn.CEILING.MATH(CA12) -> #DIV/0! | CC12: =CB12*BS12 -> #DIV/0!
A13: 10 | E13: =$E$2 -> 0.85 | L13: =(J13*$F13+K13)/$F13 -> #DIV/0! | M13: =L13/$E13 -> #DIV/0! | N13: =_xlfn.CEILING.MATH(M13) -> #DIV/0! | O13: =N13*F13 -> #DIV/0! | R13: =(P13*$F13+Q13)/$F13 -> #DIV/0! | S13: =R13/$E13 -> #DIV/0! | T13: =_xlfn.CEILING.MATH(S13) -> #DIV/0! | U13: =T13*K13 -> #DIV/0! | X13: =(V13*$F13+W13)/$F13 -> #DIV/0! | Y13: =X13/$E13 -> #DIV/0! | Z13: =_xlfn.CEILING.MATH(Y13) -> #DIV/0! | AA13: =Z13*Q13 -> #DIV/0! | AD13: =(AB13*$F13+AC13)/$F13 -> #DIV/0! | AE13: =AD13/$E13 -> #DIV/0! | AF13: =_xlfn.CEILING.MATH(AE13) -> #DIV/0! | AG13: =AF13*W13 -> #DIV/0! | AJ13: =(AH13*$F13+AI13)/$F13 -> #DIV/0! | AK13: =AJ13/$E13 -> #DIV/0! | AL13: =_xlfn.CEILING.MATH(AK13) -> #DIV/0! | AM13: =AL13*AC13 -> #DIV/0! | AP13: =(AN13*$F13+AO13)/$F13 -> #DIV/0! | AQ13: =AP13/$E13 -> #DIV/0! | AR13: =_xlfn.CEILING.MATH(AQ13) -> #DIV/0! | AS13: =AR13*AI13 -> #DIV/0! | AV13: =(AT13*$F13+AU13)/$F13 -> #DIV/0! | AW13: =AV13/$E13 -> #DIV/0! | AX13: =_xlfn.CEILING.MATH(AW13) -> #DIV/0! | AY13: =AX13*AO13 -> #DIV/0! | BB13: =(AZ13*$F13+BA13)/$F13 -> #DIV/0! | BC13: =BB13/$E13 -> #DIV/0! | BD13: =_xlfn.CEILING.MATH(BC13) -> #DIV/0! | BE13: =BD13*AU13 -> #DIV/0! | BH13: =(BF13*$F13+BG13)/$F13 -> #DIV/0! | BI13: =BH13/$E13 -> #DIV/0! | BJ13: =_xlfn.CEILING.MATH(BI13) -> #DIV/0! | BK13: =BJ13*BA13 -> #DIV/0! | BN13: =(BL13*$F13+BM13)/$F13 -> #DIV/0! | BO13: =BN13/$E13 -> #DIV/0! | BP13: =_xlfn.CEILING.MATH(BO13) -> #DIV/0! | BQ13: =BP13*BG13 -> #DIV/0! | BT13: =(BR13*$F13+BS13)/$F13 -> #DIV/0! | BU13: =BT13/$E13 -> #DIV/0! | BV13: =_xlfn.CEILING.MATH(BU13) -> #DIV/0! | BW13: =BV13*BM13 -> #DIV/0! | BZ13: =(BX13*$F13+BY13)/$F13 -> #DIV/0! | CA13: =BZ13/$E13 -> #DIV/0! | CB13: =_xlfn.CEILING.MATH(CA13) -> #DIV/0! | CC13: =CB13*BS13 -> #DIV/0!
A14: 11 | E14: =$E$2 -> 0.85 | L14: =(J14*$F14+K14)/$F14 -> #DIV/0! | M14: =L14/$E14 -> #DIV/0! | N14: =_xlfn.CEILING.MATH(M14) -> #DIV/0! | O14: =N14*F14 -> #DIV/0! | R14: =(P14*$F14+Q14)/$F14 -> #DIV/0! | S14: =R14/$E14 -> #DIV/0! | T14: =_xlfn.CEILING.MATH(S14) -> #DIV/0! | U14: =T14*K14 -> #DIV/0! | X14: =(V14*$F14+W14)/$F14 -> #DIV/0! | Y14: =X14/$E14 -> #DIV/0! | Z14: =_xlfn.CEILING.MATH(Y14) -> #DIV/0! | AA14: =Z14*Q14 -> #DIV/0! | AD14: =(AB14*$F14+AC14)/$F14 -> #DIV/0! | AE14: =AD14/$E14 -> #DIV/0! | AF14: =_xlfn.CEILING.MATH(AE14) -> #DIV/0! | AG14: =AF14*W14 -> #DIV/0! | AJ14: =(AH14*$F14+AI14)/$F14 -> #DIV/0! | AK14: =AJ14/$E14 -> #DIV/0! | AL14: =_xlfn.CEILING.MATH(AK14) -> #DIV/0! | AM14: =AL14*AC14 -> #DIV/0! | AP14: =(AN14*$F14+AO14)/$F14 -> #DIV/0! | AQ14: =AP14/$E14 -> #DIV/0! | AR14: =_xlfn.CEILING.MATH(AQ14) -> #DIV/0! | AS14: =AR14*AI14 -> #DIV/0! | AV14: =(AT14*$F14+AU14)/$F14 -> #DIV/0! | AW14: =AV14/$E14 -> #DIV/0! | AX14: =_xlfn.CEILING.MATH(AW14) -> #DIV/0! | AY14: =AX14*AO14 -> #DIV/0! | BB14: =(AZ14*$F14+BA14)/$F14 -> #DIV/0! | BC14: =BB14/$E14 -> #DIV/0! | BD14: =_xlfn.CEILING.MATH(BC14) -> #DIV/0! | BE14: =BD14*AU14 -> #DIV/0! | BH14: =(BF14*$F14+BG14)/$F14 -> #DIV/0! | BI14: =BH14/$E14 -> #DIV/0! | BJ14: =_xlfn.CEILING.MATH(BI14) -> #DIV/0! | BK14: =BJ14*BA14 -> #DIV/0! | BN14: =(BL14*$F14+BM14)/$F14 -> #DIV/0! | BO14: =BN14/$E14 -> #DIV/0! | BP14: =_xlfn.CEILING.MATH(BO14) -> #DIV/0! | BQ14: =BP14*BG14 -> #DIV/0! | BT14: =(BR14*$F14+BS14)/$F14 -> #DIV/0! | BU14: =BT14/$E14 -> #DIV/0! | BV14: =_xlfn.CEILING.MATH(BU14) -> #DIV/0! | BW14: =BV14*BM14 -> #DIV/0! | BZ14: =(BX14*$F14+BY14)/$F14 -> #DIV/0! | CA14: =BZ14/$E14 -> #DIV/0! | CB14: =_xlfn.CEILING.MATH(CA14) -> #DIV/0! | CC14: =CB14*BS14 -> #DIV/0!
A15: 12 | E15: =$E$2 -> 0.85 | L15: =(J15*$F15+K15)/$F15 -> #DIV/0! | M15: =L15/$E15 -> #DIV/0! | N15: =_xlfn.CEILING.MATH(M15) -> #DIV/0! | O15: =N15*F15 -> #DIV/0! | R15: =(P15*$F15+Q15)/$F15 -> #DIV/0! | S15: =R15/$E15 -> #DIV/0! | T15: =_xlfn.CEILING.MATH(S15) -> #DIV/0! | U15: =T15*K15 -> #DIV/0! | X15: =(V15*$F15+W15)/$F15 -> #DIV/0! | Y15: =X15/$E15 -> #DIV/0! | Z15: =_xlfn.CEILING.MATH(Y15) -> #DIV/0! | AA15: =Z15*Q15 -> #DIV/0! | AD15: =(AB15*$F15+AC15)/$F15 -> #DIV/0! | AE15: =AD15/$E15 -> #DIV/0! | AF15: =_xlfn.CEILING.MATH(AE15) -> #DIV/0! | AG15: =AF15*W15 -> #DIV/0! | AJ15: =(AH15*$F15+AI15)/$F15 -> #DIV/0! | AK15: =AJ15/$E15 -> #DIV/0! | AL15: =_xlfn.CEILING.MATH(AK15) -> #DIV/0! | AM15: =AL15*AC15 -> #DIV/0! | AP15: =(AN15*$F15+AO15)/$F15 -> #DIV/0! | AQ15: =AP15/$E15 -> #DIV/0! | AR15: =_xlfn.CEILING.MATH(AQ15) -> #DIV/0! | AS15: =AR15*AI15 -> #DIV/0! | AV15: =(AT15*$F15+AU15)/$F15 -> #DIV/0! | AW15: =AV15/$E15 -> #DIV/0! | AX15: =_xlfn.CEILING.MATH(AW15) -> #DIV/0! | AY15: =AX15*AO15 -> #DIV/0! | BB15: =(AZ15*$F15+BA15)/$F15 -> #DIV/0! | BC15: =BB15/$E15 -> #DIV/0! | BD15: =_xlfn.CEILING.MATH(BC15) -> #DIV/0! | BE15: =BD15*AU15 -> #DIV/0! | BH15: =(BF15*$F15+BG15)/$F15 -> #DIV/0! | BI15: =BH15/$E15 -> #DIV/0! | BJ15: =_xlfn.CEILING.MATH(BI15) -> #DIV/0! | BK15: =BJ15*BA15 -> #DIV/0! | BN15: =(BL15*$F15+BM15)/$F15 -> #DIV/0! | BO15: =BN15/$E15 -> #DIV/0! | BP15: =_xlfn.CEILING.MATH(BO15) -> #DIV/0! | BQ15: =BP15*BG15 -> #DIV/0! | BT15: =(BR15*$F15+BS15)/$F15 -> #DIV/0! | BU15: =BT15/$E15 -> #DIV/0! | BV15: =_xlfn.CEILING.MATH(BU15) -> #DIV/0! | BW15: =BV15*BM15 -> #DIV/0! | BZ15: =(BX15*$F15+BY15)/$F15 -> #DIV/0! | CA15: =BZ15/$E15 -> #DIV/0! | CB15: =_xlfn.CEILING.MATH(CA15) -> #DIV/0! | CC15: =CB15*BS15 -> #DIV/0!
A16: 13 | E16: =$E$2 -> 0.85 | L16: =(J16*$F16+K16)/$F16 -> #DIV/0! | M16: =L16/$E16 -> #DIV/0! | N16: =_xlfn.CEILING.MATH(M16) -> #DIV/0! | O16: =N16*F16 -> #DIV/0! | R16: =(P16*$F16+Q16)/$F16 -> #DIV/0! | S16: =R16/$E16 -> #DIV/0! | T16: =_xlfn.CEILING.MATH(S16) -> #DIV/0! | U16: =T16*K16 -> #DIV/0! | X16: =(V16*$F16+W16)/$F16 -> #DIV/0! | Y16: =X16/$E16 -> #DIV/0! | Z16: =_xlfn.CEILING.MATH(Y16) -> #DIV/0! | AA16: =Z16*Q16 -> #DIV/0! | AD16: =(AB16*$F16+AC16)/$F16 -> #DIV/0! | AE16: =AD16/$E16 -> #DIV/0! | AF16: =_xlfn.CEILING.MATH(AE16) -> #DIV/0! | AG16: =AF16*W16 -> #DIV/0! | AJ16: =(AH16*$F16+AI16)/$F16 -> #DIV/0! | AK16: =AJ16/$E16 -> #DIV/0! | AL16: =_xlfn.CEILING.MATH(AK16) -> #DIV/0! | AM16: =AL16*AC16 -> #DIV/0! | AP16: =(AN16*$F16+AO16)/$F16 -> #DIV/0! | AQ16: =AP16/$E16 -> #DIV/0! | AR16: =_xlfn.CEILING.MATH(AQ16) -> #DIV/0! | AS16: =AR16*AI16 -> #DIV/0! | AV16: =(AT16*$F16+AU16)/$F16 -> #DIV/0! | AW16: =AV16/$E16 -> #DIV/0! | AX16: =_xlfn.CEILING.MATH(AW16) -> #DIV/0! | AY16: =AX16*AO16 -> #DIV/0! | BB16: =(AZ16*$F16+BA16)/$F16 -> #DIV/0! | BC16: =BB16/$E16 -> #DIV/0! | BD16: =_xlfn.CEILING.MATH(BC16) -> #DIV/0! | BE16: =BD16*AU16 -> #DIV/0! | BH16: =(BF16*$F16+BG16)/$F16 -> #DIV/0! | BI16: =BH16/$E16 -> #DIV/0! | BJ16: =_xlfn.CEILING.MATH(BI16) -> #DIV/0! | BK16: =BJ16*BA16 -> #DIV/0! | BN16: =(BL16*$F16+BM16)/$F16 -> #DIV/0! | BO16: =BN16/$E16 -> #DIV/0! | BP16: =_xlfn.CEILING.MATH(BO16) -> #DIV/0! | BQ16: =BP16*BG16 -> #DIV/0! | BT16: =(BR16*$F16+BS16)/$F16 -> #DIV/0! | BU16: =BT16/$E16 -> #DIV/0! | BV16: =_xlfn.CEILING.MATH(BU16) -> #DIV/0! | BW16: =BV16*BM16 -> #DIV/0! | BZ16: =(BX16*$F16+BY16)/$F16 -> #DIV/0! | CA16: =BZ16/$E16 -> #DIV/0! | CB16: =_xlfn.CEILING.MATH(CA16) -> #DIV/0! | CC16: =CB16*BS16 -> #DIV/0!
A17: 14 | E17: =$E$2 -> 0.85 | L17: =(J17*$F17+K17)/$F17 -> #DIV/0! | M17: =L17/$E17 -> #DIV/0! | N17: =_xlfn.CEILING.MATH(M17) -> #DIV/0! | O17: =N17*F17 -> #DIV/0! | R17: =(P17*$F17+Q17)/$F17 -> #DIV/0! | S17: =R17/$E17 -> #DIV/0! | T17: =_xlfn.CEILING.MATH(S17) -> #DIV/0! | U17: =T17*K17 -> #DIV/0! | X17: =(V17*$F17+W17)/$F17 -> #DIV/0! | Y17: =X17/$E17 -> #DIV/0! | Z17: =_xlfn.CEILING.MATH(Y17) -> #DIV/0! | AA17: =Z17*Q17 -> #DIV/0! | AD17: =(AB17*$F17+AC17)/$F17 -> #DIV/0! | AE17: =AD17/$E17 -> #DIV/0! | AF17: =_xlfn.CEILING.MATH(AE17) -> #DIV/0! | AG17: =AF17*W17 -> #DIV/0! | AJ17: =(AH17*$F17+AI17)/$F17 -> #DIV/0! | AK17: =AJ17/$E17 -> #DIV/0! | AL17: =_xlfn.CEILING.MATH(AK17) -> #DIV/0! | AM17: =AL17*AC17 -> #DIV/0! | AP17: =(AN17*$F17+AO17)/$F17 -> #DIV/0! | AQ17: =AP17/$E17 -> #DIV/0! | AR17: =_xlfn.CEILING.MATH(AQ17) -> #DIV/0! | AS17: =AR17*AI17 -> #DIV/0! | AV17: =(AT17*$F17+AU17)/$F17 -> #DIV/0! | AW17: =AV17/$E17 -> #DIV/0! | AX17: =_xlfn.CEILING.MATH(AW17) -> #DIV/0! | AY17: =AX17*AO17 -> #DIV/0! | BB17: =(AZ17*$F17+BA17)/$F17 -> #DIV/0! | BC17: =BB17/$E17 -> #DIV/0! | BD17: =_xlfn.CEILING.MATH(BC17) -> #DIV/0! | BE17: =BD17*AU17 -> #DIV/0! | BH17: =(BF17*$F17+BG17)/$F17 -> #DIV/0! | BI17: =BH17/$E17 -> #DIV/0! | BJ17: =_xlfn.CEILING.MATH(BI17) -> #DIV/0! | BK17: =BJ17*BA17 -> #DIV/0! | BN17: =(BL17*$F17+BM17)/$F17 -> #DIV/0! | BO17: =BN17/$E17 -> #DIV/0! | BP17: =_xlfn.CEILING.MATH(BO17) -> #DIV/0! | BQ17: =BP17*BG17 -> #DIV/0! | BT17: =(BR17*$F17+BS17)/$F17 -> #DIV/0! | BU17: =BT17/$E17 -> #DIV/0! | BV17: =_xlfn.CEILING.MATH(BU17) -> #DIV/0! | BW17: =BV17*BM17 -> #DIV/0! | BZ17: =(BX17*$F17+BY17)/$F17 -> #DIV/0! | CA17: =BZ17/$E17 -> #DIV/0! | CB17: =_xlfn.CEILING.MATH(CA17) -> #DIV/0! | CC17: =CB17*BS17 -> #DIV/0!
... A150: 147 | E150: =$E$2 -> 0.85 | L150: =(J150*$F150+K150)/$F150 -> #DIV/0! | M150: =L150/$E150 -> #DIV/0! | N150: =_xlfn.CEILING.MATH(M150) -> #DIV/0! | O150: =N150*F150 -> #DIV/0! | R150: =(P150*$F150+Q150)/$F150 -> #DIV/0! | S150: =R150/$E150 -> #DIV/0! | T150: =_xlfn.CEILING.MATH(S150) -> #DIV/0! | U150: =T150*K150 -> #DIV/0! | X150: =(V150*$F150+W150)/$F150 -> #DIV/0! | Y150: =X150/$E150 -> #DIV/0! | Z150: =_xlfn.CEILING.MATH(Y150) -> #DIV/0! | AA150: =Z150*Q150 -> #DIV/0! | AD150: =(AB150*$F150+AC150)/$F150 -> #DIV/0! | AE150: =AD150/$E150 -> #DIV/0! | AF150: =_xlfn.CEILING.MATH(AE150) -> #DIV/0! | AG150: =AF150*W150 -> #DIV/0! | AJ150: =(AH150*$F150+AI150)/$F150 -> #DIV/0! | AK150: =AJ150/$E150 -> #DIV/0! | AL150: =_xlfn.CEILING.MATH(AK150) -> #DIV/0! | AM150: =AL150*AC150 -> #DIV/0! | AP150: =(AN150*$F150+AO150)/$F150 -> #DIV/0! | AQ150: =AP150/$E150 -> #DIV/0! | AR150: =_xlfn.CEILING.MATH(AQ150) -> #DIV/0! | AS150: =AR150*AI150 -> #DIV/0! | AV150: =(AT150*$F150+AU150)/$F150 -> #DIV/0! | AW150: =AV150/$E150 -> #DIV/0! | AX150: =_xlfn.CEILING.MATH(AW150) -> #DIV/0! | AY150: =AX150*AO150 -> #DIV/0! | BB150: =(AZ150*$F150+BA150)/$F150 -> #DIV/0! | BC150: =BB150/$E150 -> #DIV/0! | BD150: =_xlfn.CEILING.MATH(BC150) -> #DIV/0! | BE150: =BD150*AU150 -> #DIV/0! | BH150: =(BF150*$F150+BG150)/$F150 -> #DIV/0! | BI150: =BH150/$E150 -> #DIV/0! | BJ150: =_xlfn.CEILING.MATH(BI150) -> #DIV/0! | BK150: =BJ150*BA150 -> #DIV/0! | BN150: =(BL150*$F150+BM150)/$F150 -> #DIV/0! | BO150: =BN150/$E150 -> #DIV/0! | BP150: =_xlfn.CEILING.MATH(BO150) -> #DIV/0! | BQ150: =BP150*BG150 -> #DIV/0! | BT150: =(BR150*$F150+BS150)/$F150 -> #DIV/0! | BU150: =BT150/$E150 -> #DIV/0! | BV150: =_xlfn.CEILING.MATH(BU150) -> #DIV/0! | BW150: =BV150*BM150 -> #DIV/0! | BZ150: =(BX150*$F150+BY150)/$F150 -> #DIV/0! | CA150: =BZ150/$E150 -> #DIV/0! | CB150: =_xlfn.CEILING.MATH(CA150) -> #DIV/0! | CC150: =CB150*BS150 -> #DIV/0!

Sheet 宅配便セット情報
B1: 【基本】Bカート商品ID | C1: 【基本】商品名 | F1: 【セット】配送グループ | J1: 業務便(送料込):1ケース192個(8個入×6P×4箱) | K1: 【セット】セット名 | L1: 【セット】配送サイズ | M1: 【セット】在庫 | N1: 【セット】在庫制限 | O1: 【セット】入数 | P1: 【セット】税区分 | Q1: 【セット】表示順 | R1: 【セット】商品セット非表示グループ | S1: 【セット】カスタム項目2 | T1: 【セット】単価 | U1: 【セット】グループ価格1 | V1: 【セット】グループ価格2 | W1: 【セット】グループ価格3 | X1: 【セット】グループ価格4 | Y1: 【セット】グループ価格5 | Z1: 【セット】グループ価格6 | AA1: 【セット】グループ価格7 | AB1: 【セット】グループ価格8 | AC1: 【セット】グループ価格9 | AD1: 【セット】グループ価格10 | AE1: 【セット】グループ価格11 | AF1: 【セット】グループ価格12 | AG1: 【セット】グループ価格13 | AH1: 【セット】グループ価格14 | AI1: 【セット】グループ価格15 | AJ1: 【セット】グループ価格16 | AK1: 【セット】グループ価格17 | AL1: 【セット】グループ価格18 | AM1: 【セット】グループ価格19 | AN1: 【セット】グループ価格20 | AO1: 【セット】グループ価格21 | AP1: 【セット】グループ価格22 | AQ1: 【セット】グループ価格23 | AR1: 【セット】グループ価格24
A2: 番号 | B2: Bカートからコピペ | C2: 仕入値一覧から引用 | D2: 基本情報から注文単位をコピペ 注文単位が2つある場合、セット情報が2つの場合には分けて登録する必要がある | E2: 混載グループ名 | F2: 配送グループ設定から引用（混載グループ名で引用） | G2: : | H2: セット名の配送方法 | I2: 混載ルール | J2: 単位 | K2: セット名CSV項目 | L2: ０を入力 送料別の場合には１や適した数値 | M2: ０を入力 | N2: ０を入力 | O2: １を入力 | P2: 軽減税率２ 標準税率１ | Q2: 宅配便は「3」か２つある場合には「2」を入力 | R2: 配送不可地域をコンマで区切って入力 沖縄2,北海道3,関東4 | S2: 仕入れ価格を入力する | T2: 関東価格を入力 | U2: 関東 | V2: 北海道 | W2: 北東北 | X2: 南東北 | Y2: 信越 | Z2: 北陸 | AA2: 中部 | AB2: 関西 | AC2: 中国 | AD2: 四国 | AE2: 九州 | AF2: 沖縄 | AG2: 関東×1.2 | AH2: 北海道×1.2 | AI2: 北東北×1.2 | AJ2: 南東北×1.2 | AK2: 信越×1.2 | AL2: 北陸×1.2 | AM2: 中部×1.2 | AN2: 関西×1.2 | AO2: 中国×1.2 | AP2: 四国×1.2 | AQ2: 九州×1.2 | AR2: 沖縄×1.2
A3: 1 | B3: 3558 | D3: 16箱 | G3: : | J3: 1ケース | K3: =H3&G3&J3&D3&I3 -> :1ケース16箱 | L3: 0 | M3: 0 | N3: 0 | O3: 1 | P3: 2 | Q3: 3 | S3: 7056 | T3: 8304 | U3: 8304 | V3: 9728 | W3: 8304 | X3: 8304 | Y3: 8304 | Z3: 8304 | AA3: 8304 | AB3: 8304 | AC3: 8304 | AD3: 8304 | AE3: 8304 | AF3: 9728 | AG3: 9965 | AH3: 11674 | AI3: 9965 | AJ3: 9965 | AK3: 9965 | AL3: 9965 | AM3: 9965 | AN3: 9965 | AO3: 9965 | AP3: 9965 | AQ3: 9965 | AR3: 11674
